Workbook
Name _266_0001: Tabla14[266 0001]
Name _266_0003: Tabla18[266 0003]
Name _266_0004: Tabla39[266 0004]
Name _266_0005: Tabla43[266 0005]
Name _266_0006: Tabla44[266 0006]
Name _266_0007: Tabla45[266 0007]
Name _266_9999: Tabla46[266 9999]
Name _51: Tabla5[51]
Name _53: Tabla7[53]
Name _57: Tabla8[57]
Name _73: Tabla49[73]
Name _84: Tabla50[84]
Name _99: Tabla10[99]
Name AC: Tabla36[AC]
Name CAPITAL: Listas2!$F$21
Name COORDINACIÓN_GENERAL_ADMINISTRATIVA_FINANCIERA: Tabla22[COORDINACIÓN GENERAL ADMINISTRATIVA FINANCIERA]
Name COORDINACIÓN_ZONAL: Tabla21[COORDINACIÓN ZONAL]
Name COORDINACIÓN_ZONAL_1: Tabla27[COORDINACIÓN ZONAL 1]
Name COORDINACIÓN_ZONAL_2_9: Tabla28[COORDINACIÓN ZONAL 2 - 9]
Name COORDINACIÓN_ZONAL_3: Tabla29[COORDINACIÓN ZONAL 3]
Name COORDINACIÓN_ZONAL_4: Tabla30[COORDINACIÓN ZONAL 4]
Name COORDINACIÓN_ZONAL_5_8: Tabla31[COORDINACIÓN ZONAL 5 - 8]
Name COORDINACIÓN_ZONAL_6: Tabla32[COORDINACIÓN ZONAL 6]
Name COORDINACIÓN_ZONAL_7: Tabla33[COORDINACIÓN ZONAL 7]
Name COR: Tabla4[Columna1]
Name CORRIENTE: Tabla51[CORRIENTE]
Name DIRECCIÓN_ADMINISTRATIVA: DIRECCIÓN[DIRECCIÓN]
Name DIRECCIÓN_GENERAL: Tabla23[[DIRECCIÓN GENERAL ]]
Name DIRECCIÓN_GENERAL_1: SUBDIRECCIÓN[[#All],[DIRECCIÓN GENERAL / COORDINACIÓN / SUBDIRECCIÓN]]
Name EOD: #REF!
Name ESTADO_DE_LA_ACTIVIDAD: #REF!
Name Estrategicos: Tabla11[OBJETIVOS ESTRATÉGICOS]
Name FTE: Tabla47[FTE]
Name GEO: Tabla37[GEO]
Name GG: Tabla3[GG]
Name INVERSIÓN: Tabla52[INVERSIÓN]
Name ÍTEM_PRESUPUESTARIO: Tabla2[ÍTEM PRESUPUESTARIO]
Name MacroPAPP: #REF!
Name NOMBRE_GEO: Tabla37[NOMBRE GEO]
Name Objetivos: Tabla1[OBJETIVOS]
Name Operativos: Tabla12[OBJETIVOS OPERATIVOS]
Name ORG: Tabla48[ORG]
Name PG: Tabla20[PG]
Name Planta: Tabla13[PLANTA]
Name PLANTA_CENTRAL: Tabla19[PLANTA CENTRAL]
Name Politicas: Tabla9[POLÍTICAS]
Name PY: Tabla35[PY]
Name SUBDIRECCIÓN_TÉCNICA_DE_DOCTRINA: Tabla24[SUBDIRECCIÓN TÉCNICA DE DOCTRINA]
Name SUBDIRECCIÓN_TÉCNICA_DE_OPERACIONES: Tabla25[SUBDIRECCIÓN TÉCNICA DE OPERACIONES]
Name SUBDIRECCIÓN_TÉCNICA_DE_TECNOLOGÍA_E_INNOVACIÓN: Tabla26[SUBDIRECCIÓN TÉCNICA DE TECNOLOGÍA E INNOVACIÓN]
Name TIPO_DE_GASTO: Tabla4[TIPO DE GASTO]

Sheet Hoja2
A1: EOD | B1: 266_9999
A3: Etiquetas de fila | B3: Suma de PRESUPUESTO VIGENTE
A4: COORDINACIÓN_GENERAL_ADMINISTRATIVA_FINANCIERA | B4: 4736086.8
A5: DIRECCIÓN ADMINISTRATIVA | B5: 2217485.6
A6: 53 | B6: 1055609.2
A7: 57 | B7: 905108.64
A8: 84 | B8: 252680
A9: 99 | B9: 4087.82
A10: DIRECCIÓN DE ADMINISTRACIÓN DE RECURSOS HUMANOS | B10: 10841.99
A11: 53 | B11: 9963
A12: 57 | B12: 878.99
A13: DIRECCIÓN FINANCIERA | B13: 2507759.2
A14: 51 | B14: 2497730.3
A15: 53 | B15: 300
A16: 99 | B16: 9728.86
A17: COORDINACIÓN_ZONAL_2_9 | B17: 585774.23
A18: GESTIÓN ZONAL DE OPERACIONES | B18: 0
A19: 53 | B19: 0
A20: GESTIÓN ZONAL DE TECNOLOGÍA Y SOPORTE | B20: 585774.23
A21: 53 | B21: 545264.19
A22: 84 | B22: 40510.04
A23: DIRECCIÓN_GENERAL | B23: 20837.81
A24: DIRECCIÓN DE ASESORÍA JURÍDICA | B24: 624.6
A25: 53 | B25: 624.6
A26: DIRECCIÓN DE COMUNICACIÓN SOCIAL | B26: 18014.74
A27: 53 | B27: 18014.74
A28: DIRECCIÓN DE GESTIÓN DOCUMENTAL Y ARCHIVO | B28: 2198.47
A29: 53 | B29: 2198.47
A30: SUBDIRECCIÓN_TÉCNICA_DE_DOCTRINA | B30: 257901.78
A31: DIRECCIÓN NACIONAL ACADÉMICO PARA EMERGENCIAS | B31: 253309.78
A32: 51 | B32: 231210.29
A33: 53 | B33: 22099.49
A34: DIRECCIÓN NACIONAL REGULATORIO EN EMERGENCIAS | B34: 4592
A35: 51 | B35: 2800
A36: 53 | B36: 1692
A37: 57 | B37: 100
A38: SUBDIRECCIÓN_TÉCNICA_DE_OPERACIONES | B38: 1935641.7
A39: DIRECCIÓN NACIONAL DE ANÁLISIS DE DATOS | B39: 1935641.7
A40: 51 | B40: 1927917.8
A41: 53 | B41: 7723.92
A42: SUBDIRECCIÓN_TÉCNICA_DE_TECNOLOGÍA_E_INNOVACIÓN | B42: 2186712.3
A43: DIRECCIÓN NACIONAL DE GESTIÓN DE INFRAESTRUCTURA TECNOLOGÍCA PARA EMERGENCIA | B43: 2130733.3
A44: 51 | B44: 421633.33
A45: 53 | B45: 954627.69
A46: 84 | B46: 754472.32
A47: DIRECCIÓN NACIONAL DE PROYECTOS E INNOVACIÓN TECNOLÓGICA | B47: 55979
A48: 53 | B48: 51029
A49: 84 | B49: 4950
A50: Total general | B50: 9722954.6

Sheet PAPP 2023
D1: PLANIFICACIÓN Y GESTION ESTRATÉGICA
D2: GESTION DE PLANIFICACIÓN E INVERSIÓN
D3: MATRIZ PAPP
D4: CÓDIGO | V4: VERSIÓN
D5: PLA_FOR_43 | V5: 01
A6: PLAN ANUAL DE LA POLÍTICA PÚBLICA - PAPP 2023
A7: I. OBJETIVOS Y POLÍTICAS | E7: II. ESTRUCTURA ORGANIZATIVA | H7: III. ACTIVIDAD PAPP | K7: IV. ESTRUCTURA PROGRAMÁTICA | X7: V. PROGRAMACIÓN FINANCIERA
A8: OBJETIVOS PND | B8: POLÍTICAS PND | C8: OBJETIVOS ESTRATÉGICOS | D8: OBJETIVOS OPERATIVOS | E8: PLANTA CENTRAL / ZONAS | F8: DIRECCIÓN GENERAL / COORDINACIÓN / SUBDIRECCIÓN | G8: DIRECCIÓN | H8: MACROACTIVIDAD | I8: ACTIVIDAD PAPP | J8: PONDERACIÓN | K8: EOD | L8: PG | M8: PY | N8: AC | O8: GEO | P8: NOMBRE GEO | Q8: FTE | R8: ORG | S8: COR | T8: TIPO DE GASTO | U8: GG | V8: ÍTEM PRESUPUESTARIO | W8: DESCRIPCIÓN ÍTEM PRESUPUESTARIO | X8: PRESUPUESTO INICIAL 2023 | Y8: PRESUPUESTO VIGENTE | Z8: ENE | AA8: FEB | AB8: MAR | AC8: ABR | AD8: MAY | AE8: JUN | AF8: JUL | AG8: AGO | AH8: SEP | AI8: OCT | AJ8: NOV | AK8: DIC | AL8: TOTAL PROGRAMADO | AM8: REVISIÓN DE SUMAS | AN8: CERTIFICACIÓN PAPP | AO8: SALDO DSIPONIBLE | AP8: REPROGRAMACIONES
A9: OBJETIVO 14: FORTALECER LAS CAPACIDADES DEL ESTADO CON ÉNFASIS EN LA ADMINISTRACIÓN DE JUSTICIA Y EFICIENCIA EN LOS PROCESOS DE REGULACIÓN Y CONTROL CON INDEPENDENCIA Y AUTONOMÍA. | B9: =VLOOKUP(Tabla6[[#This Row],[OBJETIVOS PND]],Listas!$A$1:$B$3,2,0) -> 14.2 POTENCIAR LAS CAPACIDADES DE LOS DISTINTOS NIVELES DE GOBIERNO PARA EL CUMPLIMIENTO DE LOS OBJETIVOS NACIONALES Y LA PRESTACIÓN DE SERVICIOS CON CALIDAD | C9: OE 4 FORTALECER LAS CAPACIDADES INSTITUCIONALES (PARA LA MEJORA CONTINUA DEL SERVICIO) | D9: INCREMENTAR LA EFICIENCIA Y EFICACIA DE LA COORDINACIÓN PARA LA ATENCIÓN DE EMERGENCIAS MEDIANTE EL FORTALECIMIENTO DE LA COOPERACIÓN INTERINSTITUCIONAL, POTENCIACIÓN DE LAS FUNCIONALIDADES DE LA INFRAESTRUCTURA TECNOLÓGICA, CAPACITACIÓN PERMANENTE DEL PERSONAL Y EL MEJORAMIENTO CONTINUO DE LOS ESTÁNDARES DE CALIDAD EN SUS SERVICIOS, PROCESOS, CLIMA LABORAL Y POSICIONAMIENTO INSTITUCIONAL. | E9: COORDINACIÓN_ZONAL | F9: COORDINACIÓN_ZONAL_1 | G9: GESTIÓN LOCAL ADMINISTRATIVA FINANCIERA Y DE ADMINISTRACIÓN DE RECURSOS HUMANOS | H9: =VLOOKUP(Tabla6[[#This Row],[DIRECCIÓN]],DIRECCIÓN[#All],2,0) -> ADMINISTRACIÓN CENTRAL | I9: ARRASTRE: CANCELACIÓN POR CONSUMO DE SERVICIO DE AGUA POTABLE CORRESPONDIENTE A DICIEMBRE DEL 2022 | J9: 1 | K9: =VLOOKUP(Tabla6[[#This Row],[DIRECCIÓN GENERAL / COORDINACIÓN / SUBDIRECCIÓN]],Tabla37[[#All],[Columna1]:[EOD]],2,0) -> 266_0001 | L9: =VLOOKUP(Tabla6[[#This Row],[OBJETIVOS PND]],Listas!$A$1:$C$3,3,0) -> 1 | M9: =VLOOKUP(Tabla6[[#This Row],[PG]],Listas2!$G$14:$K$16,5,0) -> 0 | N9: 1 | O9: 401 | P9: =VLOOKUP(Tabla6[[#This Row],[GEO]],Listas!$A$48:$B$77,2,0) -> TULCÁN | Q9: =VLOOKUP(Tabla6[[#This Row],[PG]],Listas2!$G$14:$K$16,3,0) -> 1 | R9: =VLOOKUP(Tabla6[[#This Row],[PG]],Listas2!H14:'Listas2'!$G$14:$K$16,4,0) -> 0 | S9: =VLOOKUP(Tabla6[[#This Row],[PG]],Listas2!$G$14:$K$16,2,0) -> 0 | T9: CORRIENTE | U9: 53 | V9: 530101 | W9: =VLOOKUP(Tabla6[[#This Row],[ÍTEM PRESUPUESTARIO]],Tabla2[#All],2,0) -> AGUA POTABLE | X9: 100 | Y9: =100-56.57 -> 43.43 | Z9: 43.43 | AA9: 0 | AB9: 0 | AC9: 0 | AD9: 0 | AE9: 0 | AF9: 0 | AG9: 0 | AH9: 0 | AI9: 0 | AJ9: 0 | AK9: 0 | AL9: =+SUBTOTAL(9,Tabla6[[#This Row],[ENE]:[DIC]]) -> 43.43 | AM9: =IF(AL9=Y9,"OK",Y9-AL9) -> OK | AN9: 43.43 | AO9: =+Tabla6[[#This Row],[PRESUPUESTO VIGENTE]]-Tabla6[[#This Row],[CERTIFICACIÓN PAPP]] -> 0 | AP9: 0
A10: OBJETIVO 14: FORTALECER LAS CAPACIDADES DEL ESTADO CON ÉNFASIS EN LA ADMINISTRACIÓN DE JUSTICIA Y EFICIENCIA EN LOS PROCESOS DE REGULACIÓN Y CONTROL CON INDEPENDENCIA Y AUTONOMÍA. | B10: =VLOOKUP(Tabla6[[#This Row],[OBJETIVOS PND]],Listas!$A$1:$B$3,2,0) -> 14.2 POTENCIAR LAS CAPACIDADES DE LOS DISTINTOS NIVELES DE GOBIERNO PARA EL CUMPLIMIENTO DE LOS OBJETIVOS NACIONALES Y LA PRESTACIÓN DE SERVICIOS CON CALIDAD | C10: OE 4 FORTALECER LAS CAPACIDADES INSTITUCIONALES (PARA LA MEJORA CONTINUA DEL SERVICIO) | D10: INCREMENTAR LA EFICIENCIA Y EFICACIA DE LA COORDINACIÓN PARA LA ATENCIÓN DE EMERGENCIAS MEDIANTE EL FORTALECIMIENTO DE LA COOPERACIÓN INTERINSTITUCIONAL, POTENCIACIÓN DE LAS FUNCIONALIDADES DE LA INFRAESTRUCTURA TECNOLÓGICA, CAPACITACIÓN PERMANENTE DEL PERSONAL Y EL MEJORAMIENTO CONTINUO DE LOS ESTÁNDARES DE CALIDAD EN SUS SERVICIOS, PROCESOS, CLIMA LABORAL Y POSICIONAMIENTO INSTITUCIONAL. | E10: COORDINACIÓN_ZONAL | F10: COORDINACIÓN_ZONAL_1 | G10: GESTIÓN LOCAL ADMINISTRATIVA FINANCIERA Y DE ADMINISTRACIÓN DE RECURSOS HUMANOS | H10: =VLOOKUP(Tabla6[[#This Row],[DIRECCIÓN]],DIRECCIÓN[#All],2,0) -> ADMINISTRACIÓN CENTRAL | I10: PROVISIÓN POR CONSUMO DE SERVICIO DE AGUA POTABLE PERÍODO ENERO A NOVIEMBRE 2023 | J10: 1 | K10: =VLOOKUP(Tabla6[[#This Row],[DIRECCIÓN GENERAL / COORDINACIÓN / SUBDIRECCIÓN]],Tabla37[[#All],[Columna1]:[EOD]],2,0) -> 266_0001 | L10: =VLOOKUP(Tabla6[[#This Row],[OBJETIVOS PND]],Listas!$A$1:$C$3,3,0) -> 1 | M10: =VLOOKUP(Tabla6[[#This Row],[PG]],Listas2!$G$14:$K$16,5,0) -> 0 | N10: 1 | O10: 401 | P10: =VLOOKUP(Tabla6[[#This Row],[GEO]],Listas!$A$48:$B$77,2,0) -> TULCÁN | Q10: =VLOOKUP(Tabla6[[#This Row],[PG]],Listas2!$G$14:$K$16,3,0) -> 1 | R10: =VLOOKUP(Tabla6[[#This Row],[PG]],Listas2!H15:'Listas2'!$G$14:$K$16,4,0) -> 0 | S10: =VLOOKUP(Tabla6[[#This Row],[PG]],Listas2!$G$14:$K$16,2,0) -> 0 | T10: CORRIENTE | U10: 53 | V10: 530101 | W10: =VLOOKUP(Tabla6[[#This Row],[ÍTEM PRESUPUESTARIO]],Tabla2[#All],2,0) -> AGUA POTABLE | X10: 600 | Y10: =600+100 -> 700 | Z10: 0 | AA10: 63.63 | AB10: 63.63 | AC10: 63.63 | AD10: 63.63 | AE10: 63.63 | AF10: 63.63 | AG10: 63.63 | AH10: 63.63 | AI10: 63.63 | AJ10: 63.63 | AK10: 63.7 | AL10: =+SUBTOTAL(9,Tabla6[[#This Row],[ENE]:[DIC]]) -> 700 | AM10: =IF(AL10=Y10,"OK",Y10-AL10) -> OK | AN10: 700 | AO10: =+Tabla6[[#This Row],[PRESUPUESTO VIGENTE]]-Tabla6[[#This Row],[CERTIFICACIÓN PAPP]] -> 0 | AP10: 0
A11: OBJETIVO 14: FORTALECER LAS CAPACIDADES DEL ESTADO CON ÉNFASIS EN LA ADMINISTRACIÓN DE JUSTICIA Y EFICIENCIA EN LOS PROCESOS DE REGULACIÓN Y CONTROL CON INDEPENDENCIA Y AUTONOMÍA. | B11: =VLOOKUP(Tabla6[[#This Row],[OBJETIVOS PND]],Listas!$A$1:$B$3,2,0) -> 14.2 POTENCIAR LAS CAPACIDADES DE LOS DISTINTOS NIVELES DE GOBIERNO PARA EL CUMPLIMIENTO DE LOS OBJETIVOS NACIONALES Y LA PRESTACIÓN DE SERVICIOS CON CALIDAD | C11: OE 4 FORTALECER LAS CAPACIDADES INSTITUCIONALES (PARA LA MEJORA CONTINUA DEL SERVICIO) | D11: INCREMENTAR LA EFICIENCIA Y EFICACIA DE LA COORDINACIÓN PARA LA ATENCIÓN DE EMERGENCIAS MEDIANTE EL FORTALECIMIENTO DE LA COOPERACIÓN INTERINSTITUCIONAL, POTENCIACIÓN DE LAS FUNCIONALIDADES DE LA INFRAESTRUCTURA TECNOLÓGICA, CAPACITACIÓN PERMANENTE DEL PERSONAL Y EL MEJORAMIENTO CONTINUO DE LOS ESTÁNDARES DE CALIDAD EN SUS SERVICIOS, PROCESOS, CLIMA LABORAL Y POSICIONAMIENTO INSTITUCIONAL. | E11: COORDINACIÓN_ZONAL | F11: COORDINACIÓN_ZONAL_1 | G11: GESTIÓN LOCAL ADMINISTRATIVA FINANCIERA Y DE ADMINISTRACIÓN DE RECURSOS HUMANOS | H11: =VLOOKUP(Tabla6[[#This Row],[DIRECCIÓN]],DIRECCIÓN[#All],2,0) -> ADMINISTRACIÓN CENTRAL | I11: ARRASTRE: CANCELACIÓN POR CONSUMO DE SERVICIO DE ENERGÍA ELÉCTRICA CORRESPONDIENTE A DICIEMBRE DEL 2022 | J11: 1 | K11: =VLOOKUP(Tabla6[[#This Row],[DIRECCIÓN GENERAL / COORDINACIÓN / SUBDIRECCIÓN]],Tabla37[[#All],[Columna1]:[EOD]],2,0) -> 266_0001 | L11: =VLOOKUP(Tabla6[[#This Row],[OBJETIVOS PND]],Listas!$A$1:$C$3,3,0) -> 1 | M11: =VLOOKUP(Tabla6[[#This Row],[PG]],Listas2!$G$14:$K$16,5,0) -> 0 | N11: 1 | O11: 401 | P11: =VLOOKUP(Tabla6[[#This Row],[GEO]],Listas!$A$48:$B$77,2,0) -> TULCÁN | Q11: =VLOOKUP(Tabla6[[#This Row],[PG]],Listas2!$G$14:$K$16,3,0) -> 1 | R11: =VLOOKUP(Tabla6[[#This Row],[PG]],Listas2!H16:'Listas2'!$G$14:$K$16,4,0) -> 0 | S11: =VLOOKUP(Tabla6[[#This Row],[PG]],Listas2!$G$14:$K$16,2,0) -> 0 | T11: CORRIENTE | U11: 53 | V11: 530104 | W11: =VLOOKUP(Tabla6[[#This Row],[ÍTEM PRESUPUESTARIO]],Tabla2[#All],2,0) -> ENERGÍA ELÉCTRICA | X11: 1900 | Y11: =1900-9.9 -> 1890.1 | Z11: 1890.1 | AA11: 0 | AB11: 0 | AC11: 0 | AD11: 0 | AE11: 0 | AF11: 0 | AG11: 0 | AH11: 0 | AI11: 0 | AJ11: 0 | AK11: 0 | AL11: =+SUBTOTAL(9,Tabla6[[#This Row],[ENE]:[DIC]]) -> 1890.1 | AM11: =IF(AL11=Y11,"OK",Y11-AL11) -> OK | AN11: 1890.1 | AO11: =+Tabla6[[#This Row],[PRESUPUESTO VIGENTE]]-Tabla6[[#This Row],[CERTIFICACIÓN PAPP]] -> 0 | AP11: 0
A12: OBJETIVO 14: FORTALECER LAS CAPACIDADES DEL ESTADO CON ÉNFASIS EN LA ADMINISTRACIÓN DE JUSTICIA Y EFICIENCIA EN LOS PROCESOS DE REGULACIÓN Y CONTROL CON INDEPENDENCIA Y AUTONOMÍA. | B12: =VLOOKUP(Tabla6[[#This Row],[OBJETIVOS PND]],Listas!$A$1:$B$3,2,0) -> 14.2 POTENCIAR LAS CAPACIDADES DE LOS DISTINTOS NIVELES DE GOBIERNO PARA EL CUMPLIMIENTO DE LOS OBJETIVOS NACIONALES Y LA PRESTACIÓN DE SERVICIOS CON CALIDAD | C12: OE 4 FORTALECER LAS CAPACIDADES INSTITUCIONALES (PARA LA MEJORA CONTINUA DEL SERVICIO) | D12: INCREMENTAR LA EFICIENCIA Y EFICACIA DE LA COORDINACIÓN PARA LA ATENCIÓN DE EMERGENCIAS MEDIANTE EL FORTALECIMIENTO DE LA COOPERACIÓN INTERINSTITUCIONAL, POTENCIACIÓN DE LAS FUNCIONALIDADES DE LA INFRAESTRUCTURA TECNOLÓGICA, CAPACITACIÓN PERMANENTE DEL PERSONAL Y EL MEJORAMIENTO CONTINUO DE LOS ESTÁNDARES DE CALIDAD EN SUS SERVICIOS, PROCESOS, CLIMA LABORAL Y POSICIONAMIENTO INSTITUCIONAL. | E12: COORDINACIÓN_ZONAL | F12: COORDINACIÓN_ZONAL_1 | G12: GESTIÓN LOCAL ADMINISTRATIVA FINANCIERA Y DE ADMINISTRACIÓN DE RECURSOS HUMANOS | H12: =VLOOKUP(Tabla6[[#This Row],[DIRECCIÓN]],DIRECCIÓN[#All],2,0) -> ADMINISTRACIÓN CENTRAL | I12: PROVISIÓN POR CONSUMO DE SERVICIO DE ENERGÍA ELÉCTRICA PERÍODO ENERO A DICIEMBRE 2023 | J12: 1 | K12: =VLOOKUP(Tabla6[[#This Row],[DIRECCIÓN GENERAL / COORDINACIÓN / SUBDIRECCIÓN]],Tabla37[[#All],[Columna1]:[EOD]],2,0) -> 266_0001 | L12: =VLOOKUP(Tabla6[[#This Row],[OBJETIVOS PND]],Listas!$A$1:$C$3,3,0) -> 1 | M12: =VLOOKUP(Tabla6[[#This Row],[PG]],Listas2!$G$14:$K$16,5,0) -> 0 | N12: 1 | O12: 401 | P12: =VLOOKUP(Tabla6[[#This Row],[GEO]],Listas!$A$48:$B$77,2,0) -> TULCÁN | Q12: =VLOOKUP(Tabla6[[#This Row],[PG]],Listas2!$G$14:$K$16,3,0) -> 1 | R12: =VLOOKUP(Tabla6[[#This Row],[PG]],Listas2!H17:'Listas2'!$G$14:$K$16,4,0) -> 0 | S12: =VLOOKUP(Tabla6[[#This Row],[PG]],Listas2!$G$14:$K$16,2,0) -> 0 | T12: CORRIENTE | U12: 53 | V12: 530104 | W12: =VLOOKUP(Tabla6[[#This Row],[ÍTEM PRESUPUESTARIO]],Tabla2[#All],2,0) -> ENERGÍA ELÉCTRICA | X12: 11100 | Y12: =11100+8587.03+2250 -> 21937.03 | Z12: 0 | AA12: 1789.73 | AB12: 1789.73 | AC12: 1789.73 | AD12: 1789.73 | AE12: 1789.73 | AF12: 1789.73 | AG12: 1789.73 | AH12: 1789.73 | AI12: 1789.73 | AJ12: 1789.73 | AK12: 4039.73 | AL12: =+SUBTOTAL(9,Tabla6[[#This Row],[ENE]:[DIC]]) -> 21937.03 | AM12: =IF(AL12=Y12,"OK",Y12-AL12) -> OK | AN12: 21937.03 | AO12: =+Tabla6[[#This Row],[PRESUPUESTO VIGENTE]]-Tabla6[[#This Row],[CERTIFICACIÓN PAPP]] -> 0 | AP12: 0
A13: OBJETIVO 14: FORTALECER LAS CAPACIDADES DEL ESTADO CON ÉNFASIS EN LA ADMINISTRACIÓN DE JUSTICIA Y EFICIENCIA EN LOS PROCESOS DE REGULACIÓN Y CONTROL CON INDEPENDENCIA Y AUTONOMÍA. | B13: =VLOOKUP(Tabla6[[#This Row],[OBJETIVOS PND]],Listas!$A$1:$B$3,2,0) -> 14.2 POTENCIAR LAS CAPACIDADES DE LOS DISTINTOS NIVELES DE GOBIERNO PARA EL CUMPLIMIENTO DE LOS OBJETIVOS NACIONALES Y LA PRESTACIÓN DE SERVICIOS CON CALIDAD | C13: OE 4 FORTALECER LAS CAPACIDADES INSTITUCIONALES (PARA LA MEJORA CONTINUA DEL SERVICIO) | D13: INCREMENTAR LA EFICIENCIA Y EFICACIA DE LA COORDINACIÓN PARA LA ATENCIÓN DE EMERGENCIAS MEDIANTE EL FORTALECIMIENTO DE LA COOPERACIÓN INTERINSTITUCIONAL, POTENCIACIÓN DE LAS FUNCIONALIDADES DE LA INFRAESTRUCTURA TECNOLÓGICA, CAPACITACIÓN PERMANENTE DEL PERSONAL Y EL MEJORAMIENTO CONTINUO DE LOS ESTÁNDARES DE CALIDAD EN SUS SERVICIOS, PROCESOS, CLIMA LABORAL Y POSICIONAMIENTO INSTITUCIONAL. | E13: COORDINACIÓN_ZONAL | F13: COORDINACIÓN_ZONAL_1 | G13: GESTIÓN LOCAL ADMINISTRATIVA FINANCIERA Y DE ADMINISTRACIÓN DE RECURSOS HUMANOS | H13: =VLOOKUP(Tabla6[[#This Row],[DIRECCIÓN]],DIRECCIÓN[#All],2,0) -> ADMINISTRACIÓN CENTRAL | I13: ARRASTRE: CANCELACIÓN POR CONSUMO DE SERVICIO DE CORREO NACIONAL A DICIEMBRE DEL 2022 | J13: 1 | K13: =VLOOKUP(Tabla6[[#This Row],[DIRECCIÓN GENERAL / COORDINACIÓN / SUBDIRECCIÓN]],Tabla37[[#All],[Columna1]:[EOD]],2,0) -> 266_0001 | L13: =VLOOKUP(Tabla6[[#This Row],[OBJETIVOS PND]],Listas!$A$1:$C$3,3,0) -> 1 | M13: =VLOOKUP(Tabla6[[#This Row],[PG]],Listas2!$G$14:$K$16,5,0) -> 0 | N13: 1 | O13: 401 | P13: =VLOOKUP(Tabla6[[#This Row],[GEO]],Listas!$A$48:$B$77,2,0) -> TULCÁN | Q13: =VLOOKUP(Tabla6[[#This Row],[PG]],Listas2!$G$14:$K$16,3,0) -> 1 | R13: =VLOOKUP(Tabla6[[#This Row],[PG]],Listas2!H18:'Listas2'!$G$14:$K$16,4,0) -> 0 | S13: =VLOOKUP(Tabla6[[#This Row],[PG]],Listas2!$G$14:$K$16,2,0) -> 0 | T13: CORRIENTE | U13: 53 | V13: 530106 | W13: =VLOOKUP(Tabla6[[#This Row],[ÍTEM PRESUPUESTARIO]],Tabla2[#All],2,0) -> SERVICIO DE CORREO | X13: 100 | Y13: =100-79 -> 21 | Z13: 21 | AA13: 0 | AB13: 0 | AC13: 0 | AD13: 0 | AE13: 0 | AF13: 0 | AG13: 0 | AH13: 0 | AI13: 0 | AJ13: 0 | AK13: 0 | AL13: =+SUBTOTAL(9,Tabla6[[#This Row],[ENE]:[DIC]]) -> 21 | AM13: =IF(AL13=Y13,"OK",Y13-AL13) -> OK | AN13: 21 | AO13: =+Tabla6[[#This Row],[PRESUPUESTO VIGENTE]]-Tabla6[[#This Row],[CERTIFICACIÓN PAPP]] -> 0 | AP13: 0
A14: OBJETIVO 14: FORTALECER LAS CAPACIDADES DEL ESTADO CON ÉNFASIS EN LA ADMINISTRACIÓN DE JUSTICIA Y EFICIENCIA EN LOS PROCESOS DE REGULACIÓN Y CONTROL CON INDEPENDENCIA Y AUTONOMÍA. | B14: =VLOOKUP(Tabla6[[#This Row],[OBJETIVOS PND]],Listas!$A$1:$B$3,2,0) -> 14.2 POTENCIAR LAS CAPACIDADES DE LOS DISTINTOS NIVELES DE GOBIERNO PARA EL CUMPLIMIENTO DE LOS OBJETIVOS NACIONALES Y LA PRESTACIÓN DE SERVICIOS CON CALIDAD | C14: OE 4 FORTALECER LAS CAPACIDADES INSTITUCIONALES (PARA LA MEJORA CONTINUA DEL SERVICIO) | D14: INCREMENTAR LA EFICIENCIA Y EFICACIA DE LA COORDINACIÓN PARA LA ATENCIÓN DE EMERGENCIAS MEDIANTE EL FORTALECIMIENTO DE LA COOPERACIÓN INTERINSTITUCIONAL, POTENCIACIÓN DE LAS FUNCIONALIDADES DE LA INFRAESTRUCTURA TECNOLÓGICA, CAPACITACIÓN PERMANENTE DEL PERSONAL Y EL MEJORAMIENTO CONTINUO DE LOS ESTÁNDARES DE CALIDAD EN SUS SERVICIOS, PROCESOS, CLIMA LABORAL Y POSICIONAMIENTO INSTITUCIONAL. | E14: COORDINACIÓN_ZONAL | F14: COORDINACIÓN_ZONAL_1 | G14: GESTIÓN LOCAL ADMINISTRATIVA FINANCIERA Y DE ADMINISTRACIÓN DE RECURSOS HUMANOS | H14: =VLOOKUP(Tabla6[[#This Row],[DIRECCIÓN]],DIRECCIÓN[#All],2,0) -> ADMINISTRACIÓN CENTRAL | I14: CONTRATACIÓN DEL SERVICIO DE CORREO NACIONAL PERÍODO ENERO A DICIEMBRE 2023 | J14: 1 | K14: =VLOOKUP(Tabla6[[#This Row],[DIRECCIÓN GENERAL / COORDINACIÓN / SUBDIRECCIÓN]],Tabla37[[#All],[Columna1]:[EOD]],2,0) -> 266_0001 | L14: =VLOOKUP(Tabla6[[#This Row],[OBJETIVOS PND]],Listas!$A$1:$C$3,3,0) -> 1 | M14: =VLOOKUP(Tabla6[[#This Row],[PG]],Listas2!$G$14:$K$16,5,0) -> 0 | N14: 1 | O14: 401 | P14: =VLOOKUP(Tabla6[[#This Row],[GEO]],Listas!$A$48:$B$77,2,0) -> TULCÁN | Q14: =VLOOKUP(Tabla6[[#This Row],[PG]],Listas2!$G$14:$K$16,3,0) -> 1 | R14: =VLOOKUP(Tabla6[[#This Row],[PG]],Listas2!H19:'Listas2'!$G$14:$K$16,4,0) -> 0 | S14: =VLOOKUP(Tabla6[[#This Row],[PG]],Listas2!$G$14:$K$16,2,0) -> 0 | T14: CORRIENTE | U14: 53 | V14: 530106 | W14: =VLOOKUP(Tabla6[[#This Row],[ÍTEM PRESUPUESTARIO]],Tabla2[#All],2,0) -> SERVICIO DE CORREO | X14: 350 | Y14: =350-50-124.6 -> 175.4 | Z14: 0 | AA14: 0 | AB14: 30 | AC14: 30 | AD14: 30 | AE14: 30 | AF14: 30 | AG14: 25.4 | AH14: 0 | AI14: 0 | AJ14: 0 | AK14: 0 | AL14: =+SUBTOTAL(9,Tabla6[[#This Row],[ENE]:[DIC]]) -> 175.4 | AM14: =IF(AL14=Y14,"OK",Y14-AL14) -> OK | AN14: 175.4 | AO14: =+Tabla6[[#This Row],[PRESUPUESTO VIGENTE]]-Tabla6[[#This Row],[CERTIFICACIÓN PAPP]] -> 0 | AP14: 0
A15: OBJETIVO 14: FORTALECER LAS CAPACIDADES DEL ESTADO CON ÉNFASIS EN LA ADMINISTRACIÓN DE JUSTICIA Y EFICIENCIA EN LOS PROCESOS DE REGULACIÓN Y CONTROL CON INDEPENDENCIA Y AUTONOMÍA. | B15: =VLOOKUP(Tabla6[[#This Row],[OBJETIVOS PND]],Listas!$A$1:$B$3,2,0) -> 14.2 POTENCIAR LAS CAPACIDADES DE LOS DISTINTOS NIVELES DE GOBIERNO PARA EL CUMPLIMIENTO DE LOS OBJETIVOS NACIONALES Y LA PRESTACIÓN DE SERVICIOS CON CALIDAD | C15: OE 4 FORTALECER LAS CAPACIDADES INSTITUCIONALES (PARA LA MEJORA CONTINUA DEL SERVICIO) | D15: INCREMENTAR LA EFICIENCIA Y EFICACIA DE LA COORDINACIÓN PARA LA ATENCIÓN DE EMERGENCIAS MEDIANTE EL FORTALECIMIENTO DE LA COOPERACIÓN INTERINSTITUCIONAL, POTENCIACIÓN DE LAS FUNCIONALIDADES DE LA INFRAESTRUCTURA TECNOLÓGICA, CAPACITACIÓN PERMANENTE DEL PERSONAL Y EL MEJORAMIENTO CONTINUO DE LOS ESTÁNDARES DE CALIDAD EN SUS SERVICIOS, PROCESOS, CLIMA LABORAL Y POSICIONAMIENTO INSTITUCIONAL. | E15: COORDINACIÓN_ZONAL | F15: COORDINACIÓN_ZONAL_1 | G15: GESTIÓN LOCAL ADMINISTRATIVA FINANCIERA Y DE ADMINISTRACIÓN DE RECURSOS HUMANOS | H15: =VLOOKUP(Tabla6[[#This Row],[DIRECCIÓN]],DIRECCIÓN[#All],2,0) -> ADMINISTRACIÓN CENTRAL | I15: ARRASTRE: CANCELACIÓN POR EL SERVICIO DE TRANSPORTE PERSONAL OPERATIVO DICIEMBRE DEL 2022 | J15: 1 | K15: =VLOOKUP(Tabla6[[#This Row],[DIRECCIÓN GENERAL / COORDINACIÓN / SUBDIRECCIÓN]],Tabla37[[#All],[Columna1]:[EOD]],2,0) -> 266_0001 | L15: =VLOOKUP(Tabla6[[#This Row],[OBJETIVOS PND]],Listas!$A$1:$C$3,3,0) -> 1 | M15: =VLOOKUP(Tabla6[[#This Row],[PG]],Listas2!$G$14:$K$16,5,0) -> 0 | N15: 1 | O15: 401 | P15: =VLOOKUP(Tabla6[[#This Row],[GEO]],Listas!$A$48:$B$77,2,0) -> TULCÁN | Q15: =VLOOKUP(Tabla6[[#This Row],[PG]],Listas2!$G$14:$K$16,3,0) -> 1 | R15: =VLOOKUP(Tabla6[[#This Row],[PG]],Listas2!H20:'Listas2'!$G$14:$K$16,4,0) -> 0 | S15: =VLOOKUP(Tabla6[[#This Row],[PG]],Listas2!$G$14:$K$16,2,0) -> 0 | T15: CORRIENTE | U15: 53 | V15: 530201 | W15: =VLOOKUP(Tabla6[[#This Row],[ÍTEM PRESUPUESTARIO]],Tabla2[#All],2,0) -> TRANSPORTE DE PERSONAL | X15: 1500 | Y15: 1500 | Z15: 1500 | AA15: 0 | AB15: 0 | AC15: 0 | AD15: 0 | AE15: 0 | AF15: 0 | AG15: 0 | AH15: 0 | AI15: 0 | AJ15: 0 | AK15: 0 | AL15: =+SUBTOTAL(9,Tabla6[[#This Row],[ENE]:[DIC]]) -> 1500 | AM15: =IF(AL15=Y15,"OK",Y15-AL15) -> OK | AN15: 1500 | AO15: =+Tabla6[[#This Row],[PRESUPUESTO VIGENTE]]-Tabla6[[#This Row],[CERTIFICACIÓN PAPP]] -> 0 | AP15: 0
A16: OBJETIVO 14: FORTALECER LAS CAPACIDADES DEL ESTADO CON ÉNFASIS EN LA ADMINISTRACIÓN DE JUSTICIA Y EFICIENCIA EN LOS PROCESOS DE REGULACIÓN Y CONTROL CON INDEPENDENCIA Y AUTONOMÍA. | B16: =VLOOKUP(Tabla6[[#This Row],[OBJETIVOS PND]],Listas!$A$1:$B$3,2,0) -> 14.2 POTENCIAR LAS CAPACIDADES DE LOS DISTINTOS NIVELES DE GOBIERNO PARA EL CUMPLIMIENTO DE LOS OBJETIVOS NACIONALES Y LA PRESTACIÓN DE SERVICIOS CON CALIDAD | C16: OE 4 FORTALECER LAS CAPACIDADES INSTITUCIONALES (PARA LA MEJORA CONTINUA DEL SERVICIO) | D16: INCREMENTAR LA EFICIENCIA Y EFICACIA DE LA COORDINACIÓN PARA LA ATENCIÓN DE EMERGENCIAS MEDIANTE EL FORTALECIMIENTO DE LA COOPERACIÓN INTERINSTITUCIONAL, POTENCIACIÓN DE LAS FUNCIONALIDADES DE LA INFRAESTRUCTURA TECNOLÓGICA, CAPACITACIÓN PERMANENTE DEL PERSONAL Y EL MEJORAMIENTO CONTINUO DE LOS ESTÁNDARES DE CALIDAD EN SUS SERVICIOS, PROCESOS, CLIMA LABORAL Y POSICIONAMIENTO INSTITUCIONAL. | E16: COORDINACIÓN_ZONAL | F16: COORDINACIÓN_ZONAL_1 | G16: GESTIÓN LOCAL ADMINISTRATIVA FINANCIERA Y DE ADMINISTRACIÓN DE RECURSOS HUMANOS | H16: =VLOOKUP(Tabla6[[#This Row],[DIRECCIÓN]],DIRECCIÓN[#All],2,0) -> ADMINISTRACIÓN CENTRAL | I16: CONTRATACIÓN DEL SERVICIO DE TRANSPORTE PARA SERVIDORES DEL ÁREA OPERATIVA DEL CENTRO OPERATIVO LOCAL ECU 911 TULCÁN PARA ENERO-DICIEMBRE 2023, SE PAGA A MES VENCIDO | J16: 1 | K16: =VLOOKUP(Tabla6[[#This Row],[DIRECCIÓN GENERAL / COORDINACIÓN / SUBDIRECCIÓN]],Tabla37[[#All],[Columna1]:[EOD]],2,0) -> 266_0001 | L16: =VLOOKUP(Tabla6[[#This Row],[OBJETIVOS PND]],Listas!$A$1:$C$3,3,0) -> 1 | M16: =VLOOKUP(Tabla6[[#This Row],[PG]],Listas2!$G$14:$K$16,5,0) -> 0 | N16: 1 | O16: 401 | P16: =VLOOKUP(Tabla6[[#This Row],[GEO]],Listas!$A$48:$B$77,2,0) -> TULCÁN | Q16: =VLOOKUP(Tabla6[[#This Row],[PG]],Listas2!$G$14:$K$16,3,0) -> 1 | R16: =VLOOKUP(Tabla6[[#This Row],[PG]],Listas2!H21:'Listas2'!$G$14:$K$16,4,0) -> 0 | S16: =VLOOKUP(Tabla6[[#This Row],[PG]],Listas2!$G$14:$K$16,2,0) -> 0 | T16: CORRIENTE | U16: 53 | V16: 530201 | W16: =VLOOKUP(Tabla6[[#This Row],[ÍTEM PRESUPUESTARIO]],Tabla2[#All],2,0) -> TRANSPORTE DE PERSONAL | X16: 21000 | Y16: =21000+300-1774.99 -> 19525.01 | Z16: 0 | AA16: 1030.65 | AB16: 1775 | AC16: 1775 | AD16: 1775 | AE16: 1775 | AF16: 1775 | AG16: 1775 | AH16: 1775 | AI16: 1775 | AJ16: 1775 | AK16: 2519.36 | AL16: =+SUBTOTAL(9,Tabla6[[#This Row],[ENE]:[DIC]]) -> 19525.01 | AM16: =IF(AL16=Y16,"OK",Y16-AL16) -> OK | AN16: 19525.01 | AO16: =+Tabla6[[#This Row],[PRESUPUESTO VIGENTE]]-Tabla6[[#This Row],[CERTIFICACIÓN PAPP]] -> 0 | AP16: 0
A17: OBJETIVO 14: FORTALECER LAS CAPACIDADES DEL ESTADO CON ÉNFASIS EN LA ADMINISTRACIÓN DE JUSTICIA Y EFICIENCIA EN LOS PROCESOS DE REGULACIÓN Y CONTROL CON INDEPENDENCIA Y AUTONOMÍA. | B17: =VLOOKUP(Tabla6[[#This Row],[OBJETIVOS PND]],Listas!$A$1:$B$3,2,0) -> 14.2 POTENCIAR LAS CAPACIDADES DE LOS DISTINTOS NIVELES DE GOBIERNO PARA EL CUMPLIMIENTO DE LOS OBJETIVOS NACIONALES Y LA PRESTACIÓN DE SERVICIOS CON CALIDAD | C17: OE 4 FORTALECER LAS CAPACIDADES INSTITUCIONALES (PARA LA MEJORA CONTINUA DEL SERVICIO) | D17: INCREMENTAR LA EFICIENCIA Y EFICACIA DE LA COORDINACIÓN PARA LA ATENCIÓN DE EMERGENCIAS MEDIANTE EL FORTALECIMIENTO DE LA COOPERACIÓN INTERINSTITUCIONAL, POTENCIACIÓN DE LAS FUNCIONALIDADES DE LA INFRAESTRUCTURA TECNOLÓGICA, CAPACITACIÓN PERMANENTE DEL PERSONAL Y EL MEJORAMIENTO CONTINUO DE LOS ESTÁNDARES DE CALIDAD EN SUS SERVICIOS, PROCESOS, CLIMA LABORAL Y POSICIONAMIENTO INSTITUCIONAL. | E17: COORDINACIÓN_ZONAL | F17: COORDINACIÓN_ZONAL_1 | G17: GESTIÓN LOCAL ADMINISTRATIVA FINANCIERA Y DE ADMINISTRACIÓN DE RECURSOS HUMANOS | H17: =VLOOKUP(Tabla6[[#This Row],[DIRECCIÓN]],DIRECCIÓN[#All],2,0) -> ADMINISTRACIÓN CENTRAL | I17: CONTRATACIÓN DEL SERVICIO DE RECARGA DE EXTINTORES DEL CENTRO | J17: 1 | K17: =VLOOKUP(Tabla6[[#This Row],[DIRECCIÓN GENERAL / COORDINACIÓN / SUBDIRECCIÓN]],Tabla37[[#All],[Columna1]:[EOD]],2,0) -> 266_0001 | L17: =VLOOKUP(Tabla6[[#This Row],[OBJETIVOS PND]],Listas!$A$1:$C$3,3,0) -> 1 | M17: =VLOOKUP(Tabla6[[#This Row],[PG]],Listas2!$G$14:$K$16,5,0) -> 0 | N17: 1 | O17: 401 | P17: =VLOOKUP(Tabla6[[#This Row],[GEO]],Listas!$A$48:$B$77,2,0) -> TULCÁN | Q17: =VLOOKUP(Tabla6[[#This Row],[PG]],Listas2!$G$14:$K$16,3,0) -> 1 | R17: =VLOOKUP(Tabla6[[#This Row],[PG]],Listas2!H22:'Listas2'!$G$14:$K$16,4,0) -> 0 | S17: =VLOOKUP(Tabla6[[#This Row],[PG]],Listas2!$G$14:$K$16,2,0) -> 0 | T17: CORRIENTE | U17: 53 | V17: 530203 | W17: =VLOOKUP(Tabla6[[#This Row],[ÍTEM PRESUPUESTARIO]],Tabla2[#All],2,0) -> ALMACENAMIENTO, EMBALAJE, DESEMBALAJE, ENVASE, DESENVASE Y RECARGA DE EXTINTORES | X17: 340 | Y17: =340-170-65 -> 105 | Z17: 0 | AA17: 0 | AB17: 0 | AC17: 0 | AD17: 0 | AE17: 0 | AF17: 0 | AG17: 0 | AH17: 0 | AI17: 0 | AJ17: 105 | AK17: 0 | AL17: =+SUBTOTAL(9,Tabla6[[#This Row],[ENE]:[DIC]]) -> 105 | AM17: =IF(AL17=Y17,"OK",Y17-AL17) -> OK | AN17: 105 | AO17: =+Tabla6[[#This Row],[PRESUPUESTO VIGENTE]]-Tabla6[[#This Row],[CERTIFICACIÓN PAPP]] -> 0 | AP17: 0
A18: OBJETIVO 14: FORTALECER LAS CAPACIDADES DEL ESTADO CON ÉNFASIS EN LA ADMINISTRACIÓN DE JUSTICIA Y EFICIENCIA EN LOS PROCESOS DE REGULACIÓN Y CONTROL CON INDEPENDENCIA Y AUTONOMÍA. | B18: =VLOOKUP(Tabla6[[#This Row],[OBJETIVOS PND]],Listas!$A$1:$B$3,2,0) -> 14.2 POTENCIAR LAS CAPACIDADES DE LOS DISTINTOS NIVELES DE GOBIERNO PARA EL CUMPLIMIENTO DE LOS OBJETIVOS NACIONALES Y LA PRESTACIÓN DE SERVICIOS CON CALIDAD | C18: OE 3 INCREMENTAR EL POSICIONAMIENTO DEL SERVICIO INTEGRADO DE SEGURIDAD ECU 911 A NIVEL NACIONAL E INTERNACIONAL | D18: INCREMENTAR LA EFICIENCIA Y EFICACIA DE LA COORDINACIÓN PARA LA ATENCIÓN DE EMERGENCIAS MEDIANTE EL FORTALECIMIENTO DE LA COOPERACIÓN INTERINSTITUCIONAL, POTENCIACIÓN DE LAS FUNCIONALIDADES DE LA INFRAESTRUCTURA TECNOLÓGICA, CAPACITACIÓN PERMANENTE DEL PERSONAL Y EL MEJORAMIENTO CONTINUO DE LOS ESTÁNDARES DE CALIDAD EN SUS SERVICIOS, PROCESOS, CLIMA LABORAL Y POSICIONAMIENTO INSTITUCIONAL. | E18: COORDINACIÓN_ZONAL | F18: COORDINACIÓN_ZONAL_1 | G18: GESTIÓN LOCAL DE COMUNICACIÓN SOCIAL | H18: =VLOOKUP(Tabla6[[#This Row],[DIRECCIÓN]],DIRECCIÓN[#All],2,0) -> COMUNICACIÓN SOCIAL | I18: SUSCRIPCIÓN CON SEMANARIOS Y MEDIOS DIGITALES DE CARCHI | J18: 2 | K18: =VLOOKUP(Tabla6[[#This Row],[DIRECCIÓN GENERAL / COORDINACIÓN / SUBDIRECCIÓN]],Tabla37[[#All],[Columna1]:[EOD]],2,0) -> 266_0001 | L18: =VLOOKUP(Tabla6[[#This Row],[OBJETIVOS PND]],Listas!$A$1:$C$3,3,0) -> 1 | M18: =VLOOKUP(Tabla6[[#This Row],[PG]],Listas2!$G$14:$K$16,5,0) -> 0 | N18: 1 | O18: 401 | P18: =VLOOKUP(Tabla6[[#This Row],[GEO]],Listas!$A$48:$B$77,2,0) -> TULCÁN | Q18: =VLOOKUP(Tabla6[[#This Row],[PG]],Listas2!$G$14:$K$16,3,0) -> 1 | R18: =VLOOKUP(Tabla6[[#This Row],[PG]],Listas2!H23:'Listas2'!$G$14:$K$16,4,0) -> 0 | S18: =VLOOKUP(Tabla6[[#This Row],[PG]],Listas2!$G$14:$K$16,2,0) -> 0 | T18: CORRIENTE | U18: 53 | V18: 530204 | W18: =VLOOKUP(Tabla6[[#This Row],[ÍTEM PRESUPUESTARIO]],Tabla2[#All],2,0) -> EDICIÓN, IMPRESIÓN, REPRODUCCIÓN, PUBLICACIONES, SUSCRIPCIONES, FOTOCOPIADO, TRADUCCIÓN, EMPASTADO, ENMARCACIÓN, SERIGRAFÍA, FOTOGRAFÍA, CARNETIZACIÓN, FILMACIÓN E IMÁGENES SATELITALES | X18: 200 | Y18: =200-200 -> 0 | Z18: 0 | AA18: 0 | AB18: 0 | AC18: 0 | AD18: 0 | AE18: 0 | AF18: 0 | AG18: 0 | AH18: 0 | AI18: 0 | AJ18: 0 | AK18: 0 | AL18: =+SUBTOTAL(9,Tabla6[[#This Row],[ENE]:[DIC]]) -> 0 | AM18: =IF(AL18=Y18,"OK",Y18-AL18) -> OK | AN18: =115.87-40.18-40-35.69 -> 0 | AO18: =+Tabla6[[#This Row],[PRESUPUESTO VIGENTE]]-Tabla6[[#This Row],[CERTIFICACIÓN PAPP]] -> 0 | AP18: 0
A19: OBJETIVO 14: FORTALECER LAS CAPACIDADES DEL ESTADO CON ÉNFASIS EN LA ADMINISTRACIÓN DE JUSTICIA Y EFICIENCIA EN LOS PROCESOS DE REGULACIÓN Y CONTROL CON INDEPENDENCIA Y AUTONOMÍA. | B19: =VLOOKUP(Tabla6[[#This Row],[OBJETIVOS PND]],Listas!$A$1:$B$3,2,0) -> 14.2 POTENCIAR LAS CAPACIDADES DE LOS DISTINTOS NIVELES DE GOBIERNO PARA EL CUMPLIMIENTO DE LOS OBJETIVOS NACIONALES Y LA PRESTACIÓN DE SERVICIOS CON CALIDAD | C19: OE 3 INCREMENTAR EL POSICIONAMIENTO DEL SERVICIO INTEGRADO DE SEGURIDAD ECU 911 A NIVEL NACIONAL E INTERNACIONAL | D19: INCREMENTAR LA EFICIENCIA Y EFICACIA DE LA COORDINACIÓN PARA LA ATENCIÓN DE EMERGENCIAS MEDIANTE EL FORTALECIMIENTO DE LA COOPERACIÓN INTERINSTITUCIONAL, POTENCIACIÓN DE LAS FUNCIONALIDADES DE LA INFRAESTRUCTURA TECNOLÓGICA, CAPACITACIÓN PERMANENTE DEL PERSONAL Y EL MEJORAMIENTO CONTINUO DE LOS ESTÁNDARES DE CALIDAD EN SUS SERVICIOS, PROCESOS, CLIMA LABORAL Y POSICIONAMIENTO INSTITUCIONAL. | E19: COORDINACIÓN_ZONAL | F19: COORDINACIÓN_ZONAL_1 | G19: GESTIÓN LOCAL DE COMUNICACIÓN SOCIAL | H19: =VLOOKUP(Tabla6[[#This Row],[DIRECCIÓN]],DIRECCIÓN[#All],2,0) -> COMUNICACIÓN SOCIAL | I19: ADQUISICIÓN DE TRÍPTICOS CON EL MODELO DE GESTIÓN DEL ECU 911 Y BUEN USO DEL 9-1-1 | J19: 2 | K19: =VLOOKUP(Tabla6[[#This Row],[DIRECCIÓN GENERAL / COORDINACIÓN / SUBDIRECCIÓN]],Tabla37[[#All],[Columna1]:[EOD]],2,0) -> 266_0001 | L19: =VLOOKUP(Tabla6[[#This Row],[OBJETIVOS PND]],Listas!$A$1:$C$3,3,0) -> 1 | M19: =VLOOKUP(Tabla6[[#This Row],[PG]],Listas2!$G$14:$K$16,5,0) -> 0 | N19: 1 | O19: 401 | P19: =VLOOKUP(Tabla6[[#This Row],[GEO]],Listas!$A$48:$B$77,2,0) -> TULCÁN | Q19: =VLOOKUP(Tabla6[[#This Row],[PG]],Listas2!$G$14:$K$16,3,0) -> 1 | R19: =VLOOKUP(Tabla6[[#This Row],[PG]],Listas2!H24:'Listas2'!$G$14:$K$16,4,0) -> 0 | S19: =VLOOKUP(Tabla6[[#This Row],[PG]],Listas2!$G$14:$K$16,2,0) -> 0 | T19: CORRIENTE | U19: 53 | V19: 530204 | W19: =VLOOKUP(Tabla6[[#This Row],[ÍTEM PRESUPUESTARIO]],Tabla2[#All],2,0) -> EDICIÓN, IMPRESIÓN, REPRODUCCIÓN, PUBLICACIONES, SUSCRIPCIONES, FOTOCOPIADO, TRADUCCIÓN, EMPASTADO, ENMARCACIÓN, SERIGRAFÍA, FOTOGRAFÍA, CARNETIZACIÓN, FILMACIÓN E IMÁGENES SATELITALES | X19: 100 | Y19: =100-100 -> 0 | Z19: 0 | AA19: 0 | AB19: 0 | AC19: 0 | AD19: 0 | AE19: 0 | AF19: 0 | AG19: 0 | AH19: 0 | AI19: 0 | AJ19: 0 | AK19: 0 | AL19: =+SUBTOTAL(9,Tabla6[[#This Row],[ENE]:[DIC]]) -> 0 | AM19: =IF(AL19=Y19,"OK",Y19-AL19) -> OK | AN19: 0 | AO19: =+Tabla6[[#This Row],[PRESUPUESTO VIGENTE]]-Tabla6[[#This Row],[CERTIFICACIÓN PAPP]] -> 0 | AP19: 0
A20: OBJETIVO 14: FORTALECER LAS CAPACIDADES DEL ESTADO CON ÉNFASIS EN LA ADMINISTRACIÓN DE JUSTICIA Y EFICIENCIA EN LOS PROCESOS DE REGULACIÓN Y CONTROL CON INDEPENDENCIA Y AUTONOMÍA. | B20: =VLOOKUP(Tabla6[[#This Row],[OBJETIVOS PND]],Listas!$A$1:$B$3,2,0) -> 14.2 POTENCIAR LAS CAPACIDADES DE LOS DISTINTOS NIVELES DE GOBIERNO PARA EL CUMPLIMIENTO DE LOS OBJETIVOS NACIONALES Y LA PRESTACIÓN DE SERVICIOS CON CALIDAD | C20: OE 3 INCREMENTAR EL POSICIONAMIENTO DEL SERVICIO INTEGRADO DE SEGURIDAD ECU 911 A NIVEL NACIONAL E INTERNACIONAL | D20: INCREMENTAR LA EFICIENCIA Y EFICACIA DE LA COORDINACIÓN PARA LA ATENCIÓN DE EMERGENCIAS MEDIANTE EL FORTALECIMIENTO DE LA COOPERACIÓN INTERINSTITUCIONAL, POTENCIACIÓN DE LAS FUNCIONALIDADES DE LA INFRAESTRUCTURA TECNOLÓGICA, CAPACITACIÓN PERMANENTE DEL PERSONAL Y EL MEJORAMIENTO CONTINUO DE LOS ESTÁNDARES DE CALIDAD EN SUS SERVICIOS, PROCESOS, CLIMA LABORAL Y POSICIONAMIENTO INSTITUCIONAL. | E20: COORDINACIÓN_ZONAL | F20: COORDINACIÓN_ZONAL_1 | G20: GESTIÓN LOCAL DE COMUNICACIÓN SOCIAL | H20: =VLOOKUP(Tabla6[[#This Row],[DIRECCIÓN]],DIRECCIÓN[#All],2,0) -> COMUNICACIÓN SOCIAL | I20: ADQUISICIÓN DE MATERIAL DE POSICIONAMIENTO E IDENTIDAD DEL ECU 911 PARA EL CENTRO OPERATIVO ECU 911 TULCÁN | J20: 2 | K20: =VLOOKUP(Tabla6[[#This Row],[DIRECCIÓN GENERAL / COORDINACIÓN / SUBDIRECCIÓN]],Tabla37[[#All],[Columna1]:[EOD]],2,0) -> 266_0001 | L20: =VLOOKUP(Tabla6[[#This Row],[OBJETIVOS PND]],Listas!$A$1:$C$3,3,0) -> 1 | M20: =VLOOKUP(Tabla6[[#This Row],[PG]],Listas2!$G$14:$K$16,5,0) -> 0 | N20: 1 | O20: 401 | P20: =VLOOKUP(Tabla6[[#This Row],[GEO]],Listas!$A$48:$B$77,2,0) -> TULCÁN | Q20: =VLOOKUP(Tabla6[[#This Row],[PG]],Listas2!$G$14:$K$16,3,0) -> 1 | R20: =VLOOKUP(Tabla6[[#This Row],[PG]],Listas2!H25:'Listas2'!$G$14:$K$16,4,0) -> 0 | S20: =VLOOKUP(Tabla6[[#This Row],[PG]],Listas2!$G$14:$K$16,2,0) -> 0 | T20: CORRIENTE | U20: 53 | V20: 530204 | W20: =VLOOKUP(Tabla6[[#This Row],[ÍTEM PRESUPUESTARIO]],Tabla2[#All],2,0) -> EDICIÓN, IMPRESIÓN, REPRODUCCIÓN, PUBLICACIONES, SUSCRIPCIONES, FOTOCOPIADO, TRADUCCIÓN, EMPASTADO, ENMARCACIÓN, SERIGRAFÍA, FOTOGRAFÍA, CARNETIZACIÓN, FILMACIÓN E IMÁGENES SATELITALES | X20: 1480 | Y20: =1480-1480 -> 0 | Z20: 0 | AA20: 0 | AB20: 0 | AC20: 0 | AD20: 0 | AE20: 0 | AF20: 0 | AG20: 0 | AH20: 0 | AI20: 0 | AJ20: 0 | AK20: 0 | AL20: =+SUBTOTAL(9,Tabla6[[#This Row],[ENE]:[DIC]]) -> 0 | AM20: =IF(AL20=Y20,"OK",Y20-AL20) -> OK | AN20: 0 | AO20: =+Tabla6[[#This Row],[PRESUPUESTO VIGENTE]]-Tabla6[[#This Row],[CERTIFICACIÓN PAPP]] -> 0 | AP20: 0
A21: OBJETIVO 14: FORTALECER LAS CAPACIDADES DEL ESTADO CON ÉNFASIS EN LA ADMINISTRACIÓN DE JUSTICIA Y EFICIENCIA EN LOS PROCESOS DE REGULACIÓN Y CONTROL CON INDEPENDENCIA Y AUTONOMÍA. | B21: =VLOOKUP(Tabla6[[#This Row],[OBJETIVOS PND]],Listas!$A$1:$B$3,2,0) -> 14.2 POTENCIAR LAS CAPACIDADES DE LOS DISTINTOS NIVELES DE GOBIERNO PARA EL CUMPLIMIENTO DE LOS OBJETIVOS NACIONALES Y LA PRESTACIÓN DE SERVICIOS CON CALIDAD | C21: OE 3 INCREMENTAR EL POSICIONAMIENTO DEL SERVICIO INTEGRADO DE SEGURIDAD ECU 911 A NIVEL NACIONAL E INTERNACIONAL | D21: INCREMENTAR LA EFICIENCIA Y EFICACIA DE LA COORDINACIÓN PARA LA ATENCIÓN DE EMERGENCIAS MEDIANTE EL FORTALECIMIENTO DE LA COOPERACIÓN INTERINSTITUCIONAL, POTENCIACIÓN DE LAS FUNCIONALIDADES DE LA INFRAESTRUCTURA TECNOLÓGICA, CAPACITACIÓN PERMANENTE DEL PERSONAL Y EL MEJORAMIENTO CONTINUO DE LOS ESTÁNDARES DE CALIDAD EN SUS SERVICIOS, PROCESOS, CLIMA LABORAL Y POSICIONAMIENTO INSTITUCIONAL. | E21: COORDINACIÓN_ZONAL | F21: COORDINACIÓN_ZONAL_1 | G21: GESTIÓN LOCAL DE COMUNICACIÓN SOCIAL | H21: =VLOOKUP(Tabla6[[#This Row],[DIRECCIÓN]],DIRECCIÓN[#All],2,0) -> COMUNICACIÓN SOCIAL | I21: ADQUISICIÓN DE PELOTAS ANTI ESTRES CON EL LOGO INSTITUCIONAL PARA VINCULACIÓN CON LA COMUNIDAD | J21: 3 | K21: =VLOOKUP(Tabla6[[#This Row],[DIRECCIÓN GENERAL / COORDINACIÓN / SUBDIRECCIÓN]],Tabla37[[#All],[Columna1]:[EOD]],2,0) -> 266_0001 | L21: =VLOOKUP(Tabla6[[#This Row],[OBJETIVOS PND]],Listas!$A$1:$C$3,3,0) -> 1 | M21: =VLOOKUP(Tabla6[[#This Row],[PG]],Listas2!$G$14:$K$16,5,0) -> 0 | N21: 1 | O21: 401 | P21: =VLOOKUP(Tabla6[[#This Row],[GEO]],Listas!$A$48:$B$77,2,0) -> TULCÁN | Q21: =VLOOKUP(Tabla6[[#This Row],[PG]],Listas2!$G$14:$K$16,3,0) -> 1 | R21: =VLOOKUP(Tabla6[[#This Row],[PG]],Listas2!H26:'Listas2'!$G$14:$K$16,4,0) -> 0 | S21: =VLOOKUP(Tabla6[[#This Row],[PG]],Listas2!$G$14:$K$16,2,0) -> 0 | T21: CORRIENTE | U21: 53 | V21: 530204 | W21: =VLOOKUP(Tabla6[[#This Row],[ÍTEM PRESUPUESTARIO]],Tabla2[#All],2,0) -> EDICIÓN, IMPRESIÓN, REPRODUCCIÓN, PUBLICACIONES, SUSCRIPCIONES, FOTOCOPIADO, TRADUCCIÓN, EMPASTADO, ENMARCACIÓN, SERIGRAFÍA, FOTOGRAFÍA, CARNETIZACIÓN, FILMACIÓN E IMÁGENES SATELITALES | X21: 200 | Y21: =200-200 -> 0 | Z21: 0 | AA21: 0 | AB21: 0 | AC21: 0 | AD21: 0 | AE21: 0 | AF21: 0 | AG21: 0 | AH21: 0 | AI21: 0 | AJ21: 0 | AK21: 0 | AL21: =+SUBTOTAL(9,Tabla6[[#This Row],[ENE]:[DIC]]) -> 0 | AM21: =IF(AL21=Y21,"OK",Y21-AL21) -> OK | AN21: 0 | AO21: =+Tabla6[[#This Row],[PRESUPUESTO VIGENTE]]-Tabla6[[#This Row],[CERTIFICACIÓN PAPP]] -> 0 | AP21: 0
A22: OBJETIVO 14: FORTALECER LAS CAPACIDADES DEL ESTADO CON ÉNFASIS EN LA ADMINISTRACIÓN DE JUSTICIA Y EFICIENCIA EN LOS PROCESOS DE REGULACIÓN Y CONTROL CON INDEPENDENCIA Y AUTONOMÍA. | B22: =VLOOKUP(Tabla6[[#This Row],[OBJETIVOS PND]],Listas!$A$1:$B$3,2,0) -> 14.2 POTENCIAR LAS CAPACIDADES DE LOS DISTINTOS NIVELES DE GOBIERNO PARA EL CUMPLIMIENTO DE LOS OBJETIVOS NACIONALES Y LA PRESTACIÓN DE SERVICIOS CON CALIDAD | C22: OE 4 FORTALECER LAS CAPACIDADES INSTITUCIONALES (PARA LA MEJORA CONTINUA DEL SERVICIO) | D22: INCREMENTAR LA EFICIENCIA Y EFICACIA DE LA COORDINACIÓN PARA LA ATENCIÓN DE EMERGENCIAS MEDIANTE EL FORTALECIMIENTO DE LA COOPERACIÓN INTERINSTITUCIONAL, POTENCIACIÓN DE LAS FUNCIONALIDADES DE LA INFRAESTRUCTURA TECNOLÓGICA, CAPACITACIÓN PERMANENTE DEL PERSONAL Y EL MEJORAMIENTO CONTINUO DE LOS ESTÁNDARES DE CALIDAD EN SUS SERVICIOS, PROCESOS, CLIMA LABORAL Y POSICIONAMIENTO INSTITUCIONAL. | E22: COORDINACIÓN_ZONAL | F22: COORDINACIÓN_ZONAL_1 | G22: GESTIÓN LOCAL ADMINISTRATIVA FINANCIERA Y DE ADMINISTRACIÓN DE RECURSOS HUMANOS | H22: =VLOOKUP(Tabla6[[#This Row],[DIRECCIÓN]],DIRECCIÓN[#All],2,0) -> ADMINISTRACIÓN CENTRAL | I22: ADQUISICIÓN DE BIENES Y PAGO DE SERVICIOS NO PREVISIBLES, URGENTES Y DE VALOR REDUCIDO (CAJA CHICA) | J22: 1 | K22: =VLOOKUP(Tabla6[[#This Row],[DIRECCIÓN GENERAL / COORDINACIÓN / SUBDIRECCIÓN]],Tabla37[[#All],[Columna1]:[EOD]],2,0) -> 266_0001 | L22: =VLOOKUP(Tabla6[[#This Row],[OBJETIVOS PND]],Listas!$A$1:$C$3,3,0) -> 1 | M22: =VLOOKUP(Tabla6[[#This Row],[PG]],Listas2!$G$14:$K$16,5,0) -> 0 | N22: 1 | O22: 401 | P22: =VLOOKUP(Tabla6[[#This Row],[GEO]],Listas!$A$48:$B$77,2,0) -> TULCÁN | Q22: =VLOOKUP(Tabla6[[#This Row],[PG]],Listas2!$G$14:$K$16,3,0) -> 1 | R22: =VLOOKUP(Tabla6[[#This Row],[PG]],Listas2!H27:'Listas2'!$G$14:$K$16,4,0) -> 0 | S22: =VLOOKUP(Tabla6[[#This Row],[PG]],Listas2!$G$14:$K$16,2,0) -> 0 | T22: CORRIENTE | U22: 53 | V22: 530204 | W22: =VLOOKUP(Tabla6[[#This Row],[ÍTEM PRESUPUESTARIO]],Tabla2[#All],2,0) -> EDICIÓN, IMPRESIÓN, REPRODUCCIÓN, PUBLICACIONES, SUSCRIPCIONES, FOTOCOPIADO, TRADUCCIÓN, EMPASTADO, ENMARCACIÓN, SERIGRAFÍA, FOTOGRAFÍA, CARNETIZACIÓN, FILMACIÓN E IMÁGENES SATELITALES | X22: 100 | Y22: =100-50-6.3+6.3-4.6 -> 45.4 | Z22: 0 | AA22: 0 | AB22: 0 | AC22: 0 | AD22: 0 | AE22: 0 | AF22: 0 | AG22: 0 | AH22: 0 | AI22: 0 | AJ22: 0 | AK22: 45.4 | AL22: =+SUBTOTAL(9,Tabla6[[#This Row],[ENE]:[DIC]]) -> 45.4 | AM22: =IF(AL22=Y22,"OK",Y22-AL22) -> OK | AN22: 45.4 | AO22: =+Tabla6[[#This Row],[PRESUPUESTO VIGENTE]]-Tabla6[[#This Row],[CERTIFICACIÓN PAPP]] -> 0 | AP22: R
A23: OBJETIVO 14: FORTALECER LAS CAPACIDADES DEL ESTADO CON ÉNFASIS EN LA ADMINISTRACIÓN DE JUSTICIA Y EFICIENCIA EN LOS PROCESOS DE REGULACIÓN Y CONTROL CON INDEPENDENCIA Y AUTONOMÍA. | B23: =VLOOKUP(Tabla6[[#This Row],[OBJETIVOS PND]],Listas!$A$1:$B$3,2,0) -> 14.2 POTENCIAR LAS CAPACIDADES DE LOS DISTINTOS NIVELES DE GOBIERNO PARA EL CUMPLIMIENTO DE LOS OBJETIVOS NACIONALES Y LA PRESTACIÓN DE SERVICIOS CON CALIDAD | C23: OE 4 FORTALECER LAS CAPACIDADES INSTITUCIONALES (PARA LA MEJORA CONTINUA DEL SERVICIO) | D23: INCREMENTAR LA EFICIENCIA Y EFICACIA DE LA COORDINACIÓN PARA LA ATENCIÓN DE EMERGENCIAS MEDIANTE EL FORTALECIMIENTO DE LA COOPERACIÓN INTERINSTITUCIONAL, POTENCIACIÓN DE LAS FUNCIONALIDADES DE LA INFRAESTRUCTURA TECNOLÓGICA, CAPACITACIÓN PERMANENTE DEL PERSONAL Y EL MEJORAMIENTO CONTINUO DE LOS ESTÁNDARES DE CALIDAD EN SUS SERVICIOS, PROCESOS, CLIMA LABORAL Y POSICIONAMIENTO INSTITUCIONAL. | E23: COORDINACIÓN_ZONAL | F23: COORDINACIÓN_ZONAL_1 | G23: GESTIÓN LOCAL ADMINISTRATIVA FINANCIERA Y DE ADMINISTRACIÓN DE RECURSOS HUMANOS | H23: =VLOOKUP(Tabla6[[#This Row],[DIRECCIÓN]],DIRECCIÓN[#All],2,0) -> ADMINISTRACIÓN CENTRAL | I23: ARRASTRE: CANCELACIÓN POR EL SERVICIO DE LIMPIEZA DEL CENTRO OPERATIVO LOCAL ECU 911 TULCÁN DICIEMBRE DEL 2022 | J23: 1 | K23: =VLOOKUP(Tabla6[[#This Row],[DIRECCIÓN GENERAL / COORDINACIÓN / SUBDIRECCIÓN]],Tabla37[[#All],[Columna1]:[EOD]],2,0) -> 266_0001 | L23: =VLOOKUP(Tabla6[[#This Row],[OBJETIVOS PND]],Listas!$A$1:$C$3,3,0) -> 1 | M23: =VLOOKUP(Tabla6[[#This Row],[PG]],Listas2!$G$14:$K$16,5,0) -> 0 | N23: 1 | O23: 401 | P23: =VLOOKUP(Tabla6[[#This Row],[GEO]],Listas!$A$48:$B$77,2,0) -> TULCÁN | Q23: =VLOOKUP(Tabla6[[#This Row],[PG]],Listas2!$G$14:$K$16,3,0) -> 1 | R23: =VLOOKUP(Tabla6[[#This Row],[PG]],Listas2!H28:'Listas2'!$G$14:$K$16,4,0) -> 0 | S23: =VLOOKUP(Tabla6[[#This Row],[PG]],Listas2!$G$14:$K$16,2,0) -> 0 | T23: CORRIENTE | U23: 53 | V23: 530209 | W23: =VLOOKUP(Tabla6[[#This Row],[ÍTEM PRESUPUESTARIO]],Tabla2[#All],2,0) -> SERVICIOS DE ASEO, LAVADO DE VESTIMENTA DE TRABAJO, FUMIGACIÓN, DESINFECCIÓN, LIMPIEZA DE INSTALACIONES, MANEJO DE DESECHOS CONTAMINADOS, RECUPERACIÓN Y CLASIFICACIÓN DE MATERIALES RECICLABLES | X23: 2956 | Y23: =2956-0.61 -> 2955.39 | Z23: 2955.39 | AA23: 0 | AB23: 0 | AC23: 0 | AD23: 0 | AE23: 0 | AF23: 0 | AG23: 0 | AH23: 0 | AI23: 0 | AJ23: 0 | AK23: 0 | AL23: =+SUBTOTAL(9,Tabla6[[#This Row],[ENE]:[DIC]]) -> 2955.39 | AM23: =IF(AL23=Y23,"OK",Y23-AL23) -> OK | AN23: 2955.39 | AO23: =+Tabla6[[#This Row],[PRESUPUESTO VIGENTE]]-Tabla6[[#This Row],[CERTIFICACIÓN PAPP]] -> 0 | AP23: 0
A24: OBJETIVO 14: FORTALECER LAS CAPACIDADES DEL ESTADO CON ÉNFASIS EN LA ADMINISTRACIÓN DE JUSTICIA Y EFICIENCIA EN LOS PROCESOS DE REGULACIÓN Y CONTROL CON INDEPENDENCIA Y AUTONOMÍA. | B24: =VLOOKUP(Tabla6[[#This Row],[OBJETIVOS PND]],Listas!$A$1:$B$3,2,0) -> 14.2 POTENCIAR LAS CAPACIDADES DE LOS DISTINTOS NIVELES DE GOBIERNO PARA EL CUMPLIMIENTO DE LOS OBJETIVOS NACIONALES Y LA PRESTACIÓN DE SERVICIOS CON CALIDAD | C24: OE 4 FORTALECER LAS CAPACIDADES INSTITUCIONALES (PARA LA MEJORA CONTINUA DEL SERVICIO) | D24: INCREMENTAR LA EFICIENCIA Y EFICACIA DE LA COORDINACIÓN PARA LA ATENCIÓN DE EMERGENCIAS MEDIANTE EL FORTALECIMIENTO DE LA COOPERACIÓN INTERINSTITUCIONAL, POTENCIACIÓN DE LAS FUNCIONALIDADES DE LA INFRAESTRUCTURA TECNOLÓGICA, CAPACITACIÓN PERMANENTE DEL PERSONAL Y EL MEJORAMIENTO CONTINUO DE LOS ESTÁNDARES DE CALIDAD EN SUS SERVICIOS, PROCESOS, CLIMA LABORAL Y POSICIONAMIENTO INSTITUCIONAL. | E24: COORDINACIÓN_ZONAL | F24: COORDINACIÓN_ZONAL_1 | G24: GESTIÓN LOCAL ADMINISTRATIVA FINANCIERA Y DE ADMINISTRACIÓN DE RECURSOS HUMANOS | H24: =VLOOKUP(Tabla6[[#This Row],[DIRECCIÓN]],DIRECCIÓN[#All],2,0) -> ADMINISTRACIÓN CENTRAL | I24: CONTRATACIÓN DEL SERVICIO DE LIMPIEZA PARA EL CENTRO OPERATIVO LOCAL ECU 911 TULCÁN PERÍODO 2023 SE PAGA A MES VENCIDO | J24: 1 | K24: =VLOOKUP(Tabla6[[#This Row],[DIRECCIÓN GENERAL / COORDINACIÓN / SUBDIRECCIÓN]],Tabla37[[#All],[Columna1]:[EOD]],2,0) -> 266_0001 | L24: =VLOOKUP(Tabla6[[#This Row],[OBJETIVOS PND]],Listas!$A$1:$C$3,3,0) -> 1 | M24: =VLOOKUP(Tabla6[[#This Row],[PG]],Listas2!$G$14:$K$16,5,0) -> 0 | N24: 1 | O24: 401 | P24: =VLOOKUP(Tabla6[[#This Row],[GEO]],Listas!$A$48:$B$77,2,0) -> TULCÁN | Q24: =VLOOKUP(Tabla6[[#This Row],[PG]],Listas2!$G$14:$K$16,3,0) -> 1 | R24: =VLOOKUP(Tabla6[[#This Row],[PG]],Listas2!H29:'Listas2'!$G$14:$K$16,4,0) -> 0 | S24: =VLOOKUP(Tabla6[[#This Row],[PG]],Listas2!$G$14:$K$16,2,0) -> 0 | T24: CORRIENTE | U24: 53 | V24: 530209 | W24: =VLOOKUP(Tabla6[[#This Row],[ÍTEM PRESUPUESTARIO]],Tabla2[#All],2,0) -> SERVICIOS DE ASEO, LAVADO DE VESTIMENTA DE TRABAJO, FUMIGACIÓN, DESINFECCIÓN, LIMPIEZA DE INSTALACIONES, MANEJO DE DESECHOS CONTAMINADOS, RECUPERACIÓN Y CLASIFICACIÓN DE MATERIALES RECICLABLES | X24: 15000 | Y24: =15000+20472-7.32-1477.69-1477.7 -> 32509.29 | Z24: 0 | AA24: 2955.39 | AB24: 2955.39 | AC24: 2955.39 | AD24: 2955.39 | AE24: 2955.39 | AF24: 2955.39 | AG24: 2955.39 | AH24: 2955.39 | AI24: 2955.39 | AJ24: 2955.39 | AK24: 2955.39 | AL24: =+SUBTOTAL(9,Tabla6[[#This Row],[ENE]:[DIC]]) -> 32509.29 | AM24: =IF(AL24=Y24,"OK",Y24-AL24) -> OK | AN24: =17732.34+17732.34-2955.39 -> 32509.29 | AO24: =+Tabla6[[#This Row],[PRESUPUESTO VIGENTE]]-Tabla6[[#This Row],[CERTIFICACIÓN PAPP]] -> 0 | AP24: 0
A25: OBJETIVO 14: FORTALECER LAS CAPACIDADES DEL ESTADO CON ÉNFASIS EN LA ADMINISTRACIÓN DE JUSTICIA Y EFICIENCIA EN LOS PROCESOS DE REGULACIÓN Y CONTROL CON INDEPENDENCIA Y AUTONOMÍA. | B25: =VLOOKUP(Tabla6[[#This Row],[OBJETIVOS PND]],Listas!$A$1:$B$3,2,0) -> 14.2 POTENCIAR LAS CAPACIDADES DE LOS DISTINTOS NIVELES DE GOBIERNO PARA EL CUMPLIMIENTO DE LOS OBJETIVOS NACIONALES Y LA PRESTACIÓN DE SERVICIOS CON CALIDAD | C25: OE 4 FORTALECER LAS CAPACIDADES INSTITUCIONALES (PARA LA MEJORA CONTINUA DEL SERVICIO) | D25: INCREMENTAR LA EFICIENCIA Y EFICACIA DE LA COORDINACIÓN PARA LA ATENCIÓN DE EMERGENCIAS MEDIANTE EL FORTALECIMIENTO DE LA COOPERACIÓN INTERINSTITUCIONAL, POTENCIACIÓN DE LAS FUNCIONALIDADES DE LA INFRAESTRUCTURA TECNOLÓGICA, CAPACITACIÓN PERMANENTE DEL PERSONAL Y EL MEJORAMIENTO CONTINUO DE LOS ESTÁNDARES DE CALIDAD EN SUS SERVICIOS, PROCESOS, CLIMA LABORAL Y POSICIONAMIENTO INSTITUCIONAL. | E25: COORDINACIÓN_ZONAL | F25: COORDINACIÓN_ZONAL_1 | G25: GESTIÓN LOCAL ADMINISTRATIVA FINANCIERA Y DE ADMINISTRACIÓN DE RECURSOS HUMANOS | H25: =VLOOKUP(Tabla6[[#This Row],[DIRECCIÓN]],DIRECCIÓN[#All],2,0) -> ADMINISTRACIÓN CENTRAL | I25: CANCELACIÓN DE SERVICIOS DE GUARDERÍA DEL CENTRO OPERATIVO LOCAL SIS ECU 911 TULCÁN EN CUMPLIMIENTO AL ACUERDO MINISTERIAL Nro. MDT-2023-085 | J25: 2 | K25: =VLOOKUP(Tabla6[[#This Row],[DIRECCIÓN GENERAL / COORDINACIÓN / SUBDIRECCIÓN]],Tabla37[[#All],[Columna1]:[EOD]],2,0) -> 266_0001 | L25: =VLOOKUP(Tabla6[[#This Row],[OBJETIVOS PND]],Listas!$A$1:$C$3,3,0) -> 1 | M25: =VLOOKUP(Tabla6[[#This Row],[PG]],Listas2!$G$14:$K$16,5,0) -> 0 | N25: 1 | O25: 401 | P25: =VLOOKUP(Tabla6[[#This Row],[GEO]],Listas!$A$48:$B$77,2,0) -> TULCÁN | Q25: =VLOOKUP(Tabla6[[#This Row],[PG]],Listas2!$G$14:$K$16,3,0) -> 1 | R25: =VLOOKUP(Tabla6[[#This Row],[PG]],Listas2!H30:'Listas2'!$G$14:$K$16,4,0) -> 0 | S25: =VLOOKUP(Tabla6[[#This Row],[PG]],Listas2!$G$14:$K$16,2,0) -> 0 | T25: CORRIENTE | U25: 53 | V25: 530210 | W25: =VLOOKUP(Tabla6[[#This Row],[ÍTEM PRESUPUESTARIO]],Tabla2[#All],2,0) -> SERVICIO DE GUARDERÍA | X25: 0 | Y25: =2511-2511 -> 0 | Z25: 0 | AA25: 0 | AB25: 0 | AC25: 0 | AD25: 0 | AE25: 0 | AF25: 0 | AG25: 0 | AH25: 0 | AI25: 0 | AJ25: 0 | AK25: 0 | AL25: =+SUBTOTAL(9,Tabla6[[#This Row],[ENE]:[DIC]]) -> 0 | AM25: =IF(AL25=Y25,"OK",Y25-AL25) -> OK | AN25: 0 | AO25: =+Tabla6[[#This Row],[PRESUPUESTO VIGENTE]]-Tabla6[[#This Row],[CERTIFICACIÓN PAPP]] -> 0 | AP25: 0
A26: OBJETIVO 14: FORTALECER LAS CAPACIDADES DEL ESTADO CON ÉNFASIS EN LA ADMINISTRACIÓN DE JUSTICIA Y EFICIENCIA EN LOS PROCESOS DE REGULACIÓN Y CONTROL CON INDEPENDENCIA Y AUTONOMÍA. | B26: =VLOOKUP(Tabla6[[#This Row],[OBJETIVOS PND]],Listas!$A$1:$B$3,2,0) -> 14.2 POTENCIAR LAS CAPACIDADES DE LOS DISTINTOS NIVELES DE GOBIERNO PARA EL CUMPLIMIENTO DE LOS OBJETIVOS NACIONALES Y LA PRESTACIÓN DE SERVICIOS CON CALIDAD | C26: OE 4 FORTALECER LAS CAPACIDADES INSTITUCIONALES (PARA LA MEJORA CONTINUA DEL SERVICIO) | D26: INCREMENTAR LA EFICIENCIA Y EFICACIA DE LA COORDINACIÓN PARA LA ATENCIÓN DE EMERGENCIAS MEDIANTE EL FORTALECIMIENTO DE LA COOPERACIÓN INTERINSTITUCIONAL, POTENCIACIÓN DE LAS FUNCIONALIDADES DE LA INFRAESTRUCTURA TECNOLÓGICA, CAPACITACIÓN PERMANENTE DEL PERSONAL Y EL MEJORAMIENTO CONTINUO DE LOS ESTÁNDARES DE CALIDAD EN SUS SERVICIOS, PROCESOS, CLIMA LABORAL Y POSICIONAMIENTO INSTITUCIONAL. | E26: COORDINACIÓN_ZONAL | F26: COORDINACIÓN_ZONAL_1 | G26: GESTIÓN LOCAL ADMINISTRATIVA FINANCIERA Y DE ADMINISTRACIÓN DE RECURSOS HUMANOS | H26: =VLOOKUP(Tabla6[[#This Row],[DIRECCIÓN]],DIRECCIÓN[#All],2,0) -> ADMINISTRACIÓN CENTRAL | I26: CONTRATACIÓN DEL SERVICIO DE RASTREO SATELITAL (GPS) INCLUYE EQUIPOS A PRÉSTAMO PARA LOS VEHÍCULOS DEL CENTRO OPERATIVO LOCAL ECU 911 TULCÁN | J26: 2 | K26: =VLOOKUP(Tabla6[[#This Row],[DIRECCIÓN GENERAL / COORDINACIÓN / SUBDIRECCIÓN]],Tabla37[[#All],[Columna1]:[EOD]],2,0) -> 266_0001 | L26: =VLOOKUP(Tabla6[[#This Row],[OBJETIVOS PND]],Listas!$A$1:$C$3,3,0) -> 1 | M26: =VLOOKUP(Tabla6[[#This Row],[PG]],Listas2!$G$14:$K$16,5,0) -> 0 | N26: 1 | O26: 401 | P26: =VLOOKUP(Tabla6[[#This Row],[GEO]],Listas!$A$48:$B$77,2,0) -> TULCÁN | Q26: =VLOOKUP(Tabla6[[#This Row],[PG]],Listas2!$G$14:$K$16,3,0) -> 1 | R26: =VLOOKUP(Tabla6[[#This Row],[PG]],Listas2!H31:'Listas2'!$G$14:$K$16,4,0) -> 0 | S26: =VLOOKUP(Tabla6[[#This Row],[PG]],Listas2!$G$14:$K$16,2,0) -> 0 | T26: CORRIENTE | U26: 53 | V26: 530246 | W26: =VLOOKUP(Tabla6[[#This Row],[ÍTEM PRESUPUESTARIO]],Tabla2[#All],2,0) -> SERVICIOS DE IDENTIFICACIÓN, MARCACIÓN, AUTENTIFICACIÓN, RASTREO, MONITOREO, SEGUIMIENTO Y/O TRAZABILIDAD | X26: 0 | Y26: =1000-680-69.28 -> 250.72 | Z26: 0 | AA26: 0 | AB26: 0 | AC26: 0 | AD26: 250.72 | AE26: 0 | AF26: 0 | AG26: 0 | AH26: 0 | AI26: 0 | AJ26: 0 | AK26: 0 | AL26: =+SUBTOTAL(9,Tabla6[[#This Row],[ENE]:[DIC]]) -> 250.72 | AM26: =IF(AL26=Y26,"OK",Y26-AL26) -> OK | AN26: =320-69.28 -> 250.72 | AO26: =+Tabla6[[#This Row],[PRESUPUESTO VIGENTE]]-Tabla6[[#This Row],[CERTIFICACIÓN PAPP]] -> 0 | AP26: R
A27: OBJETIVO 14: FORTALECER LAS CAPACIDADES DEL ESTADO CON ÉNFASIS EN LA ADMINISTRACIÓN DE JUSTICIA Y EFICIENCIA EN LOS PROCESOS DE REGULACIÓN Y CONTROL CON INDEPENDENCIA Y AUTONOMÍA. | B27: =VLOOKUP(Tabla6[[#This Row],[OBJETIVOS PND]],Listas!$A$1:$B$3,2,0) -> 14.2 POTENCIAR LAS CAPACIDADES DE LOS DISTINTOS NIVELES DE GOBIERNO PARA EL CUMPLIMIENTO DE LOS OBJETIVOS NACIONALES Y LA PRESTACIÓN DE SERVICIOS CON CALIDAD | C27: OE 4 FORTALECER LAS CAPACIDADES INSTITUCIONALES (PARA LA MEJORA CONTINUA DEL SERVICIO) | D27: INCREMENTAR LA EFICIENCIA Y EFICACIA DE LA COORDINACIÓN PARA LA ATENCIÓN DE EMERGENCIAS MEDIANTE EL FORTALECIMIENTO DE LA COOPERACIÓN INTERINSTITUCIONAL, POTENCIACIÓN DE LAS FUNCIONALIDADES DE LA INFRAESTRUCTURA TECNOLÓGICA, CAPACITACIÓN PERMANENTE DEL PERSONAL Y EL MEJORAMIENTO CONTINUO DE LOS ESTÁNDARES DE CALIDAD EN SUS SERVICIOS, PROCESOS, CLIMA LABORAL Y POSICIONAMIENTO INSTITUCIONAL. | E27: COORDINACIÓN_ZONAL | F27: COORDINACIÓN_ZONAL_1 | G27: GESTIÓN LOCAL ADMINISTRATIVA FINANCIERA Y DE ADMINISTRACIÓN DE RECURSOS HUMANOS | H27: =VLOOKUP(Tabla6[[#This Row],[DIRECCIÓN]],DIRECCIÓN[#All],2,0) -> ADMINISTRACIÓN CENTRAL | I27: ADQUISICIÓN DE COMBUSTIBLES PARA MOVILIZACIÓN DE VEHÍCULOS DEL CENTRO PERÍODO 2023 | J27: 1 | K27: =VLOOKUP(Tabla6[[#This Row],[DIRECCIÓN GENERAL / COORDINACIÓN / SUBDIRECCIÓN]],Tabla37[[#All],[Columna1]:[EOD]],2,0) -> 266_0001 | L27: =VLOOKUP(Tabla6[[#This Row],[OBJETIVOS PND]],Listas!$A$1:$C$3,3,0) -> 1 | M27: =VLOOKUP(Tabla6[[#This Row],[PG]],Listas2!$G$14:$K$16,5,0) -> 0 | N27: 1 | O27: 401 | P27: =VLOOKUP(Tabla6[[#This Row],[GEO]],Listas!$A$48:$B$77,2,0) -> TULCÁN | Q27: =VLOOKUP(Tabla6[[#This Row],[PG]],Listas2!$G$14:$K$16,3,0) -> 1 | R27: =VLOOKUP(Tabla6[[#This Row],[PG]],Listas2!H32:'Listas2'!$G$14:$K$16,4,0) -> 0 | S27: =VLOOKUP(Tabla6[[#This Row],[PG]],Listas2!$G$14:$K$16,2,0) -> 0 | T27: CORRIENTE | U27: 53 | V27: 530255 | W27: =VLOOKUP(Tabla6[[#This Row],[ÍTEM PRESUPUESTARIO]],Tabla2[#All],2,0) -> COMBUSTIBLES | X27: 0 | Y27: =1600-300-153.13 -> 1146.87 | Z27: 0 | AA27: 0 | AB27: 0 | AC27: 0 | AD27: 0 | AE27: 300 | AF27: 0 | AG27: 300 | AH27: 0 | AI27: 300 | AJ27: 0 | AK27: 246.87 | AL27: =+SUBTOTAL(9,Tabla6[[#This Row],[ENE]:[DIC]]) -> 1146.87 | AM27: =IF(AL27=Y27,"OK",Y27-AL27) -> OK | AN27: 1146.87 | AO27: =+Tabla6[[#This Row],[PRESUPUESTO VIGENTE]]-Tabla6[[#This Row],[CERTIFICACIÓN PAPP]] -> 0 | AP27: R
A28: OBJETIVO 14: FORTALECER LAS CAPACIDADES DEL ESTADO CON ÉNFASIS EN LA ADMINISTRACIÓN DE JUSTICIA Y EFICIENCIA EN LOS PROCESOS DE REGULACIÓN Y CONTROL CON INDEPENDENCIA Y AUTONOMÍA. | B28: =VLOOKUP(Tabla6[[#This Row],[OBJETIVOS PND]],Listas!$A$1:$B$3,2,0) -> 14.2 POTENCIAR LAS CAPACIDADES DE LOS DISTINTOS NIVELES DE GOBIERNO PARA EL CUMPLIMIENTO DE LOS OBJETIVOS NACIONALES Y LA PRESTACIÓN DE SERVICIOS CON CALIDAD | C28: OE 4 FORTALECER LAS CAPACIDADES INSTITUCIONALES (PARA LA MEJORA CONTINUA DEL SERVICIO) | D28: INCREMENTAR LA EFICIENCIA Y EFICACIA DE LA COORDINACIÓN PARA LA ATENCIÓN DE EMERGENCIAS MEDIANTE EL FORTALECIMIENTO DE LA COOPERACIÓN INTERINSTITUCIONAL, POTENCIACIÓN DE LAS FUNCIONALIDADES DE LA INFRAESTRUCTURA TECNOLÓGICA, CAPACITACIÓN PERMANENTE DEL PERSONAL Y EL MEJORAMIENTO CONTINUO DE LOS ESTÁNDARES DE CALIDAD EN SUS SERVICIOS, PROCESOS, CLIMA LABORAL Y POSICIONAMIENTO INSTITUCIONAL. | E28: COORDINACIÓN_ZONAL | F28: COORDINACIÓN_ZONAL_1 | G28: GESTIÓN LOCAL ADMINISTRATIVA FINANCIERA Y DE ADMINISTRACIÓN DE RECURSOS HUMANOS | H28: =VLOOKUP(Tabla6[[#This Row],[DIRECCIÓN]],DIRECCIÓN[#All],2,0) -> ADMINISTRACIÓN CENTRAL | I28: ADQUISICIÓN DE COMBUSTIBLES PERÍODO 2023 PARA ABASTECIMIENTO DE GENERADORES | J28: 1 | K28: =VLOOKUP(Tabla6[[#This Row],[DIRECCIÓN GENERAL / COORDINACIÓN / SUBDIRECCIÓN]],Tabla37[[#All],[Columna1]:[EOD]],2,0) -> 266_0001 | L28: =VLOOKUP(Tabla6[[#This Row],[OBJETIVOS PND]],Listas!$A$1:$C$3,3,0) -> 1 | M28: =VLOOKUP(Tabla6[[#This Row],[PG]],Listas2!$G$14:$K$16,5,0) -> 0 | N28: 1 | O28: 401 | P28: =VLOOKUP(Tabla6[[#This Row],[GEO]],Listas!$A$48:$B$77,2,0) -> TULCÁN | Q28: =VLOOKUP(Tabla6[[#This Row],[PG]],Listas2!$G$14:$K$16,3,0) -> 1 | R28: =VLOOKUP(Tabla6[[#This Row],[PG]],Listas2!H33:'Listas2'!$G$14:$K$16,4,0) -> 0 | S28: =VLOOKUP(Tabla6[[#This Row],[PG]],Listas2!$G$14:$K$16,2,0) -> 0 | T28: CORRIENTE | U28: 53 | V28: 530255 | W28: =VLOOKUP(Tabla6[[#This Row],[ÍTEM PRESUPUESTARIO]],Tabla2[#All],2,0) -> COMBUSTIBLES | X28: 0 | Y28: =475-75-9.37+563-563 -> 390.63 | Z28: 0 | AA28: 0 | AB28: 0 | AC28: 0 | AD28: 0 | AE28: 0 | AF28: 0 | AG28: 0 | AH28: 390.63 | AI28: 0 | AJ28: 0 | AK28: 0 | AL28: =+SUBTOTAL(9,Tabla6[[#This Row],[ENE]:[DIC]]) -> 390.63 | AM28: =IF(AL28=Y28,"OK",Y28-AL28) -> OK | AN28: 390.63 | AO28: =+Tabla6[[#This Row],[PRESUPUESTO VIGENTE]]-Tabla6[[#This Row],[CERTIFICACIÓN PAPP]] -> 0 | AP28: 0
A29: OBJETIVO 14: FORTALECER LAS CAPACIDADES DEL ESTADO CON ÉNFASIS EN LA ADMINISTRACIÓN DE JUSTICIA Y EFICIENCIA EN LOS PROCESOS DE REGULACIÓN Y CONTROL CON INDEPENDENCIA Y AUTONOMÍA. | B29: =VLOOKUP(Tabla6[[#This Row],[OBJETIVOS PND]],Listas!$A$1:$B$3,2,0) -> 14.2 POTENCIAR LAS CAPACIDADES DE LOS DISTINTOS NIVELES DE GOBIERNO PARA EL CUMPLIMIENTO DE LOS OBJETIVOS NACIONALES Y LA PRESTACIÓN DE SERVICIOS CON CALIDAD | C29: OE 4 FORTALECER LAS CAPACIDADES INSTITUCIONALES (PARA LA MEJORA CONTINUA DEL SERVICIO) | D29: INCREMENTAR LA EFICIENCIA Y EFICACIA DE LA COORDINACIÓN PARA LA ATENCIÓN DE EMERGENCIAS MEDIANTE EL FORTALECIMIENTO DE LA COOPERACIÓN INTERINSTITUCIONAL, POTENCIACIÓN DE LAS FUNCIONALIDADES DE LA INFRAESTRUCTURA TECNOLÓGICA, CAPACITACIÓN PERMANENTE DEL PERSONAL Y EL MEJORAMIENTO CONTINUO DE LOS ESTÁNDARES DE CALIDAD EN SUS SERVICIOS, PROCESOS, CLIMA LABORAL Y POSICIONAMIENTO INSTITUCIONAL. | E29: COORDINACIÓN_ZONAL | F29: COORDINACIÓN_ZONAL_1 | G29: GESTIÓN LOCAL ADMINISTRATIVA FINANCIERA Y DE ADMINISTRACIÓN DE RECURSOS HUMANOS | H29: =VLOOKUP(Tabla6[[#This Row],[DIRECCIÓN]],DIRECCIÓN[#All],2,0) -> ADMINISTRACIÓN CENTRAL | I29: PROVISIÓN PARA MOVILIZACIONES TERRESTRES DE FUNCIONARIOS DEL ECU 911 POR ACTIVIDADES INSTITUCIONALES AÑO 2023 | J29: 1 | K29: =VLOOKUP(Tabla6[[#This Row],[DIRECCIÓN GENERAL / COORDINACIÓN / SUBDIRECCIÓN]],Tabla37[[#All],[Columna1]:[EOD]],2,0) -> 266_0001 | L29: =VLOOKUP(Tabla6[[#This Row],[OBJETIVOS PND]],Listas!$A$1:$C$3,3,0) -> 1 | M29: =VLOOKUP(Tabla6[[#This Row],[PG]],Listas2!$G$14:$K$16,5,0) -> 0 | N29: 1 | O29: 401 | P29: =VLOOKUP(Tabla6[[#This Row],[GEO]],Listas!$A$48:$B$77,2,0) -> TULCÁN | Q29: =VLOOKUP(Tabla6[[#This Row],[PG]],Listas2!$G$14:$K$16,3,0) -> 1 | R29: =VLOOKUP(Tabla6[[#This Row],[PG]],Listas2!H34:'Listas2'!$G$14:$K$16,4,0) -> 0 | S29: =VLOOKUP(Tabla6[[#This Row],[PG]],Listas2!$G$14:$K$16,2,0) -> 0 | T29: CORRIENTE | U29: 53 | V29: 530301 | W29: =VLOOKUP(Tabla6[[#This Row],[ÍTEM PRESUPUESTARIO]],Tabla2[#All],2,0) -> PASAJES AL INTERIOR | X29: 100 | Y29: =100-100 -> 0 | Z29: 0 | AA29: 0 | AB29: 0 | AC29: 0 | AD29: 0 | AE29: 0 | AF29: 0 | AG29: 0 | AH29: 0 | AI29: 0 | AJ29: 0 | AK29: 0 | AL29: =+SUBTOTAL(9,Tabla6[[#This Row],[ENE]:[DIC]]) -> 0 | AM29: =IF(AL29=Y29,"OK",Y29-AL29) -> OK | AN29: 0 | AO29: =+Tabla6[[#This Row],[PRESUPUESTO VIGENTE]]-Tabla6[[#This Row],[CERTIFICACIÓN PAPP]] -> 0 | AP29: 0
A30: OBJETIVO 14: FORTALECER LAS CAPACIDADES DEL ESTADO CON ÉNFASIS EN LA ADMINISTRACIÓN DE JUSTICIA Y EFICIENCIA EN LOS PROCESOS DE REGULACIÓN Y CONTROL CON INDEPENDENCIA Y AUTONOMÍA. | B30: =VLOOKUP(Tabla6[[#This Row],[OBJETIVOS PND]],Listas!$A$1:$B$3,2,0) -> 14.2 POTENCIAR LAS CAPACIDADES DE LOS DISTINTOS NIVELES DE GOBIERNO PARA EL CUMPLIMIENTO DE LOS OBJETIVOS NACIONALES Y LA PRESTACIÓN DE SERVICIOS CON CALIDAD | C30: OE 4 FORTALECER LAS CAPACIDADES INSTITUCIONALES (PARA LA MEJORA CONTINUA DEL SERVICIO) | D30: INCREMENTAR LA EFICIENCIA Y EFICACIA DE LA COORDINACIÓN PARA LA ATENCIÓN DE EMERGENCIAS MEDIANTE EL FORTALECIMIENTO DE LA COOPERACIÓN INTERINSTITUCIONAL, POTENCIACIÓN DE LAS FUNCIONALIDADES DE LA INFRAESTRUCTURA TECNOLÓGICA, CAPACITACIÓN PERMANENTE DEL PERSONAL Y EL MEJORAMIENTO CONTINUO DE LOS ESTÁNDARES DE CALIDAD EN SUS SERVICIOS, PROCESOS, CLIMA LABORAL Y POSICIONAMIENTO INSTITUCIONAL. | E30: COORDINACIÓN_ZONAL | F30: COORDINACIÓN_ZONAL_1 | G30: GESTIÓN LOCAL ADMINISTRATIVA FINANCIERA Y DE ADMINISTRACIÓN DE RECURSOS HUMANOS | H30: =VLOOKUP(Tabla6[[#This Row],[DIRECCIÓN]],DIRECCIÓN[#All],2,0) -> ADMINISTRACIÓN CENTRAL | I30: PROVISIÓN PARA ALIMENTACIÓN Y ESTADÍA DE LOS FUNCIONARIOS DEL CENTRO OPERATIVO LOCAL ECU 911 TULCÁN POR COMISIÓN FUERA DE LA PROVINCIA EN EL AÑO 2023 | J30: 1 | K30: =VLOOKUP(Tabla6[[#This Row],[DIRECCIÓN GENERAL / COORDINACIÓN / SUBDIRECCIÓN]],Tabla37[[#All],[Columna1]:[EOD]],2,0) -> 266_0001 | L30: =VLOOKUP(Tabla6[[#This Row],[OBJETIVOS PND]],Listas!$A$1:$C$3,3,0) -> 1 | M30: =VLOOKUP(Tabla6[[#This Row],[PG]],Listas2!$G$14:$K$16,5,0) -> 0 | N30: 1 | O30: 401 | P30: =VLOOKUP(Tabla6[[#This Row],[GEO]],Listas!$A$48:$B$77,2,0) -> TULCÁN | Q30: =VLOOKUP(Tabla6[[#This Row],[PG]],Listas2!$G$14:$K$16,3,0) -> 1 | R30: =VLOOKUP(Tabla6[[#This Row],[PG]],Listas2!H35:'Listas2'!$G$14:$K$16,4,0) -> 0 | S30: =VLOOKUP(Tabla6[[#This Row],[PG]],Listas2!$G$14:$K$16,2,0) -> 0 | T30: CORRIENTE | U30: 53 | V30: 530303 | W30: =VLOOKUP(Tabla6[[#This Row],[ÍTEM PRESUPUESTARIO]],Tabla2[#All],2,0) -> VIÁTICOS Y SUBSISTENCIAS EN EL INTERIOR | X30: 1500 | Y30: =1500+646.06+3075+3067.9+1500-750+2000-2750 -> 8288.96 | Z30: 0 | AA30: 0 | AB30: 0 | AC30: 0 | AD30: 0 | AE30: 0 | AF30: 0 | AG30: 0 | AH30: 0 | AI30: 0 | AJ30: 0 | AK30: 8288.96 | AL30: =+SUBTOTAL(9,Tabla6[[#This Row],[ENE]:[DIC]]) -> 8288.96 | AM30: =IF(AL30=Y30,"OK",Y30-AL30) -> OK | AN30: =1500-148.51+794.57-358.57+1833.57-172.21+4840.11 -> 8288.96 | AO30: =+Tabla6[[#This Row],[PRESUPUESTO VIGENTE]]-Tabla6[[#This Row],[CERTIFICACIÓN PAPP]] -> 0 | AP30: R
A31: OBJETIVO 14: FORTALECER LAS CAPACIDADES DEL ESTADO CON ÉNFASIS EN LA ADMINISTRACIÓN DE JUSTICIA Y EFICIENCIA EN LOS PROCESOS DE REGULACIÓN Y CONTROL CON INDEPENDENCIA Y AUTONOMÍA. | B31: =VLOOKUP(Tabla6[[#This Row],[OBJETIVOS PND]],Listas!$A$1:$B$3,2,0) -> 14.2 POTENCIAR LAS CAPACIDADES DE LOS DISTINTOS NIVELES DE GOBIERNO PARA EL CUMPLIMIENTO DE LOS OBJETIVOS NACIONALES Y LA PRESTACIÓN DE SERVICIOS CON CALIDAD | C31: OE 4 FORTALECER LAS CAPACIDADES INSTITUCIONALES (PARA LA MEJORA CONTINUA DEL SERVICIO) | D31: INCREMENTAR LA EFICIENCIA Y EFICACIA DE LA COORDINACIÓN PARA LA ATENCIÓN DE EMERGENCIAS MEDIANTE EL FORTALECIMIENTO DE LA COOPERACIÓN INTERINSTITUCIONAL, POTENCIACIÓN DE LAS FUNCIONALIDADES DE LA INFRAESTRUCTURA TECNOLÓGICA, CAPACITACIÓN PERMANENTE DEL PERSONAL Y EL MEJORAMIENTO CONTINUO DE LOS ESTÁNDARES DE CALIDAD EN SUS SERVICIOS, PROCESOS, CLIMA LABORAL Y POSICIONAMIENTO INSTITUCIONAL. | E31: COORDINACIÓN_ZONAL | F31: COORDINACIÓN_ZONAL_1 | G31: GESTIÓN LOCAL ADMINISTRATIVA FINANCIERA Y DE ADMINISTRACIÓN DE RECURSOS HUMANOS | H31: =VLOOKUP(Tabla6[[#This Row],[DIRECCIÓN]],DIRECCIÓN[#All],2,0) -> ADMINISTRACIÓN CENTRAL | I31: CONTRATACIÓN DEL SERVICIO DE ADECUACIÓN DEL ÁREA DE RECEPCIÓN SEGUNDA PLANTA, DEL CENTRO LOCAL TULCÁN | J31: 1 | K31: =VLOOKUP(Tabla6[[#This Row],[DIRECCIÓN GENERAL / COORDINACIÓN / SUBDIRECCIÓN]],Tabla37[[#All],[Columna1]:[EOD]],2,0) -> 266_0001 | L31: =VLOOKUP(Tabla6[[#This Row],[OBJETIVOS PND]],Listas!$A$1:$C$3,3,0) -> 1 | M31: =VLOOKUP(Tabla6[[#This Row],[PG]],Listas2!$G$14:$K$16,5,0) -> 0 | N31: 1 | O31: 401 | P31: =VLOOKUP(Tabla6[[#This Row],[GEO]],Listas!$A$48:$B$77,2,0) -> TULCÁN | Q31: =VLOOKUP(Tabla6[[#This Row],[PG]],Listas2!$G$14:$K$16,3,0) -> 1 | R31: =VLOOKUP(Tabla6[[#This Row],[PG]],Listas2!H36:'Listas2'!$G$14:$K$16,4,0) -> 0 | S31: =VLOOKUP(Tabla6[[#This Row],[PG]],Listas2!$G$14:$K$16,2,0) -> 0 | T31: CORRIENTE | U31: 53 | V31: 530402 | W31: =VLOOKUP(Tabla6[[#This Row],[ÍTEM PRESUPUESTARIO]],Tabla2[#All],2,0) -> EDIFICIOS, LOCALES, RESIDENCIAS Y CABLEADO ESTRUCTURADO (INSTALACIÓN, MANTENIMIENTO Y REPARACIÓN) | X31: 5500 | Y31: =5500-1500-534.4-781.68 -> 2683.92 | Z31: 0 | AA31: 0 | AB31: 0 | AC31: 0 | AD31: 0 | AE31: 2683.92 | AF31: 0 | AG31: 0 | AH31: 0 | AI31: 0 | AJ31: 0 | AK31: 0 | AL31: =+SUBTOTAL(9,Tabla6[[#This Row],[ENE]:[DIC]]) -> 2683.92 | AM31: =IF(AL31=Y31,"OK",Y31-AL31) -> OK | AN31: 2683.92 | AO31: =+Tabla6[[#This Row],[PRESUPUESTO VIGENTE]]-Tabla6[[#This Row],[CERTIFICACIÓN PAPP]] -> 0 | AP31: R
A32: OBJETIVO 14: FORTALECER LAS CAPACIDADES DEL ESTADO CON ÉNFASIS EN LA ADMINISTRACIÓN DE JUSTICIA Y EFICIENCIA EN LOS PROCESOS DE REGULACIÓN Y CONTROL CON INDEPENDENCIA Y AUTONOMÍA. | B32: =VLOOKUP(Tabla6[[#This Row],[OBJETIVOS PND]],Listas!$A$1:$B$3,2,0) -> 14.2 POTENCIAR LAS CAPACIDADES DE LOS DISTINTOS NIVELES DE GOBIERNO PARA EL CUMPLIMIENTO DE LOS OBJETIVOS NACIONALES Y LA PRESTACIÓN DE SERVICIOS CON CALIDAD | C32: OE 4 FORTALECER LAS CAPACIDADES INSTITUCIONALES (PARA LA MEJORA CONTINUA DEL SERVICIO) | D32: INCREMENTAR LA EFICIENCIA Y EFICACIA DE LA COORDINACIÓN PARA LA ATENCIÓN DE EMERGENCIAS MEDIANTE EL FORTALECIMIENTO DE LA COOPERACIÓN INTERINSTITUCIONAL, POTENCIACIÓN DE LAS FUNCIONALIDADES DE LA INFRAESTRUCTURA TECNOLÓGICA, CAPACITACIÓN PERMANENTE DEL PERSONAL Y EL MEJORAMIENTO CONTINUO DE LOS ESTÁNDARES DE CALIDAD EN SUS SERVICIOS, PROCESOS, CLIMA LABORAL Y POSICIONAMIENTO INSTITUCIONAL. | E32: COORDINACIÓN_ZONAL | F32: COORDINACIÓN_ZONAL_1 | G32: GESTIÓN LOCAL ADMINISTRATIVA FINANCIERA Y DE ADMINISTRACIÓN DE RECURSOS HUMANOS | H32: =VLOOKUP(Tabla6[[#This Row],[DIRECCIÓN]],DIRECCIÓN[#All],2,0) -> ADMINISTRACIÓN CENTRAL | I32: CONTRATACIÓN SERVICIO PARA MANTENIMIENTO DE ALUCUBON EXTERNO | J32: 1 | K32: =VLOOKUP(Tabla6[[#This Row],[DIRECCIÓN GENERAL / COORDINACIÓN / SUBDIRECCIÓN]],Tabla37[[#All],[Columna1]:[EOD]],2,0) -> 266_0001 | L32: =VLOOKUP(Tabla6[[#This Row],[OBJETIVOS PND]],Listas!$A$1:$C$3,3,0) -> 1 | M32: =VLOOKUP(Tabla6[[#This Row],[PG]],Listas2!$G$14:$K$16,5,0) -> 0 | N32: 1 | O32: 401 | P32: =VLOOKUP(Tabla6[[#This Row],[GEO]],Listas!$A$48:$B$77,2,0) -> TULCÁN | Q32: =VLOOKUP(Tabla6[[#This Row],[PG]],Listas2!$G$14:$K$16,3,0) -> 1 | R32: =VLOOKUP(Tabla6[[#This Row],[PG]],Listas2!H37:'Listas2'!$G$14:$K$16,4,0) -> 0 | S32: =VLOOKUP(Tabla6[[#This Row],[PG]],Listas2!$G$14:$K$16,2,0) -> 0 | T32: CORRIENTE | U32: 53 | V32: 530402 | W32: =VLOOKUP(Tabla6[[#This Row],[ÍTEM PRESUPUESTARIO]],Tabla2[#All],2,0) -> EDIFICIOS, LOCALES, RESIDENCIAS Y CABLEADO ESTRUCTURADO (INSTALACIÓN, MANTENIMIENTO Y REPARACIÓN) | X32: 3000 | Y32: =3000-1000+534.4-854.4 -> 1680 | Z32: 0 | AA32: 0 | AB32: 0 | AC32: 0 | AD32: 0 | AE32: 1680 | AF32: 0 | AG32: 0 | AH32: 0 | AI32: 0 | AJ32: 0 | AK32: 0 | AL32: =+SUBTOTAL(9,Tabla6[[#This Row],[ENE]:[DIC]]) -> 1680 | AM32: =IF(AL32=Y32,"OK",Y32-AL32) -> OK | AN32: 1680 | AO32: =+Tabla6[[#This Row],[PRESUPUESTO VIGENTE]]-Tabla6[[#This Row],[CERTIFICACIÓN PAPP]] -> 0 | AP32: 0
A33: OBJETIVO 14: FORTALECER LAS CAPACIDADES DEL ESTADO CON ÉNFASIS EN LA ADMINISTRACIÓN DE JUSTICIA Y EFICIENCIA EN LOS PROCESOS DE REGULACIÓN Y CONTROL CON INDEPENDENCIA Y AUTONOMÍA. | B33: =VLOOKUP(Tabla6[[#This Row],[OBJETIVOS PND]],Listas!$A$1:$B$3,2,0) -> 14.2 POTENCIAR LAS CAPACIDADES DE LOS DISTINTOS NIVELES DE GOBIERNO PARA EL CUMPLIMIENTO DE LOS OBJETIVOS NACIONALES Y LA PRESTACIÓN DE SERVICIOS CON CALIDAD | C33: OE 4 FORTALECER LAS CAPACIDADES INSTITUCIONALES (PARA LA MEJORA CONTINUA DEL SERVICIO) | D33: INCREMENTAR LA EFICIENCIA Y EFICACIA DE LA COORDINACIÓN PARA LA ATENCIÓN DE EMERGENCIAS MEDIANTE EL FORTALECIMIENTO DE LA COOPERACIÓN INTERINSTITUCIONAL, POTENCIACIÓN DE LAS FUNCIONALIDADES DE LA INFRAESTRUCTURA TECNOLÓGICA, CAPACITACIÓN PERMANENTE DEL PERSONAL Y EL MEJORAMIENTO CONTINUO DE LOS ESTÁNDARES DE CALIDAD EN SUS SERVICIOS, PROCESOS, CLIMA LABORAL Y POSICIONAMIENTO INSTITUCIONAL. | E33: COORDINACIÓN_ZONAL | F33: COORDINACIÓN_ZONAL_1 | G33: GESTIÓN LOCAL ADMINISTRATIVA FINANCIERA Y DE ADMINISTRACIÓN DE RECURSOS HUMANOS | H33: =VLOOKUP(Tabla6[[#This Row],[DIRECCIÓN]],DIRECCIÓN[#All],2,0) -> ADMINISTRACIÓN CENTRAL | I33: CONTRATACIÓN SERVICIO DE MANTENIMIENTO RELOJ BIOMÉTRICO | J33: 1 | K33: =VLOOKUP(Tabla6[[#This Row],[DIRECCIÓN GENERAL / COORDINACIÓN / SUBDIRECCIÓN]],Tabla37[[#All],[Columna1]:[EOD]],2,0) -> 266_0001 | L33: =VLOOKUP(Tabla6[[#This Row],[OBJETIVOS PND]],Listas!$A$1:$C$3,3,0) -> 1 | M33: =VLOOKUP(Tabla6[[#This Row],[PG]],Listas2!$G$14:$K$16,5,0) -> 0 | N33: 1 | O33: 401 | P33: =VLOOKUP(Tabla6[[#This Row],[GEO]],Listas!$A$48:$B$77,2,0) -> TULCÁN | Q33: =VLOOKUP(Tabla6[[#This Row],[PG]],Listas2!$G$14:$K$16,3,0) -> 1 | R33: =VLOOKUP(Tabla6[[#This Row],[PG]],Listas2!H38:'Listas2'!$G$14:$K$16,4,0) -> 0 | S33: =VLOOKUP(Tabla6[[#This Row],[PG]],Listas2!$G$14:$K$16,2,0) -> 0 | T33: CORRIENTE | U33: 53 | V33: 530404 | W33: =VLOOKUP(Tabla6[[#This Row],[ÍTEM PRESUPUESTARIO]],Tabla2[#All],2,0) -> MAQUINARIAS Y EQUIPOS (INSTALACIÓN, MANTENIMIENTO Y REPARACIÓN) | X33: 350 | Y33: =350-52.5 -> 297.5 | Z33: 0 | AA33: 0 | AB33: 0 | AC33: 0 | AD33: 0 | AE33: 0 | AF33: 0 | AG33: 297.5 | AH33: 0 | AI33: 0 | AJ33: 0 | AK33: 0 | AL33: =+SUBTOTAL(9,Tabla6[[#This Row],[ENE]:[DIC]]) -> 297.5 | AM33: =IF(AL33=Y33,"OK",Y33-AL33) -> OK | AN33: 297.5 | AO33: =+Tabla6[[#This Row],[PRESUPUESTO VIGENTE]]-Tabla6[[#This Row],[CERTIFICACIÓN PAPP]] -> 0 | AP33: 0
A34: OBJETIVO 14: FORTALECER LAS CAPACIDADES DEL ESTADO CON ÉNFASIS EN LA ADMINISTRACIÓN DE JUSTICIA Y EFICIENCIA EN LOS PROCESOS DE REGULACIÓN Y CONTROL CON INDEPENDENCIA Y AUTONOMÍA. | B34: =VLOOKUP(Tabla6[[#This Row],[OBJETIVOS PND]],Listas!$A$1:$B$3,2,0) -> 14.2 POTENCIAR LAS CAPACIDADES DE LOS DISTINTOS NIVELES DE GOBIERNO PARA EL CUMPLIMIENTO DE LOS OBJETIVOS NACIONALES Y LA PRESTACIÓN DE SERVICIOS CON CALIDAD | C34: OE 4 FORTALECER LAS CAPACIDADES INSTITUCIONALES (PARA LA MEJORA CONTINUA DEL SERVICIO) | D34: INCREMENTAR LA EFICIENCIA Y EFICACIA DE LA COORDINACIÓN PARA LA ATENCIÓN DE EMERGENCIAS MEDIANTE EL FORTALECIMIENTO DE LA COOPERACIÓN INTERINSTITUCIONAL, POTENCIACIÓN DE LAS FUNCIONALIDADES DE LA INFRAESTRUCTURA TECNOLÓGICA, CAPACITACIÓN PERMANENTE DEL PERSONAL Y EL MEJORAMIENTO CONTINUO DE LOS ESTÁNDARES DE CALIDAD EN SUS SERVICIOS, PROCESOS, CLIMA LABORAL Y POSICIONAMIENTO INSTITUCIONAL. | E34: COORDINACIÓN_ZONAL | F34: COORDINACIÓN_ZONAL_1 | G34: GESTIÓN LOCAL ADMINISTRATIVA FINANCIERA Y DE ADMINISTRACIÓN DE RECURSOS HUMANOS | H34: =VLOOKUP(Tabla6[[#This Row],[DIRECCIÓN]],DIRECCIÓN[#All],2,0) -> ADMINISTRACIÓN CENTRAL | I34: CONTRATACIÓN DEL SERVICIO DE MANTENIMIENTO PREVENTIVO Y CORRECTIVO DEL ASCENSOR AÑO 2023 | J34: 1 | K34: =VLOOKUP(Tabla6[[#This Row],[DIRECCIÓN GENERAL / COORDINACIÓN / SUBDIRECCIÓN]],Tabla37[[#All],[Columna1]:[EOD]],2,0) -> 266_0001 | L34: =VLOOKUP(Tabla6[[#This Row],[OBJETIVOS PND]],Listas!$A$1:$C$3,3,0) -> 1 | M34: =VLOOKUP(Tabla6[[#This Row],[PG]],Listas2!$G$14:$K$16,5,0) -> 0 | N34: 1 | O34: 401 | P34: =VLOOKUP(Tabla6[[#This Row],[GEO]],Listas!$A$48:$B$77,2,0) -> TULCÁN | Q34: =VLOOKUP(Tabla6[[#This Row],[PG]],Listas2!$G$14:$K$16,3,0) -> 1 | R34: =VLOOKUP(Tabla6[[#This Row],[PG]],Listas2!H39:'Listas2'!$G$14:$K$16,4,0) -> 0 | S34: =VLOOKUP(Tabla6[[#This Row],[PG]],Listas2!$G$14:$K$16,2,0) -> 0 | T34: CORRIENTE | U34: 53 | V34: 530404 | W34: =VLOOKUP(Tabla6[[#This Row],[ÍTEM PRESUPUESTARIO]],Tabla2[#All],2,0) -> MAQUINARIAS Y EQUIPOS (INSTALACIÓN, MANTENIMIENTO Y REPARACIÓN) | X34: 2000 | Y34: =2000+1000-1072.25-52.5 -> 1875.25 | Z34: 0 | AA34: 0 | AB34: 192.78 | AC34: 192.78 | AD34: 192.78 | AE34: 192.78 | AF34: 192.78 | AG34: 192.78 | AH34: 192.78 | AI34: 192.78 | AJ34: 192.78 | AK34: 140.23 | AL34: =+SUBTOTAL(9,Tabla6[[#This Row],[ENE]:[DIC]]) -> 1875.25 | AM34: =IF(AL34=Y34,"OK",Y34-AL34) -> OK | AN34: 1875.25 | AO34: =+Tabla6[[#This Row],[PRESUPUESTO VIGENTE]]-Tabla6[[#This Row],[CERTIFICACIÓN PAPP]] -> 0 | AP34: 0
A35: OBJETIVO 14: FORTALECER LAS CAPACIDADES DEL ESTADO CON ÉNFASIS EN LA ADMINISTRACIÓN DE JUSTICIA Y EFICIENCIA EN LOS PROCESOS DE REGULACIÓN Y CONTROL CON INDEPENDENCIA Y AUTONOMÍA. | B35: =VLOOKUP(Tabla6[[#This Row],[OBJETIVOS PND]],Listas!$A$1:$B$3,2,0) -> 14.2 POTENCIAR LAS CAPACIDADES DE LOS DISTINTOS NIVELES DE GOBIERNO PARA EL CUMPLIMIENTO DE LOS OBJETIVOS NACIONALES Y LA PRESTACIÓN DE SERVICIOS CON CALIDAD | C35: OE 4 FORTALECER LAS CAPACIDADES INSTITUCIONALES (PARA LA MEJORA CONTINUA DEL SERVICIO) | D35: INCREMENTAR LA EFICIENCIA Y EFICACIA DE LA COORDINACIÓN PARA LA ATENCIÓN DE EMERGENCIAS MEDIANTE EL FORTALECIMIENTO DE LA COOPERACIÓN INTERINSTITUCIONAL, POTENCIACIÓN DE LAS FUNCIONALIDADES DE LA INFRAESTRUCTURA TECNOLÓGICA, CAPACITACIÓN PERMANENTE DEL PERSONAL Y EL MEJORAMIENTO CONTINUO DE LOS ESTÁNDARES DE CALIDAD EN SUS SERVICIOS, PROCESOS, CLIMA LABORAL Y POSICIONAMIENTO INSTITUCIONAL. | E35: COORDINACIÓN_ZONAL | F35: COORDINACIÓN_ZONAL_1 | G35: GESTIÓN LOCAL ADMINISTRATIVA FINANCIERA Y DE ADMINISTRACIÓN DE RECURSOS HUMANOS | H35: =VLOOKUP(Tabla6[[#This Row],[DIRECCIÓN]],DIRECCIÓN[#All],2,0) -> ADMINISTRACIÓN CENTRAL | I35: CONTRATACIÓN DEL SERVICIO DE MANTENIMIENTO PREVENTIVO Y CORRECTIVO DE ELECTRODOMÉSTICOS DEL CENTRO OPERATIVO LOCAL ECU 911 TULCÁN | J35: 1 | K35: =VLOOKUP(Tabla6[[#This Row],[DIRECCIÓN GENERAL / COORDINACIÓN / SUBDIRECCIÓN]],Tabla37[[#All],[Columna1]:[EOD]],2,0) -> 266_0001 | L35: =VLOOKUP(Tabla6[[#This Row],[OBJETIVOS PND]],Listas!$A$1:$C$3,3,0) -> 1 | M35: =VLOOKUP(Tabla6[[#This Row],[PG]],Listas2!$G$14:$K$16,5,0) -> 0 | N35: 1 | O35: 401 | P35: =VLOOKUP(Tabla6[[#This Row],[GEO]],Listas!$A$48:$B$77,2,0) -> TULCÁN | Q35: =VLOOKUP(Tabla6[[#This Row],[PG]],Listas2!$G$14:$K$16,3,0) -> 1 | R35: =VLOOKUP(Tabla6[[#This Row],[PG]],Listas2!H40:'Listas2'!$G$14:$K$16,4,0) -> 0 | S35: =VLOOKUP(Tabla6[[#This Row],[PG]],Listas2!$G$14:$K$16,2,0) -> 0 | T35: CORRIENTE | U35: 53 | V35: 530404 | W35: =VLOOKUP(Tabla6[[#This Row],[ÍTEM PRESUPUESTARIO]],Tabla2[#All],2,0) -> MAQUINARIAS Y EQUIPOS (INSTALACIÓN, MANTENIMIENTO Y REPARACIÓN) | X35: 1500 | Y35: =1500-1500 -> 0 | Z35: 0 | AA35: 0 | AB35: 0 | AC35: 0 | AD35: 0 | AE35: 0 | AF35: 0 | AG35: 0 | AH35: 0 | AI35: 0 | AJ35: 0 | AK35: 0 | AL35: =+SUBTOTAL(9,Tabla6[[#This Row],[ENE]:[DIC]]) -> 0 | AM35: =IF(AL35=Y35,"OK",Y35-AL35) -> OK | AN35: 0 | AO35: =+Tabla6[[#This Row],[PRESUPUESTO VIGENTE]]-Tabla6[[#This Row],[CERTIFICACIÓN PAPP]] -> 0 | AP35: 0
A36: OBJETIVO 14: FORTALECER LAS CAPACIDADES DEL ESTADO CON ÉNFASIS EN LA ADMINISTRACIÓN DE JUSTICIA Y EFICIENCIA EN LOS PROCESOS DE REGULACIÓN Y CONTROL CON INDEPENDENCIA Y AUTONOMÍA. | B36: =VLOOKUP(Tabla6[[#This Row],[OBJETIVOS PND]],Listas!$A$1:$B$3,2,0) -> 14.2 POTENCIAR LAS CAPACIDADES DE LOS DISTINTOS NIVELES DE GOBIERNO PARA EL CUMPLIMIENTO DE LOS OBJETIVOS NACIONALES Y LA PRESTACIÓN DE SERVICIOS CON CALIDAD | C36: OE 4 FORTALECER LAS CAPACIDADES INSTITUCIONALES (PARA LA MEJORA CONTINUA DEL SERVICIO) | D36: INCREMENTAR LA EFICIENCIA Y EFICACIA DE LA COORDINACIÓN PARA LA ATENCIÓN DE EMERGENCIAS MEDIANTE EL FORTALECIMIENTO DE LA COOPERACIÓN INTERINSTITUCIONAL, POTENCIACIÓN DE LAS FUNCIONALIDADES DE LA INFRAESTRUCTURA TECNOLÓGICA, CAPACITACIÓN PERMANENTE DEL PERSONAL Y EL MEJORAMIENTO CONTINUO DE LOS ESTÁNDARES DE CALIDAD EN SUS SERVICIOS, PROCESOS, CLIMA LABORAL Y POSICIONAMIENTO INSTITUCIONAL. | E36: COORDINACIÓN_ZONAL | F36: COORDINACIÓN_ZONAL_1 | G36: GESTIÓN LOCAL ADMINISTRATIVA FINANCIERA Y DE ADMINISTRACIÓN DE RECURSOS HUMANOS | H36: =VLOOKUP(Tabla6[[#This Row],[DIRECCIÓN]],DIRECCIÓN[#All],2,0) -> ADMINISTRACIÓN CENTRAL | I36: CANCELACIÓN POR CONTRATACIÓN DE MANO DE OBRA PARA MANTENIMIENTO DE VEHÍCULOS LIVIANOS DEL CENTRO OPERATIVO ECU 911 PARA GARANTIZAR OPERATIVIDAD | J36: 1 | K36: =VLOOKUP(Tabla6[[#This Row],[DIRECCIÓN GENERAL / COORDINACIÓN / SUBDIRECCIÓN]],Tabla37[[#All],[Columna1]:[EOD]],2,0) -> 266_0001 | L36: =VLOOKUP(Tabla6[[#This Row],[OBJETIVOS PND]],Listas!$A$1:$C$3,3,0) -> 1 | M36: =VLOOKUP(Tabla6[[#This Row],[PG]],Listas2!$G$14:$K$16,5,0) -> 0 | N36: 1 | O36: 401 | P36: =VLOOKUP(Tabla6[[#This Row],[GEO]],Listas!$A$48:$B$77,2,0) -> TULCÁN | Q36: =VLOOKUP(Tabla6[[#This Row],[PG]],Listas2!$G$14:$K$16,3,0) -> 1 | R36: =VLOOKUP(Tabla6[[#This Row],[PG]],Listas2!H41:'Listas2'!$G$14:$K$16,4,0) -> 0 | S36: =VLOOKUP(Tabla6[[#This Row],[PG]],Listas2!$G$14:$K$16,2,0) -> 0 | T36: CORRIENTE | U36: 53 | V36: 530405 | W36: =VLOOKUP(Tabla6[[#This Row],[ÍTEM PRESUPUESTARIO]],Tabla2[#All],2,0) -> VEHÍCULOS (SERVICIO PARA MANTENIMIENTO Y REPARACIÓN) | X36: 650 | Y36: =650-48.08-66 -> 535.92 | Z36: 0 | AA36: 0 | AB36: 163 | AC36: 0 | AD36: 0 | AE36: 163 | AF36: 0 | AG36: 0 | AH36: 163 | AI36: 0 | AJ36: 0 | AK36: 46.92 | AL36: =+SUBTOTAL(9,Tabla6[[#This Row],[ENE]:[DIC]]) -> 535.92 | AM36: =IF(AL36=Y36,"OK",Y36-AL36) -> OK | AN36: 535.92 | AO36: =+Tabla6[[#This Row],[PRESUPUESTO VIGENTE]]-Tabla6[[#This Row],[CERTIFICACIÓN PAPP]] -> 0 | AP36: 0
A37: OBJETIVO 14: FORTALECER LAS CAPACIDADES DEL ESTADO CON ÉNFASIS EN LA ADMINISTRACIÓN DE JUSTICIA Y EFICIENCIA EN LOS PROCESOS DE REGULACIÓN Y CONTROL CON INDEPENDENCIA Y AUTONOMÍA. | B37: =VLOOKUP(Tabla6[[#This Row],[OBJETIVOS PND]],Listas!$A$1:$B$3,2,0) -> 14.2 POTENCIAR LAS CAPACIDADES DE LOS DISTINTOS NIVELES DE GOBIERNO PARA EL CUMPLIMIENTO DE LOS OBJETIVOS NACIONALES Y LA PRESTACIÓN DE SERVICIOS CON CALIDAD | C37: OE 4 FORTALECER LAS CAPACIDADES INSTITUCIONALES (PARA LA MEJORA CONTINUA DEL SERVICIO) | D37: INCREMENTAR LA EFICIENCIA Y EFICACIA DE LA COORDINACIÓN PARA LA ATENCIÓN DE EMERGENCIAS MEDIANTE EL FORTALECIMIENTO DE LA COOPERACIÓN INTERINSTITUCIONAL, POTENCIACIÓN DE LAS FUNCIONALIDADES DE LA INFRAESTRUCTURA TECNOLÓGICA, CAPACITACIÓN PERMANENTE DEL PERSONAL Y EL MEJORAMIENTO CONTINUO DE LOS ESTÁNDARES DE CALIDAD EN SUS SERVICIOS, PROCESOS, CLIMA LABORAL Y POSICIONAMIENTO INSTITUCIONAL. | E37: COORDINACIÓN_ZONAL | F37: COORDINACIÓN_ZONAL_1 | G37: GESTIÓN LOCAL ADMINISTRATIVA FINANCIERA Y DE ADMINISTRACIÓN DE RECURSOS HUMANOS | H37: =VLOOKUP(Tabla6[[#This Row],[DIRECCIÓN]],DIRECCIÓN[#All],2,0) -> ADMINISTRACIÓN CENTRAL | I37: CONTRATACIÓN DEL SERVICIO DE MANTENIMIENTO PREVENTIVO Y CORRECTIVO DE IMPRESORAS DEL CENTRO OPERATIVO LOCAL ECU 911 TULCÁN | J37: 1 | K37: =VLOOKUP(Tabla6[[#This Row],[DIRECCIÓN GENERAL / COORDINACIÓN / SUBDIRECCIÓN]],Tabla37[[#All],[Columna1]:[EOD]],2,0) -> 266_0001 | L37: =VLOOKUP(Tabla6[[#This Row],[OBJETIVOS PND]],Listas!$A$1:$C$3,3,0) -> 1 | M37: =VLOOKUP(Tabla6[[#This Row],[PG]],Listas2!$G$14:$K$16,5,0) -> 0 | N37: 1 | O37: 401 | P37: =VLOOKUP(Tabla6[[#This Row],[GEO]],Listas!$A$48:$B$77,2,0) -> TULCÁN | Q37: =VLOOKUP(Tabla6[[#This Row],[PG]],Listas2!$G$14:$K$16,3,0) -> 1 | R37: =VLOOKUP(Tabla6[[#This Row],[PG]],Listas2!H42:'Listas2'!$G$14:$K$16,4,0) -> 0 | S37: =VLOOKUP(Tabla6[[#This Row],[PG]],Listas2!$G$14:$K$16,2,0) -> 0 | T37: CORRIENTE | U37: 53 | V37: 530704 | W37: =VLOOKUP(Tabla6[[#This Row],[ÍTEM PRESUPUESTARIO]],Tabla2[#All],2,0) -> MANTENIMIENTO Y REPARACIÓN DE EQUIPOS Y SISTEMAS INFORMÁTICOS | X37: 500 | Y37: =500-450 -> 50 | Z37: 0 | AA37: 0 | AB37: 0 | AC37: 0 | AD37: 0 | AE37: 0 | AF37: 0 | AG37: 0 | AH37: 50 | AI37: 0 | AJ37: 0 | AK37: 0 | AL37: =+SUBTOTAL(9,Tabla6[[#This Row],[ENE]:[DIC]]) -> 50 | AM37: =IF(AL37=Y37,"OK",Y37-AL37) -> OK | AN37: 50 | AO37: =+Tabla6[[#This Row],[PRESUPUESTO VIGENTE]]-Tabla6[[#This Row],[CERTIFICACIÓN PAPP]] -> 0 | AP37: 0
A38: OBJETIVO 14: FORTALECER LAS CAPACIDADES DEL ESTADO CON ÉNFASIS EN LA ADMINISTRACIÓN DE JUSTICIA Y EFICIENCIA EN LOS PROCESOS DE REGULACIÓN Y CONTROL CON INDEPENDENCIA Y AUTONOMÍA. | B38: =VLOOKUP(Tabla6[[#This Row],[OBJETIVOS PND]],Listas!$A$1:$B$3,2,0) -> 14.2 POTENCIAR LAS CAPACIDADES DE LOS DISTINTOS NIVELES DE GOBIERNO PARA EL CUMPLIMIENTO DE LOS OBJETIVOS NACIONALES Y LA PRESTACIÓN DE SERVICIOS CON CALIDAD | C38: OE 4 FORTALECER LAS CAPACIDADES INSTITUCIONALES (PARA LA MEJORA CONTINUA DEL SERVICIO) | D38: INCREMENTAR LA EFICIENCIA Y EFICACIA DE LA COORDINACIÓN PARA LA ATENCIÓN DE EMERGENCIAS MEDIANTE EL FORTALECIMIENTO DE LA COOPERACIÓN INTERINSTITUCIONAL, POTENCIACIÓN DE LAS FUNCIONALIDADES DE LA INFRAESTRUCTURA TECNOLÓGICA, CAPACITACIÓN PERMANENTE DEL PERSONAL Y EL MEJORAMIENTO CONTINUO DE LOS ESTÁNDARES DE CALIDAD EN SUS SERVICIOS, PROCESOS, CLIMA LABORAL Y POSICIONAMIENTO INSTITUCIONAL. | E38: COORDINACIÓN_ZONAL | F38: COORDINACIÓN_ZONAL_1 | G38: GESTIÓN LOCAL ADMINISTRATIVA FINANCIERA Y DE ADMINISTRACIÓN DE RECURSOS HUMANOS | H38: =VLOOKUP(Tabla6[[#This Row],[DIRECCIÓN]],DIRECCIÓN[#All],2,0) -> ADMINISTRACIÓN CENTRAL | I38: ADQUISICIÓN DE EQUIPOS DE PROTECCIÓN INDIVIDUAL Y ROPA DE TRABAJO | J38: 1 | K38: =VLOOKUP(Tabla6[[#This Row],[DIRECCIÓN GENERAL / COORDINACIÓN / SUBDIRECCIÓN]],Tabla37[[#All],[Columna1]:[EOD]],2,0) -> 266_0001 | L38: =VLOOKUP(Tabla6[[#This Row],[OBJETIVOS PND]],Listas!$A$1:$C$3,3,0) -> 1 | M38: =VLOOKUP(Tabla6[[#This Row],[PG]],Listas2!$G$14:$K$16,5,0) -> 0 | N38: 1 | O38: 401 | P38: =VLOOKUP(Tabla6[[#This Row],[GEO]],Listas!$A$48:$B$77,2,0) -> TULCÁN | Q38: =VLOOKUP(Tabla6[[#This Row],[PG]],Listas2!$G$14:$K$16,3,0) -> 1 | R38: =VLOOKUP(Tabla6[[#This Row],[PG]],Listas2!H43:'Listas2'!$G$14:$K$16,4,0) -> 0 | S38: =VLOOKUP(Tabla6[[#This Row],[PG]],Listas2!$G$14:$K$16,2,0) -> 0 | T38: CORRIENTE | U38: 53 | V38: 530802 | W38: =VLOOKUP(Tabla6[[#This Row],[ÍTEM PRESUPUESTARIO]],Tabla2[#All],2,0) -> VESTUARIO, LENCERÍA, PRENDAS DE PROTECCIÓN Y ACCESORIOS PARA UNIFORMES DEL PERSONAL DE PROTECCIÓN, VIGILANCIA Y SEGURIDAD | X38: 1744 | Y38: =1744-430.27-441.58 -> 872.15 | Z38: 0 | AA38: 0 | AB38: 0 | AC38: 0 | AD38: 0 | AE38: 0 | AF38: 0 | AG38: 872.15 | AH38: 0 | AI38: 0 | AJ38: 0 | AK38: 0 | AL38: =+SUBTOTAL(9,Tabla6[[#This Row],[ENE]:[DIC]]) -> 872.15 | AM38: =IF(AL38=Y38,"OK",Y38-AL38) -> OK | AN38: 872.15 | AO38: =+Tabla6[[#This Row],[PRESUPUESTO VIGENTE]]-Tabla6[[#This Row],[CERTIFICACIÓN PAPP]] -> 0 | AP38: 0
A39: OBJETIVO 14: FORTALECER LAS CAPACIDADES DEL ESTADO CON ÉNFASIS EN LA ADMINISTRACIÓN DE JUSTICIA Y EFICIENCIA EN LOS PROCESOS DE REGULACIÓN Y CONTROL CON INDEPENDENCIA Y AUTONOMÍA. | B39: =VLOOKUP(Tabla6[[#This Row],[OBJETIVOS PND]],Listas!$A$1:$B$3,2,0) -> 14.2 POTENCIAR LAS CAPACIDADES DE LOS DISTINTOS NIVELES DE GOBIERNO PARA EL CUMPLIMIENTO DE LOS OBJETIVOS NACIONALES Y LA PRESTACIÓN DE SERVICIOS CON CALIDAD | C39: OE 4 FORTALECER LAS CAPACIDADES INSTITUCIONALES (PARA LA MEJORA CONTINUA DEL SERVICIO) | D39: INCREMENTAR LA EFICIENCIA Y EFICACIA DE LA COORDINACIÓN PARA LA ATENCIÓN DE EMERGENCIAS MEDIANTE EL FORTALECIMIENTO DE LA COOPERACIÓN INTERINSTITUCIONAL, POTENCIACIÓN DE LAS FUNCIONALIDADES DE LA INFRAESTRUCTURA TECNOLÓGICA, CAPACITACIÓN PERMANENTE DEL PERSONAL Y EL MEJORAMIENTO CONTINUO DE LOS ESTÁNDARES DE CALIDAD EN SUS SERVICIOS, PROCESOS, CLIMA LABORAL Y POSICIONAMIENTO INSTITUCIONAL. | E39: COORDINACIÓN_ZONAL | F39: COORDINACIÓN_ZONAL_1 | G39: GESTIÓN LOCAL ADMINISTRATIVA FINANCIERA Y DE ADMINISTRACIÓN DE RECURSOS HUMANOS | H39: =VLOOKUP(Tabla6[[#This Row],[DIRECCIÓN]],DIRECCIÓN[#All],2,0) -> ADMINISTRACIÓN CENTRAL | I39: ADQUISICIÓN DE COMBUSTIBLES, LUBRICANTES, Y ADITIVOS EN GENERAL PARA MANTENIMIENTO DE LOS VEHÍCULOS DEL CENTRO OPERATIVO ECU 911 AÑO 2023 | J39: 1 | K39: =VLOOKUP(Tabla6[[#This Row],[DIRECCIÓN GENERAL / COORDINACIÓN / SUBDIRECCIÓN]],Tabla37[[#All],[Columna1]:[EOD]],2,0) -> 266_0001 | L39: =VLOOKUP(Tabla6[[#This Row],[OBJETIVOS PND]],Listas!$A$1:$C$3,3,0) -> 1 | M39: =VLOOKUP(Tabla6[[#This Row],[PG]],Listas2!$G$14:$K$16,5,0) -> 0 | N39: 1 | O39: 401 | P39: =VLOOKUP(Tabla6[[#This Row],[GEO]],Listas!$A$48:$B$77,2,0) -> TULCÁN | Q39: =VLOOKUP(Tabla6[[#This Row],[PG]],Listas2!$G$14:$K$16,3,0) -> 1 | R39: =VLOOKUP(Tabla6[[#This Row],[PG]],Listas2!H44:'Listas2'!$G$14:$K$16,4,0) -> 0 | S39: =VLOOKUP(Tabla6[[#This Row],[PG]],Listas2!$G$14:$K$16,2,0) -> 0 | T39: CORRIENTE | U39: 53 | V39: 530803 | W39: =VLOOKUP(Tabla6[[#This Row],[ÍTEM PRESUPUESTARIO]],Tabla2[#All],2,0) -> LUBRICANTES | X39: 350 | Y39: =350-61.76 -> 288.24 | Z39: 0 | AA39: 0 | AB39: 88 | AC39: 0 | AD39: 0 | AE39: 88 | AF39: 0 | AG39: 0 | AH39: 88 | AI39: 0 | AJ39: 0 | AK39: 24.24 | AL39: =+SUBTOTAL(9,Tabla6[[#This Row],[ENE]:[DIC]]) -> 288.24 | AM39: =IF(AL39=Y39,"OK",Y39-AL39) -> OK | AN39: 288.24 | AO39: =+Tabla6[[#This Row],[PRESUPUESTO VIGENTE]]-Tabla6[[#This Row],[CERTIFICACIÓN PAPP]] -> 0 | AP39: 0
A40: OBJETIVO 14: FORTALECER LAS CAPACIDADES DEL ESTADO CON ÉNFASIS EN LA ADMINISTRACIÓN DE JUSTICIA Y EFICIENCIA EN LOS PROCESOS DE REGULACIÓN Y CONTROL CON INDEPENDENCIA Y AUTONOMÍA. | B40: =VLOOKUP(Tabla6[[#This Row],[OBJETIVOS PND]],Listas!$A$1:$B$3,2,0) -> 14.2 POTENCIAR LAS CAPACIDADES DE LOS DISTINTOS NIVELES DE GOBIERNO PARA EL CUMPLIMIENTO DE LOS OBJETIVOS NACIONALES Y LA PRESTACIÓN DE SERVICIOS CON CALIDAD | C40: OE 4 FORTALECER LAS CAPACIDADES INSTITUCIONALES (PARA LA MEJORA CONTINUA DEL SERVICIO) | D40: INCREMENTAR LA EFICIENCIA Y EFICACIA DE LA COORDINACIÓN PARA LA ATENCIÓN DE EMERGENCIAS MEDIANTE EL FORTALECIMIENTO DE LA COOPERACIÓN INTERINSTITUCIONAL, POTENCIACIÓN DE LAS FUNCIONALIDADES DE LA INFRAESTRUCTURA TECNOLÓGICA, CAPACITACIÓN PERMANENTE DEL PERSONAL Y EL MEJORAMIENTO CONTINUO DE LOS ESTÁNDARES DE CALIDAD EN SUS SERVICIOS, PROCESOS, CLIMA LABORAL Y POSICIONAMIENTO INSTITUCIONAL. | E40: COORDINACIÓN_ZONAL | F40: COORDINACIÓN_ZONAL_1 | G40: GESTIÓN LOCAL ADMINISTRATIVA FINANCIERA Y DE ADMINISTRACIÓN DE RECURSOS HUMANOS | H40: =VLOOKUP(Tabla6[[#This Row],[DIRECCIÓN]],DIRECCIÓN[#All],2,0) -> ADMINISTRACIÓN CENTRAL | I40: ADQUISICIÓN DE COMBUSTIBLES PARA MOVILIZACIÓN DE VEHÍCULOS DEL CENTRO PERÍODO 2023 | J40: 1 | K40: =VLOOKUP(Tabla6[[#This Row],[DIRECCIÓN GENERAL / COORDINACIÓN / SUBDIRECCIÓN]],Tabla37[[#All],[Columna1]:[EOD]],2,0) -> 266_0001 | L40: =VLOOKUP(Tabla6[[#This Row],[OBJETIVOS PND]],Listas!$A$1:$C$3,3,0) -> 1 | M40: =VLOOKUP(Tabla6[[#This Row],[PG]],Listas2!$G$14:$K$16,5,0) -> 0 | N40: 1 | O40: 401 | P40: =VLOOKUP(Tabla6[[#This Row],[GEO]],Listas!$A$48:$B$77,2,0) -> TULCÁN | Q40: =VLOOKUP(Tabla6[[#This Row],[PG]],Listas2!$G$14:$K$16,3,0) -> 1 | R40: =VLOOKUP(Tabla6[[#This Row],[PG]],Listas2!H45:'Listas2'!$G$14:$K$16,4,0) -> 0 | S40: =VLOOKUP(Tabla6[[#This Row],[PG]],Listas2!$G$14:$K$16,2,0) -> 0 | T40: CORRIENTE | U40: 53 | V40: 530803 | W40: =VLOOKUP(Tabla6[[#This Row],[ÍTEM PRESUPUESTARIO]],Tabla2[#All],2,0) -> LUBRICANTES | X40: 1000 | Y40: =1000-1000 -> 0 | Z40: 0 | AA40: 0 | AB40: 0 | AC40: 0 | AD40: 0 | AE40: 0 | AF40: 0 | AG40: 0 | AH40: 0 | AI40: 0 | AJ40: 0 | AK40: 0 | AL40: =+SUBTOTAL(9,Tabla6[[#This Row],[ENE]:[DIC]]) -> 0 | AM40: =IF(AL40=Y40,"OK",Y40-AL40) -> OK | AN40: 0 | AO40: =+Tabla6[[#This Row],[PRESUPUESTO VIGENTE]]-Tabla6[[#This Row],[CERTIFICACIÓN PAPP]] -> 0 | AP40: 0
A41: OBJETIVO 14: FORTALECER LAS CAPACIDADES DEL ESTADO CON ÉNFASIS EN LA ADMINISTRACIÓN DE JUSTICIA Y EFICIENCIA EN LOS PROCESOS DE REGULACIÓN Y CONTROL CON INDEPENDENCIA Y AUTONOMÍA. | B41: =VLOOKUP(Tabla6[[#This Row],[OBJETIVOS PND]],Listas!$A$1:$B$3,2,0) -> 14.2 POTENCIAR LAS CAPACIDADES DE LOS DISTINTOS NIVELES DE GOBIERNO PARA EL CUMPLIMIENTO DE LOS OBJETIVOS NACIONALES Y LA PRESTACIÓN DE SERVICIOS CON CALIDAD | C41: OE 4 FORTALECER LAS CAPACIDADES INSTITUCIONALES (PARA LA MEJORA CONTINUA DEL SERVICIO) | D41: INCREMENTAR LA EFICIENCIA Y EFICACIA DE LA COORDINACIÓN PARA LA ATENCIÓN DE EMERGENCIAS MEDIANTE EL FORTALECIMIENTO DE LA COOPERACIÓN INTERINSTITUCIONAL, POTENCIACIÓN DE LAS FUNCIONALIDADES DE LA INFRAESTRUCTURA TECNOLÓGICA, CAPACITACIÓN PERMANENTE DEL PERSONAL Y EL MEJORAMIENTO CONTINUO DE LOS ESTÁNDARES DE CALIDAD EN SUS SERVICIOS, PROCESOS, CLIMA LABORAL Y POSICIONAMIENTO INSTITUCIONAL. | E41: COORDINACIÓN_ZONAL | F41: COORDINACIÓN_ZONAL_1 | G41: GESTIÓN LOCAL ADMINISTRATIVA FINANCIERA Y DE ADMINISTRACIÓN DE RECURSOS HUMANOS | H41: =VLOOKUP(Tabla6[[#This Row],[DIRECCIÓN]],DIRECCIÓN[#All],2,0) -> ADMINISTRACIÓN CENTRAL | I41: ADQUISICIÓN DE COMBUSTIBLES PERÍODO 2023 PARA ABASTECIMIENTO DE GENERADORES | J41: 1 | K41: =VLOOKUP(Tabla6[[#This Row],[DIRECCIÓN GENERAL / COORDINACIÓN / SUBDIRECCIÓN]],Tabla37[[#All],[Columna1]:[EOD]],2,0) -> 266_0001 | L41: =VLOOKUP(Tabla6[[#This Row],[OBJETIVOS PND]],Listas!$A$1:$C$3,3,0) -> 1 | M41: =VLOOKUP(Tabla6[[#This Row],[PG]],Listas2!$G$14:$K$16,5,0) -> 0 | N41: 1 | O41: 401 | P41: =VLOOKUP(Tabla6[[#This Row],[GEO]],Listas!$A$48:$B$77,2,0) -> TULCÁN | Q41: =VLOOKUP(Tabla6[[#This Row],[PG]],Listas2!$G$14:$K$16,3,0) -> 1 | R41: =VLOOKUP(Tabla6[[#This Row],[PG]],Listas2!H46:'Listas2'!$G$14:$K$16,4,0) -> 0 | S41: =VLOOKUP(Tabla6[[#This Row],[PG]],Listas2!$G$14:$K$16,2,0) -> 0 | T41: CORRIENTE | U41: 53 | V41: 530803 | W41: =VLOOKUP(Tabla6[[#This Row],[ÍTEM PRESUPUESTARIO]],Tabla2[#All],2,0) -> LUBRICANTES | X41: 475 | Y41: =475-475 -> 0 | Z41: 0 | AA41: 0 | AB41: 0 | AC41: 0 | AD41: 0 | AE41: 0 | AF41: 0 | AG41: 0 | AH41: 0 | AI41: 0 | AJ41: 0 | AK41: 0 | AL41: =+SUBTOTAL(9,Tabla6[[#This Row],[ENE]:[DIC]]) -> 0 | AM41: =IF(AL41=Y41,"OK",Y41-AL41) -> OK | AN41: 0 | AO41: =+Tabla6[[#This Row],[PRESUPUESTO VIGENTE]]-Tabla6[[#This Row],[CERTIFICACIÓN PAPP]] -> 0 | AP41: 0
A42: OBJETIVO 14: FORTALECER LAS CAPACIDADES DEL ESTADO CON ÉNFASIS EN LA ADMINISTRACIÓN DE JUSTICIA Y EFICIENCIA EN LOS PROCESOS DE REGULACIÓN Y CONTROL CON INDEPENDENCIA Y AUTONOMÍA. | B42: =VLOOKUP(Tabla6[[#This Row],[OBJETIVOS PND]],Listas!$A$1:$B$3,2,0) -> 14.2 POTENCIAR LAS CAPACIDADES DE LOS DISTINTOS NIVELES DE GOBIERNO PARA EL CUMPLIMIENTO DE LOS OBJETIVOS NACIONALES Y LA PRESTACIÓN DE SERVICIOS CON CALIDAD | C42: OE 4 FORTALECER LAS CAPACIDADES INSTITUCIONALES (PARA LA MEJORA CONTINUA DEL SERVICIO) | D42: INCREMENTAR LA EFICIENCIA Y EFICACIA DE LA COORDINACIÓN PARA LA ATENCIÓN DE EMERGENCIAS MEDIANTE EL FORTALECIMIENTO DE LA COOPERACIÓN INTERINSTITUCIONAL, POTENCIACIÓN DE LAS FUNCIONALIDADES DE LA INFRAESTRUCTURA TECNOLÓGICA, CAPACITACIÓN PERMANENTE DEL PERSONAL Y EL MEJORAMIENTO CONTINUO DE LOS ESTÁNDARES DE CALIDAD EN SUS SERVICIOS, PROCESOS, CLIMA LABORAL Y POSICIONAMIENTO INSTITUCIONAL. | E42: COORDINACIÓN_ZONAL | F42: COORDINACIÓN_ZONAL_1 | G42: GESTIÓN LOCAL ADMINISTRATIVA FINANCIERA Y DE ADMINISTRACIÓN DE RECURSOS HUMANOS | H42: =VLOOKUP(Tabla6[[#This Row],[DIRECCIÓN]],DIRECCIÓN[#All],2,0) -> ADMINISTRACIÓN CENTRAL | I42: ADQUISICION DE LUBRICANTES PARA MANTENIMIENTO DE LA INFRAESTRUCTURA DEL CENTRO OPERATIVO LOCAL ECU 911 TULCÁN AÑO 2023 | J42: 2 | K42: =VLOOKUP(Tabla6[[#This Row],[DIRECCIÓN GENERAL / COORDINACIÓN / SUBDIRECCIÓN]],Tabla37[[#All],[Columna1]:[EOD]],2,0) -> 266_0001 | L42: =VLOOKUP(Tabla6[[#This Row],[OBJETIVOS PND]],Listas!$A$1:$C$3,3,0) -> 1 | M42: =VLOOKUP(Tabla6[[#This Row],[PG]],Listas2!$G$14:$K$16,5,0) -> 0 | N42: 1 | O42: 401 | P42: =VLOOKUP(Tabla6[[#This Row],[GEO]],Listas!$A$48:$B$77,2,0) -> TULCÁN | Q42: =VLOOKUP(Tabla6[[#This Row],[PG]],Listas2!$G$14:$K$16,3,0) -> 1 | R42: =VLOOKUP(Tabla6[[#This Row],[PG]],Listas2!H47:'Listas2'!$G$14:$K$16,4,0) -> 0 | S42: =VLOOKUP(Tabla6[[#This Row],[PG]],Listas2!$G$14:$K$16,2,0) -> 0 | T42: CORRIENTE | U42: 53 | V42: 530803 | W42: =VLOOKUP(Tabla6[[#This Row],[ÍTEM PRESUPUESTARIO]],Tabla2[#All],2,0) -> LUBRICANTES | X42: 0 | Y42: =1000-800-120-9.75-36.4 -> 33.85 | Z42: 0 | AA42: 0 | AB42: 0 | AC42: 0 | AD42: 0 | AE42: 0 | AF42: 33.85 | AG42: 0 | AH42: 0 | AI42: 0 | AJ42: 0 | AK42: 0 | AL42: =+SUBTOTAL(9,Tabla6[[#This Row],[ENE]:[DIC]]) -> 33.85 | AM42: =IF(AL42=Y42,"OK",Y42-AL42) -> OK | AN42: 33.85 | AO42: =+Tabla6[[#This Row],[PRESUPUESTO VIGENTE]]-Tabla6[[#This Row],[CERTIFICACIÓN PAPP]] -> 0 | AP42: 0
A43: OBJETIVO 14: FORTALECER LAS CAPACIDADES DEL ESTADO CON ÉNFASIS EN LA ADMINISTRACIÓN DE JUSTICIA Y EFICIENCIA EN LOS PROCESOS DE REGULACIÓN Y CONTROL CON INDEPENDENCIA Y AUTONOMÍA. | B43: =VLOOKUP(Tabla6[[#This Row],[OBJETIVOS PND]],Listas!$A$1:$B$3,2,0) -> 14.2 POTENCIAR LAS CAPACIDADES DE LOS DISTINTOS NIVELES DE GOBIERNO PARA EL CUMPLIMIENTO DE LOS OBJETIVOS NACIONALES Y LA PRESTACIÓN DE SERVICIOS CON CALIDAD | C43: OE 4 FORTALECER LAS CAPACIDADES INSTITUCIONALES (PARA LA MEJORA CONTINUA DEL SERVICIO) | D43: INCREMENTAR LA EFICIENCIA Y EFICACIA DE LA COORDINACIÓN PARA LA ATENCIÓN DE EMERGENCIAS MEDIANTE EL FORTALECIMIENTO DE LA COOPERACIÓN INTERINSTITUCIONAL, POTENCIACIÓN DE LAS FUNCIONALIDADES DE LA INFRAESTRUCTURA TECNOLÓGICA, CAPACITACIÓN PERMANENTE DEL PERSONAL Y EL MEJORAMIENTO CONTINUO DE LOS ESTÁNDARES DE CALIDAD EN SUS SERVICIOS, PROCESOS, CLIMA LABORAL Y POSICIONAMIENTO INSTITUCIONAL. | E43: COORDINACIÓN_ZONAL | F43: COORDINACIÓN_ZONAL_1 | G43: GESTIÓN LOCAL ADMINISTRATIVA FINANCIERA Y DE ADMINISTRACIÓN DE RECURSOS HUMANOS | H43: =VLOOKUP(Tabla6[[#This Row],[DIRECCIÓN]],DIRECCIÓN[#All],2,0) -> ADMINISTRACIÓN CENTRAL | I43: ELABORACIÓN DE FORMULARIOS PRE-IMPRESOS Y PRE-NUMERADOS PARA VALES DE CAJA CHICA, INGRESOS Y EGRESOS DE BODEGA, ÓRDENES DE COMBUSTIBLE, ÓRDENES DE MANTENIMIENTO, FORMULARIOS DE PERMISOS DE PERSONAL, SOLICITUD DE MOVILIZACIÓN | J43: 1 | K43: =VLOOKUP(Tabla6[[#This Row],[DIRECCIÓN GENERAL / COORDINACIÓN / SUBDIRECCIÓN]],Tabla37[[#All],[Columna1]:[EOD]],2,0) -> 266_0001 | L43: =VLOOKUP(Tabla6[[#This Row],[OBJETIVOS PND]],Listas!$A$1:$C$3,3,0) -> 1 | M43: =VLOOKUP(Tabla6[[#This Row],[PG]],Listas2!$G$14:$K$16,5,0) -> 0 | N43: 1 | O43: 401 | P43: =VLOOKUP(Tabla6[[#This Row],[GEO]],Listas!$A$48:$B$77,2,0) -> TULCÁN | Q43: =VLOOKUP(Tabla6[[#This Row],[PG]],Listas2!$G$14:$K$16,3,0) -> 1 | R43: =VLOOKUP(Tabla6[[#This Row],[PG]],Listas2!H48:'Listas2'!$G$14:$K$16,4,0) -> 0 | S43: =VLOOKUP(Tabla6[[#This Row],[PG]],Listas2!$G$14:$K$16,2,0) -> 0 | T43: CORRIENTE | U43: 53 | V43: 530804 | W43: =VLOOKUP(Tabla6[[#This Row],[ÍTEM PRESUPUESTARIO]],Tabla2[#All],2,0) -> MATERIALES DE OFICINA | X43: 200 | Y43: =200+300-427.89 -> 72.11 | Z43: 0 | AA43: 0 | AB43: 0 | AC43: 0 | AD43: 72.11 | AE43: 0 | AF43: 0 | AG43: 0 | AH43: 0 | AI43: 0 | AJ43: 0 | AK43: 0 | AL43: =+SUBTOTAL(9,Tabla6[[#This Row],[ENE]:[DIC]]) -> 72.11 | AM43: =IF(AL43=Y43,"OK",Y43-AL43) -> OK | AN43: 72.11 | AO43: =+Tabla6[[#This Row],[PRESUPUESTO VIGENTE]]-Tabla6[[#This Row],[CERTIFICACIÓN PAPP]] -> 0 | AP43: R
A44: OBJETIVO 14: FORTALECER LAS CAPACIDADES DEL ESTADO CON ÉNFASIS EN LA ADMINISTRACIÓN DE JUSTICIA Y EFICIENCIA EN LOS PROCESOS DE REGULACIÓN Y CONTROL CON INDEPENDENCIA Y AUTONOMÍA. | B44: =VLOOKUP(Tabla6[[#This Row],[OBJETIVOS PND]],Listas!$A$1:$B$3,2,0) -> 14.2 POTENCIAR LAS CAPACIDADES DE LOS DISTINTOS NIVELES DE GOBIERNO PARA EL CUMPLIMIENTO DE LOS OBJETIVOS NACIONALES Y LA PRESTACIÓN DE SERVICIOS CON CALIDAD | C44: OE 4 FORTALECER LAS CAPACIDADES INSTITUCIONALES (PARA LA MEJORA CONTINUA DEL SERVICIO) | D44: INCREMENTAR LA EFICIENCIA Y EFICACIA DE LA COORDINACIÓN PARA LA ATENCIÓN DE EMERGENCIAS MEDIANTE EL FORTALECIMIENTO DE LA COOPERACIÓN INTERINSTITUCIONAL, POTENCIACIÓN DE LAS FUNCIONALIDADES DE LA INFRAESTRUCTURA TECNOLÓGICA, CAPACITACIÓN PERMANENTE DEL PERSONAL Y EL MEJORAMIENTO CONTINUO DE LOS ESTÁNDARES DE CALIDAD EN SUS SERVICIOS, PROCESOS, CLIMA LABORAL Y POSICIONAMIENTO INSTITUCIONAL. | E44: COORDINACIÓN_ZONAL | F44: COORDINACIÓN_ZONAL_1 | G44: GESTIÓN LOCAL ADMINISTRATIVA FINANCIERA Y DE ADMINISTRACIÓN DE RECURSOS HUMANOS | H44: =VLOOKUP(Tabla6[[#This Row],[DIRECCIÓN]],DIRECCIÓN[#All],2,0) -> ADMINISTRACIÓN CENTRAL | I44: ADQUISICIÓN DE MATERIALES DE OFICINA PARA EL CENTRO OPERATIVO LOCAL ECU 911 TULCÁN AÑO 2023 | J44: 1 | K44: =VLOOKUP(Tabla6[[#This Row],[DIRECCIÓN GENERAL / COORDINACIÓN / SUBDIRECCIÓN]],Tabla37[[#All],[Columna1]:[EOD]],2,0) -> 266_0001 | L44: =VLOOKUP(Tabla6[[#This Row],[OBJETIVOS PND]],Listas!$A$1:$C$3,3,0) -> 1 | M44: =VLOOKUP(Tabla6[[#This Row],[PG]],Listas2!$G$14:$K$16,5,0) -> 0 | N44: 1 | O44: 401 | P44: =VLOOKUP(Tabla6[[#This Row],[GEO]],Listas!$A$48:$B$77,2,0) -> TULCÁN | Q44: =VLOOKUP(Tabla6[[#This Row],[PG]],Listas2!$G$14:$K$16,3,0) -> 1 | R44: =VLOOKUP(Tabla6[[#This Row],[PG]],Listas2!H49:'Listas2'!$G$14:$K$16,4,0) -> 0 | S44: =VLOOKUP(Tabla6[[#This Row],[PG]],Listas2!$G$14:$K$16,2,0) -> 0 | T44: CORRIENTE | U44: 53 | V44: 530804 | W44: =VLOOKUP(Tabla6[[#This Row],[ÍTEM PRESUPUESTARIO]],Tabla2[#All],2,0) -> MATERIALES DE OFICINA | X44: 500 | Y44: =500-100-95.58 -> 304.42 | Z44: 0 | AA44: 0 | AB44: 0 | AC44: 304.42 | AD44: 0 | AE44: 0 | AF44: 0 | AG44: 0 | AH44: 0 | AI44: 0 | AJ44: 0 | AK44: 0 | AL44: =+SUBTOTAL(9,Tabla6[[#This Row],[ENE]:[DIC]]) -> 304.42 | AM44: =IF(AL44=Y44,"OK",Y44-AL44) -> OK | AN44: =118.92+185.5 -> 304.42 | AO44: =+Tabla6[[#This Row],[PRESUPUESTO VIGENTE]]-Tabla6[[#This Row],[CERTIFICACIÓN PAPP]] -> 0 | AP44: 0
A45: OBJETIVO 14: FORTALECER LAS CAPACIDADES DEL ESTADO CON ÉNFASIS EN LA ADMINISTRACIÓN DE JUSTICIA Y EFICIENCIA EN LOS PROCESOS DE REGULACIÓN Y CONTROL CON INDEPENDENCIA Y AUTONOMÍA. | B45: =VLOOKUP(Tabla6[[#This Row],[OBJETIVOS PND]],Listas!$A$1:$B$3,2,0) -> 14.2 POTENCIAR LAS CAPACIDADES DE LOS DISTINTOS NIVELES DE GOBIERNO PARA EL CUMPLIMIENTO DE LOS OBJETIVOS NACIONALES Y LA PRESTACIÓN DE SERVICIOS CON CALIDAD | C45: OE 3 INCREMENTAR EL POSICIONAMIENTO DEL SERVICIO INTEGRADO DE SEGURIDAD ECU 911 A NIVEL NACIONAL E INTERNACIONAL | D45: INCREMENTAR LA EFICIENCIA Y EFICACIA DE LA COORDINACIÓN PARA LA ATENCIÓN DE EMERGENCIAS MEDIANTE EL FORTALECIMIENTO DE LA COOPERACIÓN INTERINSTITUCIONAL, POTENCIACIÓN DE LAS FUNCIONALIDADES DE LA INFRAESTRUCTURA TECNOLÓGICA, CAPACITACIÓN PERMANENTE DEL PERSONAL Y EL MEJORAMIENTO CONTINUO DE LOS ESTÁNDARES DE CALIDAD EN SUS SERVICIOS, PROCESOS, CLIMA LABORAL Y POSICIONAMIENTO INSTITUCIONAL. | E45: COORDINACIÓN_ZONAL | F45: COORDINACIÓN_ZONAL_1 | G45: GESTIÓN LOCAL DE COMUNICACIÓN SOCIAL | H45: =VLOOKUP(Tabla6[[#This Row],[DIRECCIÓN]],DIRECCIÓN[#All],2,0) -> COMUNICACIÓN SOCIAL | I45: ADQUISICIÓN DE MATERIAL DE POSICIONAMIENTO E IDENTIDAD DEL ECU 911 PARA EL CENTRO OPERATIVO ECU 911 TULCÁN | J45: 2 | K45: =VLOOKUP(Tabla6[[#This Row],[DIRECCIÓN GENERAL / COORDINACIÓN / SUBDIRECCIÓN]],Tabla37[[#All],[Columna1]:[EOD]],2,0) -> 266_0001 | L45: =VLOOKUP(Tabla6[[#This Row],[OBJETIVOS PND]],Listas!$A$1:$C$3,3,0) -> 1 | M45: =VLOOKUP(Tabla6[[#This Row],[PG]],Listas2!$G$14:$K$16,5,0) -> 0 | N45: 1 | O45: 401 | P45: =VLOOKUP(Tabla6[[#This Row],[GEO]],Listas!$A$48:$B$77,2,0) -> TULCÁN | Q45: =VLOOKUP(Tabla6[[#This Row],[PG]],Listas2!$G$14:$K$16,3,0) -> 1 | R45: =VLOOKUP(Tabla6[[#This Row],[PG]],Listas2!H50:'Listas2'!$G$14:$K$16,4,0) -> 0 | S45: =VLOOKUP(Tabla6[[#This Row],[PG]],Listas2!$G$14:$K$16,2,0) -> 0 | T45: CORRIENTE | U45: 53 | V45: 530804 | W45: =VLOOKUP(Tabla6[[#This Row],[ÍTEM PRESUPUESTARIO]],Tabla2[#All],2,0) -> MATERIALES DE OFICINA | X45: 0 | Y45: =675-165 -> 510 | Z45: 0 | AA45: 0 | AB45: 0 | AC45: 0 | AD45: 510 | AE45: 0 | AF45: 0 | AG45: 0 | AH45: 0 | AI45: 0 | AJ45: 0 | AK45: 0 | AL45: =+SUBTOTAL(9,Tabla6[[#This Row],[ENE]:[DIC]]) -> 510 | AM45: =IF(AL45=Y45,"OK",Y45-AL45) -> OK | AN45: 510 | AO45: =+Tabla6[[#This Row],[PRESUPUESTO VIGENTE]]-Tabla6[[#This Row],[CERTIFICACIÓN PAPP]] -> 0 | AP45: 0
A46: OBJETIVO 14: FORTALECER LAS CAPACIDADES DEL ESTADO CON ÉNFASIS EN LA ADMINISTRACIÓN DE JUSTICIA Y EFICIENCIA EN LOS PROCESOS DE REGULACIÓN Y CONTROL CON INDEPENDENCIA Y AUTONOMÍA. | B46: =VLOOKUP(Tabla6[[#This Row],[OBJETIVOS PND]],Listas!$A$1:$B$3,2,0) -> 14.2 POTENCIAR LAS CAPACIDADES DE LOS DISTINTOS NIVELES DE GOBIERNO PARA EL CUMPLIMIENTO DE LOS OBJETIVOS NACIONALES Y LA PRESTACIÓN DE SERVICIOS CON CALIDAD | C46: OE 4 FORTALECER LAS CAPACIDADES INSTITUCIONALES (PARA LA MEJORA CONTINUA DEL SERVICIO) | D46: INCREMENTAR LA EFICIENCIA Y EFICACIA DE LA COORDINACIÓN PARA LA ATENCIÓN DE EMERGENCIAS MEDIANTE EL FORTALECIMIENTO DE LA COOPERACIÓN INTERINSTITUCIONAL, POTENCIACIÓN DE LAS FUNCIONALIDADES DE LA INFRAESTRUCTURA TECNOLÓGICA, CAPACITACIÓN PERMANENTE DEL PERSONAL Y EL MEJORAMIENTO CONTINUO DE LOS ESTÁNDARES DE CALIDAD EN SUS SERVICIOS, PROCESOS, CLIMA LABORAL Y POSICIONAMIENTO INSTITUCIONAL. | E46: COORDINACIÓN_ZONAL | F46: COORDINACIÓN_ZONAL_1 | G46: GESTIÓN LOCAL ADMINISTRATIVA FINANCIERA Y DE ADMINISTRACIÓN DE RECURSOS HUMANOS | H46: =VLOOKUP(Tabla6[[#This Row],[DIRECCIÓN]],DIRECCIÓN[#All],2,0) -> ADMINISTRACIÓN CENTRAL | I46: CONTRATACIÓN DEL SERVICIO DE IMPRESIÓN DE MATERIAL ACADÉMICO PARA LOS CURSOS PRESENCIALES DEL SISTEMA DE COMANDO DE INCIDENTES BÁSICO PARA EL CENTRO LOCAL TULCÁN | J46: 1 | K46: =VLOOKUP(Tabla6[[#This Row],[DIRECCIÓN GENERAL / COORDINACIÓN / SUBDIRECCIÓN]],Tabla37[[#All],[Columna1]:[EOD]],2,0) -> 266_0001 | L46: =VLOOKUP(Tabla6[[#This Row],[OBJETIVOS PND]],Listas!$A$1:$C$3,3,0) -> 1 | M46: =VLOOKUP(Tabla6[[#This Row],[PG]],Listas2!$G$14:$K$16,5,0) -> 0 | N46: 1 | O46: 401 | P46: =VLOOKUP(Tabla6[[#This Row],[GEO]],Listas!$A$48:$B$77,2,0) -> TULCÁN | Q46: =VLOOKUP(Tabla6[[#This Row],[PG]],Listas2!$G$14:$K$16,3,0) -> 1 | R46: =VLOOKUP(Tabla6[[#This Row],[PG]],Listas2!H51:'Listas2'!$G$14:$K$16,4,0) -> 0 | S46: =VLOOKUP(Tabla6[[#This Row],[PG]],Listas2!$G$14:$K$16,2,0) -> 0 | T46: CORRIENTE | U46: 53 | V46: 530804 | W46: =VLOOKUP(Tabla6[[#This Row],[ÍTEM PRESUPUESTARIO]],Tabla2[#All],2,0) -> MATERIALES DE OFICINA | X46: 0 | Y46: =598-299+129.15-428.15 -> 0 | Z46: 0 | AA46: 0 | AB46: 0 | AC46: 0 | AD46: 0 | AE46: 0 | AF46: 0 | AG46: 0 | AH46: 0 | AI46: 0 | AJ46: 0 | AK46: 0 | AL46: =+SUBTOTAL(9,Tabla6[[#This Row],[ENE]:[DIC]]) -> 0 | AM46: =IF(AL46=Y46,"OK",Y46-AL46) -> OK | AN46: 0 | AO46: =+Tabla6[[#This Row],[PRESUPUESTO VIGENTE]]-Tabla6[[#This Row],[CERTIFICACIÓN PAPP]] -> 0 | AP46: 0
A47: OBJETIVO 14: FORTALECER LAS CAPACIDADES DEL ESTADO CON ÉNFASIS EN LA ADMINISTRACIÓN DE JUSTICIA Y EFICIENCIA EN LOS PROCESOS DE REGULACIÓN Y CONTROL CON INDEPENDENCIA Y AUTONOMÍA. | B47: =VLOOKUP(Tabla6[[#This Row],[OBJETIVOS PND]],Listas!$A$1:$B$3,2,0) -> 14.2 POTENCIAR LAS CAPACIDADES DE LOS DISTINTOS NIVELES DE GOBIERNO PARA EL CUMPLIMIENTO DE LOS OBJETIVOS NACIONALES Y LA PRESTACIÓN DE SERVICIOS CON CALIDAD | C47: OE 4 FORTALECER LAS CAPACIDADES INSTITUCIONALES (PARA LA MEJORA CONTINUA DEL SERVICIO) | D47: INCREMENTAR LA EFICIENCIA Y EFICACIA DE LA COORDINACIÓN PARA LA ATENCIÓN DE EMERGENCIAS MEDIANTE EL FORTALECIMIENTO DE LA COOPERACIÓN INTERINSTITUCIONAL, POTENCIACIÓN DE LAS FUNCIONALIDADES DE LA INFRAESTRUCTURA TECNOLÓGICA, CAPACITACIÓN PERMANENTE DEL PERSONAL Y EL MEJORAMIENTO CONTINUO DE LOS ESTÁNDARES DE CALIDAD EN SUS SERVICIOS, PROCESOS, CLIMA LABORAL Y POSICIONAMIENTO INSTITUCIONAL. | E47: COORDINACIÓN_ZONAL | F47: COORDINACIÓN_ZONAL_1 | G47: GESTIÓN LOCAL ADMINISTRATIVA FINANCIERA Y DE ADMINISTRACIÓN DE RECURSOS HUMANOS | H47: =VLOOKUP(Tabla6[[#This Row],[DIRECCIÓN]],DIRECCIÓN[#All],2,0) -> ADMINISTRACIÓN CENTRAL | I47: ADQUISICIÓN DE MATERIALES DE ASEO PARA EL CENTRO OPERATIVO LOCAL ECU 911 TULCÁN AÑO 2023 | J47: 1 | K47: =VLOOKUP(Tabla6[[#This Row],[DIRECCIÓN GENERAL / COORDINACIÓN / SUBDIRECCIÓN]],Tabla37[[#All],[Columna1]:[EOD]],2,0) -> 266_0001 | L47: =VLOOKUP(Tabla6[[#This Row],[OBJETIVOS PND]],Listas!$A$1:$C$3,3,0) -> 1 | M47: =VLOOKUP(Tabla6[[#This Row],[PG]],Listas2!$G$14:$K$16,5,0) -> 0 | N47: 1 | O47: 401 | P47: =VLOOKUP(Tabla6[[#This Row],[GEO]],Listas!$A$48:$B$77,2,0) -> TULCÁN | Q47: =VLOOKUP(Tabla6[[#This Row],[PG]],Listas2!$G$14:$K$16,3,0) -> 1 | R47: =VLOOKUP(Tabla6[[#This Row],[PG]],Listas2!H52:'Listas2'!$G$14:$K$16,4,0) -> 0 | S47: =VLOOKUP(Tabla6[[#This Row],[PG]],Listas2!$G$14:$K$16,2,0) -> 0 | T47: CORRIENTE | U47: 53 | V47: 530805 | W47: =VLOOKUP(Tabla6[[#This Row],[ÍTEM PRESUPUESTARIO]],Tabla2[#All],2,0) -> MATERIALES DE ASEO | X47: 400 | Y47: =400-400 -> 0 | Z47: 0 | AA47: 0 | AB47: 0 | AC47: 0 | AD47: 0 | AE47: 0 | AF47: 0 | AG47: 0 | AH47: 0 | AI47: 0 | AJ47: 0 | AK47: 0 | AL47: =+SUBTOTAL(9,Tabla6[[#This Row],[ENE]:[DIC]]) -> 0 | AM47: =IF(AL47=Y47,"OK",Y47-AL47) -> OK | AN47: 0 | AO47: =+Tabla6[[#This Row],[PRESUPUESTO VIGENTE]]-Tabla6[[#This Row],[CERTIFICACIÓN PAPP]] -> 0 | AP47: 0
A48: OBJETIVO 14: FORTALECER LAS CAPACIDADES DEL ESTADO CON ÉNFASIS EN LA ADMINISTRACIÓN DE JUSTICIA Y EFICIENCIA EN LOS PROCESOS DE REGULACIÓN Y CONTROL CON INDEPENDENCIA Y AUTONOMÍA. | B48: =VLOOKUP(Tabla6[[#This Row],[OBJETIVOS PND]],Listas!$A$1:$B$3,2,0) -> 14.2 POTENCIAR LAS CAPACIDADES DE LOS DISTINTOS NIVELES DE GOBIERNO PARA EL CUMPLIMIENTO DE LOS OBJETIVOS NACIONALES Y LA PRESTACIÓN DE SERVICIOS CON CALIDAD | C48: OE 4 FORTALECER LAS CAPACIDADES INSTITUCIONALES (PARA LA MEJORA CONTINUA DEL SERVICIO) | D48: INCREMENTAR LA EFICIENCIA Y EFICACIA DE LA COORDINACIÓN PARA LA ATENCIÓN DE EMERGENCIAS MEDIANTE EL FORTALECIMIENTO DE LA COOPERACIÓN INTERINSTITUCIONAL, POTENCIACIÓN DE LAS FUNCIONALIDADES DE LA INFRAESTRUCTURA TECNOLÓGICA, CAPACITACIÓN PERMANENTE DEL PERSONAL Y EL MEJORAMIENTO CONTINUO DE LOS ESTÁNDARES DE CALIDAD EN SUS SERVICIOS, PROCESOS, CLIMA LABORAL Y POSICIONAMIENTO INSTITUCIONAL. | E48: COORDINACIÓN_ZONAL | F48: COORDINACIÓN_ZONAL_1 | G48: GESTIÓN LOCAL ADMINISTRATIVA FINANCIERA Y DE ADMINISTRACIÓN DE RECURSOS HUMANOS | H48: =VLOOKUP(Tabla6[[#This Row],[DIRECCIÓN]],DIRECCIÓN[#All],2,0) -> ADMINISTRACIÓN CENTRAL | I48: ADQUISICIÓN DE TONERS NEGRO Y DE COLOR PARA IMPRESORAS DEL CENTRO OPERATIVO LOCAL ECU 911 TULCÁN AÑO 2023 | J48: 1 | K48: =VLOOKUP(Tabla6[[#This Row],[DIRECCIÓN GENERAL / COORDINACIÓN / SUBDIRECCIÓN]],Tabla37[[#All],[Columna1]:[EOD]],2,0) -> 266_0001 | L48: =VLOOKUP(Tabla6[[#This Row],[OBJETIVOS PND]],Listas!$A$1:$C$3,3,0) -> 1 | M48: =VLOOKUP(Tabla6[[#This Row],[PG]],Listas2!$G$14:$K$16,5,0) -> 0 | N48: 1 | O48: 401 | P48: =VLOOKUP(Tabla6[[#This Row],[GEO]],Listas!$A$48:$B$77,2,0) -> TULCÁN | Q48: =VLOOKUP(Tabla6[[#This Row],[PG]],Listas2!$G$14:$K$16,3,0) -> 1 | R48: =VLOOKUP(Tabla6[[#This Row],[PG]],Listas2!H53:'Listas2'!$G$14:$K$16,4,0) -> 0 | S48: =VLOOKUP(Tabla6[[#This Row],[PG]],Listas2!$G$14:$K$16,2,0) -> 0 | T48: CORRIENTE | U48: 53 | V48: 530807 | W48: =VLOOKUP(Tabla6[[#This Row],[ÍTEM PRESUPUESTARIO]],Tabla2[#All],2,0) -> MATERIALES DE IMPRESIÓN, FOTOGRAFÍA, REPRODUCCIÓN Y PUBLICACIONES | X48: 2000 | Y48: =2000-350.9-420.5 -> 1228.6 | Z48: 0 | AA48: 0 | AB48: 0 | AC48: 0 | AD48: 0 | AE48: 0 | AF48: 1228.6 | AG48: 0 | AH48: 0 | AI48: 0 | AJ48: 0 | AK48: 0 | AL48: =+SUBTOTAL(9,Tabla6[[#This Row],[ENE]:[DIC]]) -> 1228.6 | AM48: =IF(AL48=Y48,"OK",Y48-AL48) -> OK | AN48: 1228.6 | AO48: =+Tabla6[[#This Row],[PRESUPUESTO VIGENTE]]-Tabla6[[#This Row],[CERTIFICACIÓN PAPP]] -> 0 | AP48: R
A49: OBJETIVO 14: FORTALECER LAS CAPACIDADES DEL ESTADO CON ÉNFASIS EN LA ADMINISTRACIÓN DE JUSTICIA Y EFICIENCIA EN LOS PROCESOS DE REGULACIÓN Y CONTROL CON INDEPENDENCIA Y AUTONOMÍA. | B49: =VLOOKUP(Tabla6[[#This Row],[OBJETIVOS PND]],Listas!$A$1:$B$3,2,0) -> 14.2 POTENCIAR LAS CAPACIDADES DE LOS DISTINTOS NIVELES DE GOBIERNO PARA EL CUMPLIMIENTO DE LOS OBJETIVOS NACIONALES Y LA PRESTACIÓN DE SERVICIOS CON CALIDAD | C49: OE 4 FORTALECER LAS CAPACIDADES INSTITUCIONALES (PARA LA MEJORA CONTINUA DEL SERVICIO) | D49: INCREMENTAR LA EFICIENCIA Y EFICACIA DE LA COORDINACIÓN PARA LA ATENCIÓN DE EMERGENCIAS MEDIANTE EL FORTALECIMIENTO DE LA COOPERACIÓN INTERINSTITUCIONAL, POTENCIACIÓN DE LAS FUNCIONALIDADES DE LA INFRAESTRUCTURA TECNOLÓGICA, CAPACITACIÓN PERMANENTE DEL PERSONAL Y EL MEJORAMIENTO CONTINUO DE LOS ESTÁNDARES DE CALIDAD EN SUS SERVICIOS, PROCESOS, CLIMA LABORAL Y POSICIONAMIENTO INSTITUCIONAL. | E49: COORDINACIÓN_ZONAL | F49: COORDINACIÓN_ZONAL_1 | G49: GESTIÓN LOCAL ADMINISTRATIVA FINANCIERA Y DE ADMINISTRACIÓN DE RECURSOS HUMANOS | H49: =VLOOKUP(Tabla6[[#This Row],[DIRECCIÓN]],DIRECCIÓN[#All],2,0) -> ADMINISTRACIÓN CENTRAL | I49: CONTRATACIÓN DEL SERVICIO DE IMPRESIÓN DE MATERIAL ACADÉMICO PARA LOS CURSOS PRESENCIALES DEL SISTEMA DE COMANDO DE INCIDENTES BÁSICO PARA EL CENTRO LOCAL TULCÁN | J49: 1 | K49: =VLOOKUP(Tabla6[[#This Row],[DIRECCIÓN GENERAL / COORDINACIÓN / SUBDIRECCIÓN]],Tabla37[[#All],[Columna1]:[EOD]],2,0) -> 266_0001 | L49: =VLOOKUP(Tabla6[[#This Row],[OBJETIVOS PND]],Listas!$A$1:$C$3,3,0) -> 1 | M49: =VLOOKUP(Tabla6[[#This Row],[PG]],Listas2!$G$14:$K$16,5,0) -> 0 | N49: 1 | O49: 401 | P49: =VLOOKUP(Tabla6[[#This Row],[GEO]],Listas!$A$48:$B$77,2,0) -> TULCÁN | Q49: =VLOOKUP(Tabla6[[#This Row],[PG]],Listas2!$G$14:$K$16,3,0) -> 1 | R49: =VLOOKUP(Tabla6[[#This Row],[PG]],Listas2!H54:'Listas2'!$G$14:$K$16,4,0) -> 0 | S49: =VLOOKUP(Tabla6[[#This Row],[PG]],Listas2!$G$14:$K$16,2,0) -> 0 | T49: CORRIENTE | U49: 53 | V49: 530807 | W49: =VLOOKUP(Tabla6[[#This Row],[ÍTEM PRESUPUESTARIO]],Tabla2[#All],2,0) -> MATERIALES DE IMPRESIÓN, FOTOGRAFÍA, REPRODUCCIÓN Y PUBLICACIONES | X49: 0 | Y49: =584-292+95.5 -> 387.5 | Z49: 0 | AA49: 0 | AB49: 0 | AC49: 0 | AD49: 0 | AE49: 0 | AF49: 0 | AG49: 0 | AH49: 0 | AI49: 0 | AJ49: 387.5 | AK49: 0 | AL49: =+SUBTOTAL(9,Tabla6[[#This Row],[ENE]:[DIC]]) -> 387.5 | AM49: =IF(AL49=Y49,"OK",Y49-AL49) -> OK | AN49: 387.5 | AO49: =+Tabla6[[#This Row],[PRESUPUESTO VIGENTE]]-Tabla6[[#This Row],[CERTIFICACIÓN PAPP]] -> 0 | AP49: 0
A50: OBJETIVO 14: FORTALECER LAS CAPACIDADES DEL ESTADO CON ÉNFASIS EN LA ADMINISTRACIÓN DE JUSTICIA Y EFICIENCIA EN LOS PROCESOS DE REGULACIÓN Y CONTROL CON INDEPENDENCIA Y AUTONOMÍA. | B50: =VLOOKUP(Tabla6[[#This Row],[OBJETIVOS PND]],Listas!$A$1:$B$3,2,0) -> 14.2 POTENCIAR LAS CAPACIDADES DE LOS DISTINTOS NIVELES DE GOBIERNO PARA EL CUMPLIMIENTO DE LOS OBJETIVOS NACIONALES Y LA PRESTACIÓN DE SERVICIOS CON CALIDAD | C50: OE 4 FORTALECER LAS CAPACIDADES INSTITUCIONALES (PARA LA MEJORA CONTINUA DEL SERVICIO) | D50: INCREMENTAR LA EFICIENCIA Y EFICACIA DE LA COORDINACIÓN PARA LA ATENCIÓN DE EMERGENCIAS MEDIANTE EL FORTALECIMIENTO DE LA COOPERACIÓN INTERINSTITUCIONAL, POTENCIACIÓN DE LAS FUNCIONALIDADES DE LA INFRAESTRUCTURA TECNOLÓGICA, CAPACITACIÓN PERMANENTE DEL PERSONAL Y EL MEJORAMIENTO CONTINUO DE LOS ESTÁNDARES DE CALIDAD EN SUS SERVICIOS, PROCESOS, CLIMA LABORAL Y POSICIONAMIENTO INSTITUCIONAL. | E50: COORDINACIÓN_ZONAL | F50: COORDINACIÓN_ZONAL_1 | G50: GESTIÓN LOCAL ADMINISTRATIVA FINANCIERA Y DE ADMINISTRACIÓN DE RECURSOS HUMANOS | H50: =VLOOKUP(Tabla6[[#This Row],[DIRECCIÓN]],DIRECCIÓN[#All],2,0) -> ADMINISTRACIÓN CENTRAL | I50: ADQUISICIÓN DE BIENES Y PAGO DE SERVICIOS NO PREVISIBLES, URGENTES Y DE VALOR REDUCIDO (CAJA CHICA) | J50: 1 | K50: =VLOOKUP(Tabla6[[#This Row],[DIRECCIÓN GENERAL / COORDINACIÓN / SUBDIRECCIÓN]],Tabla37[[#All],[Columna1]:[EOD]],2,0) -> 266_0001 | L50: =VLOOKUP(Tabla6[[#This Row],[OBJETIVOS PND]],Listas!$A$1:$C$3,3,0) -> 1 | M50: =VLOOKUP(Tabla6[[#This Row],[PG]],Listas2!$G$14:$K$16,5,0) -> 0 | N50: 1 | O50: 401 | P50: =VLOOKUP(Tabla6[[#This Row],[GEO]],Listas!$A$48:$B$77,2,0) -> TULCÁN | Q50: =VLOOKUP(Tabla6[[#This Row],[PG]],Listas2!$G$14:$K$16,3,0) -> 1 | R50: =VLOOKUP(Tabla6[[#This Row],[PG]],Listas2!H55:'Listas2'!$G$14:$K$16,4,0) -> 0 | S50: =VLOOKUP(Tabla6[[#This Row],[PG]],Listas2!$G$14:$K$16,2,0) -> 0 | T50: CORRIENTE | U50: 53 | V50: 530811 | W50: =VLOOKUP(Tabla6[[#This Row],[ÍTEM PRESUPUESTARIO]],Tabla2[#All],2,0) -> INSUMOS, MATERIALES Y SUMINISTROS PARA CONSTRUCCIÓN, ELECTRICIDAD, PLOMERÍA, CARPINTERÍA, SEÑALIZACIÓN VIAL, NAVEGACIÓN, CONTRA INCENDIOS Y PLACAS | X50: 300 | Y50: =300+50-164.4+164.4 -> 350 | Z50: 0 | AA50: 0 | AB50: 0 | AC50: 0 | AD50: 0 | AE50: 0 | AF50: 0 | AG50: 0 | AH50: 0 | AI50: 0 | AJ50: 0 | AK50: 350 | AL50: =+SUBTOTAL(9,Tabla6[[#This Row],[ENE]:[DIC]]) -> 350 | AM50: =IF(AL50=Y50,"OK",Y50-AL50) -> OK | AN50: 350 | AO50: =+Tabla6[[#This Row],[PRESUPUESTO VIGENTE]]-Tabla6[[#This Row],[CERTIFICACIÓN PAPP]] -> 0 | AP50: R
A51: OBJETIVO 14: FORTALECER LAS CAPACIDADES DEL ESTADO CON ÉNFASIS EN LA ADMINISTRACIÓN DE JUSTICIA Y EFICIENCIA EN LOS PROCESOS DE REGULACIÓN Y CONTROL CON INDEPENDENCIA Y AUTONOMÍA. | B51: =VLOOKUP(Tabla6[[#This Row],[OBJETIVOS PND]],Listas!$A$1:$B$3,2,0) -> 14.2 POTENCIAR LAS CAPACIDADES DE LOS DISTINTOS NIVELES DE GOBIERNO PARA EL CUMPLIMIENTO DE LOS OBJETIVOS NACIONALES Y LA PRESTACIÓN DE SERVICIOS CON CALIDAD | C51: OE 4 FORTALECER LAS CAPACIDADES INSTITUCIONALES (PARA LA MEJORA CONTINUA DEL SERVICIO) | D51: INCREMENTAR LA EFICIENCIA Y EFICACIA DE LA COORDINACIÓN PARA LA ATENCIÓN DE EMERGENCIAS MEDIANTE EL FORTALECIMIENTO DE LA COOPERACIÓN INTERINSTITUCIONAL, POTENCIACIÓN DE LAS FUNCIONALIDADES DE LA INFRAESTRUCTURA TECNOLÓGICA, CAPACITACIÓN PERMANENTE DEL PERSONAL Y EL MEJORAMIENTO CONTINUO DE LOS ESTÁNDARES DE CALIDAD EN SUS SERVICIOS, PROCESOS, CLIMA LABORAL Y POSICIONAMIENTO INSTITUCIONAL. | E51: COORDINACIÓN_ZONAL | F51: COORDINACIÓN_ZONAL_1 | G51: GESTIÓN LOCAL ADMINISTRATIVA FINANCIERA Y DE ADMINISTRACIÓN DE RECURSOS HUMANOS | H51: =VLOOKUP(Tabla6[[#This Row],[DIRECCIÓN]],DIRECCIÓN[#All],2,0) -> ADMINISTRACIÓN CENTRAL | I51: ADQUISICIÓN DE MATERIAL DE FERRETERÍA PARA EL CENTRO OPERATIVO LOCAL ECU 911 TULCÁN AÑO 2023 | J51: 1 | K51: =VLOOKUP(Tabla6[[#This Row],[DIRECCIÓN GENERAL / COORDINACIÓN / SUBDIRECCIÓN]],Tabla37[[#All],[Columna1]:[EOD]],2,0) -> 266_0001 | L51: =VLOOKUP(Tabla6[[#This Row],[OBJETIVOS PND]],Listas!$A$1:$C$3,3,0) -> 1 | M51: =VLOOKUP(Tabla6[[#This Row],[PG]],Listas2!$G$14:$K$16,5,0) -> 0 | N51: 1 | O51: 401 | P51: =VLOOKUP(Tabla6[[#This Row],[GEO]],Listas!$A$48:$B$77,2,0) -> TULCÁN | Q51: =VLOOKUP(Tabla6[[#This Row],[PG]],Listas2!$G$14:$K$16,3,0) -> 1 | R51: =VLOOKUP(Tabla6[[#This Row],[PG]],Listas2!H56:'Listas2'!$G$14:$K$16,4,0) -> 0 | S51: =VLOOKUP(Tabla6[[#This Row],[PG]],Listas2!$G$14:$K$16,2,0) -> 0 | T51: CORRIENTE | U51: 53 | V51: 530811 | W51: =VLOOKUP(Tabla6[[#This Row],[ÍTEM PRESUPUESTARIO]],Tabla2[#All],2,0) -> INSUMOS, MATERIALES Y SUMINISTROS PARA CONSTRUCCIÓN, ELECTRICIDAD, PLOMERÍA, CARPINTERÍA, SEÑALIZACIÓN VIAL, NAVEGACIÓN, CONTRA INCENDIOS Y PLACAS | X51: 3500 | Y51: =3500-2045-14 -> 1441 | Z51: 0 | AA51: 0 | AB51: 0 | AC51: 0 | AD51: 0 | AE51: 0 | AF51: 1441 | AG51: 0 | AH51: 0 | AI51: 0 | AJ51: 0 | AK51: 0 | AL51: =+SUBTOTAL(9,Tabla6[[#This Row],[ENE]:[DIC]]) -> 1441 | AM51: =IF(AL51=Y51,"OK",Y51-AL51) -> OK | AN51: 1441 | AO51: =+Tabla6[[#This Row],[PRESUPUESTO VIGENTE]]-Tabla6[[#This Row],[CERTIFICACIÓN PAPP]] -> 0 | AP51: R
A52: OBJETIVO 14: FORTALECER LAS CAPACIDADES DEL ESTADO CON ÉNFASIS EN LA ADMINISTRACIÓN DE JUSTICIA Y EFICIENCIA EN LOS PROCESOS DE REGULACIÓN Y CONTROL CON INDEPENDENCIA Y AUTONOMÍA. | B52: =VLOOKUP(Tabla6[[#This Row],[OBJETIVOS PND]],Listas!$A$1:$B$3,2,0) -> 14.2 POTENCIAR LAS CAPACIDADES DE LOS DISTINTOS NIVELES DE GOBIERNO PARA EL CUMPLIMIENTO DE LOS OBJETIVOS NACIONALES Y LA PRESTACIÓN DE SERVICIOS CON CALIDAD | C52: OE 4 FORTALECER LAS CAPACIDADES INSTITUCIONALES (PARA LA MEJORA CONTINUA DEL SERVICIO) | D52: INCREMENTAR LA EFICIENCIA Y EFICACIA DE LA COORDINACIÓN PARA LA ATENCIÓN DE EMERGENCIAS MEDIANTE EL FORTALECIMIENTO DE LA COOPERACIÓN INTERINSTITUCIONAL, POTENCIACIÓN DE LAS FUNCIONALIDADES DE LA INFRAESTRUCTURA TECNOLÓGICA, CAPACITACIÓN PERMANENTE DEL PERSONAL Y EL MEJORAMIENTO CONTINUO DE LOS ESTÁNDARES DE CALIDAD EN SUS SERVICIOS, PROCESOS, CLIMA LABORAL Y POSICIONAMIENTO INSTITUCIONAL. | E52: COORDINACIÓN_ZONAL | F52: COORDINACIÓN_ZONAL_1 | G52: GESTIÓN LOCAL ADMINISTRATIVA FINANCIERA Y DE ADMINISTRACIÓN DE RECURSOS HUMANOS | H52: =VLOOKUP(Tabla6[[#This Row],[DIRECCIÓN]],DIRECCIÓN[#All],2,0) -> ADMINISTRACIÓN CENTRAL | I52: ADQUISICIÓN DE MATERIALES PARA MANTENIMIENTO DEL SISTEMA HIDRÁULICO Y SANITARIOS DEL EDIFICIO DEL CENTRO OPERATIVO LOCAL ECU 911 TULCÁN | J52: 1 | K52: =VLOOKUP(Tabla6[[#This Row],[DIRECCIÓN GENERAL / COORDINACIÓN / SUBDIRECCIÓN]],Tabla37[[#All],[Columna1]:[EOD]],2,0) -> 266_0001 | L52: =VLOOKUP(Tabla6[[#This Row],[OBJETIVOS PND]],Listas!$A$1:$C$3,3,0) -> 1 | M52: =VLOOKUP(Tabla6[[#This Row],[PG]],Listas2!$G$14:$K$16,5,0) -> 0 | N52: 1 | O52: 401 | P52: =VLOOKUP(Tabla6[[#This Row],[GEO]],Listas!$A$48:$B$77,2,0) -> TULCÁN | Q52: =VLOOKUP(Tabla6[[#This Row],[PG]],Listas2!$G$14:$K$16,3,0) -> 1 | R52: =VLOOKUP(Tabla6[[#This Row],[PG]],Listas2!H57:'Listas2'!$G$14:$K$16,4,0) -> 0 | S52: =VLOOKUP(Tabla6[[#This Row],[PG]],Listas2!$G$14:$K$16,2,0) -> 0 | T52: CORRIENTE | U52: 53 | V52: 530811 | W52: =VLOOKUP(Tabla6[[#This Row],[ÍTEM PRESUPUESTARIO]],Tabla2[#All],2,0) -> INSUMOS, MATERIALES Y SUMINISTROS PARA CONSTRUCCIÓN, ELECTRICIDAD, PLOMERÍA, CARPINTERÍA, SEÑALIZACIÓN VIAL, NAVEGACIÓN, CONTRA INCENDIOS Y PLACAS | X52: 390 | Y52: =390-390 -> 0 | Z52: 0 | AA52: 0 | AB52: 0 | AC52: 0 | AD52: 0 | AE52: 0 | AF52: 0 | AG52: 0 | AH52: 0 | AI52: 0 | AJ52: 0 | AK52: 0 | AL52: =+SUBTOTAL(9,Tabla6[[#This Row],[ENE]:[DIC]]) -> 0 | AM52: =IF(AL52=Y52,"OK",Y52-AL52) -> OK | AN52: 0 | AO52: =+Tabla6[[#This Row],[PRESUPUESTO VIGENTE]]-Tabla6[[#This Row],[CERTIFICACIÓN PAPP]] -> 0 | AP52: R
A53: OBJETIVO 14: FORTALECER LAS CAPACIDADES DEL ESTADO CON ÉNFASIS EN LA ADMINISTRACIÓN DE JUSTICIA Y EFICIENCIA EN LOS PROCESOS DE REGULACIÓN Y CONTROL CON INDEPENDENCIA Y AUTONOMÍA. | B53: =VLOOKUP(Tabla6[[#This Row],[OBJETIVOS PND]],Listas!$A$1:$B$3,2,0) -> 14.2 POTENCIAR LAS CAPACIDADES DE LOS DISTINTOS NIVELES DE GOBIERNO PARA EL CUMPLIMIENTO DE LOS OBJETIVOS NACIONALES Y LA PRESTACIÓN DE SERVICIOS CON CALIDAD | C53: OE 3 INCREMENTAR EL POSICIONAMIENTO DEL SERVICIO INTEGRADO DE SEGURIDAD ECU 911 A NIVEL NACIONAL E INTERNACIONAL | D53: INCREMENTAR LA EFICIENCIA Y EFICACIA DE LA COORDINACIÓN PARA LA ATENCIÓN DE EMERGENCIAS MEDIANTE EL FORTALECIMIENTO DE LA COOPERACIÓN INTERINSTITUCIONAL, POTENCIACIÓN DE LAS FUNCIONALIDADES DE LA INFRAESTRUCTURA TECNOLÓGICA, CAPACITACIÓN PERMANENTE DEL PERSONAL Y EL MEJORAMIENTO CONTINUO DE LOS ESTÁNDARES DE CALIDAD EN SUS SERVICIOS, PROCESOS, CLIMA LABORAL Y POSICIONAMIENTO INSTITUCIONAL. | E53: COORDINACIÓN_ZONAL | F53: COORDINACIÓN_ZONAL_1 | G53: GESTIÓN LOCAL DE COMUNICACIÓN SOCIAL | H53: =VLOOKUP(Tabla6[[#This Row],[DIRECCIÓN]],DIRECCIÓN[#All],2,0) -> COMUNICACIÓN SOCIAL | I53: ADQUISICIÓN DE MATERIAL DE POSICIONAMIENTO E IDENTIDAD DEL ECU 911 PARA EL CENTRO OPERATIVO ECU 911 TULCÁN | J53: 2 | K53: =VLOOKUP(Tabla6[[#This Row],[DIRECCIÓN GENERAL / COORDINACIÓN / SUBDIRECCIÓN]],Tabla37[[#All],[Columna1]:[EOD]],2,0) -> 266_0001 | L53: =VLOOKUP(Tabla6[[#This Row],[OBJETIVOS PND]],Listas!$A$1:$C$3,3,0) -> 1 | M53: =VLOOKUP(Tabla6[[#This Row],[PG]],Listas2!$G$14:$K$16,5,0) -> 0 | N53: 1 | O53: 401 | P53: =VLOOKUP(Tabla6[[#This Row],[GEO]],Listas!$A$48:$B$77,2,0) -> TULCÁN | Q53: =VLOOKUP(Tabla6[[#This Row],[PG]],Listas2!$G$14:$K$16,3,0) -> 1 | R53: =VLOOKUP(Tabla6[[#This Row],[PG]],Listas2!H58:'Listas2'!$G$14:$K$16,4,0) -> 0 | S53: =VLOOKUP(Tabla6[[#This Row],[PG]],Listas2!$G$14:$K$16,2,0) -> 0 | T53: CORRIENTE | U53: 53 | V53: 530811 | W53: =VLOOKUP(Tabla6[[#This Row],[ÍTEM PRESUPUESTARIO]],Tabla2[#All],2,0) -> INSUMOS, MATERIALES Y SUMINISTROS PARA CONSTRUCCIÓN, ELECTRICIDAD, PLOMERÍA, CARPINTERÍA, SEÑALIZACIÓN VIAL, NAVEGACIÓN, CONTRA INCENDIOS Y PLACAS | X53: 0 | Y53: =470-267.51 -> 202.49 | Z53: 0 | AA53: 0 | AB53: 0 | AC53: 0 | AD53: 202.49 | AE53: 0 | AF53: 0 | AG53: 0 | AH53: 0 | AI53: 0 | AJ53: 0 | AK53: 0 | AL53: =+SUBTOTAL(9,Tabla6[[#This Row],[ENE]:[DIC]]) -> 202.49 | AM53: =IF(AL53=Y53,"OK",Y53-AL53) -> OK | AN53: 202.49 | AO53: =+Tabla6[[#This Row],[PRESUPUESTO VIGENTE]]-Tabla6[[#This Row],[CERTIFICACIÓN PAPP]] -> 0 | AP53: 0
A54: OBJETIVO 14: FORTALECER LAS CAPACIDADES DEL ESTADO CON ÉNFASIS EN LA ADMINISTRACIÓN DE JUSTICIA Y EFICIENCIA EN LOS PROCESOS DE REGULACIÓN Y CONTROL CON INDEPENDENCIA Y AUTONOMÍA. | B54: =VLOOKUP(Tabla6[[#This Row],[OBJETIVOS PND]],Listas!$A$1:$B$3,2,0) -> 14.2 POTENCIAR LAS CAPACIDADES DE LOS DISTINTOS NIVELES DE GOBIERNO PARA EL CUMPLIMIENTO DE LOS OBJETIVOS NACIONALES Y LA PRESTACIÓN DE SERVICIOS CON CALIDAD | C54: OE 3 INCREMENTAR EL POSICIONAMIENTO DEL SERVICIO INTEGRADO DE SEGURIDAD ECU 911 A NIVEL NACIONAL E INTERNACIONAL | D54: INCREMENTAR LA EFICIENCIA Y EFICACIA DE LA COORDINACIÓN PARA LA ATENCIÓN DE EMERGENCIAS MEDIANTE EL FORTALECIMIENTO DE LA COOPERACIÓN INTERINSTITUCIONAL, POTENCIACIÓN DE LAS FUNCIONALIDADES DE LA INFRAESTRUCTURA TECNOLÓGICA, CAPACITACIÓN PERMANENTE DEL PERSONAL Y EL MEJORAMIENTO CONTINUO DE LOS ESTÁNDARES DE CALIDAD EN SUS SERVICIOS, PROCESOS, CLIMA LABORAL Y POSICIONAMIENTO INSTITUCIONAL. | E54: COORDINACIÓN_ZONAL | F54: COORDINACIÓN_ZONAL_1 | G54: GESTIÓN LOCAL DE COMUNICACIÓN SOCIAL | H54: =VLOOKUP(Tabla6[[#This Row],[DIRECCIÓN]],DIRECCIÓN[#All],2,0) -> COMUNICACIÓN SOCIAL | I54: ADQUISICIÓN DE PELOTAS ANTI ESTRÉS CON EL LOGO INSTITUCIONAL PARA VINCULACIÓN CON LA COMUNIDAD | J54: 3 | K54: =VLOOKUP(Tabla6[[#This Row],[DIRECCIÓN GENERAL / COORDINACIÓN / SUBDIRECCIÓN]],Tabla37[[#All],[Columna1]:[EOD]],2,0) -> 266_0001 | L54: =VLOOKUP(Tabla6[[#This Row],[OBJETIVOS PND]],Listas!$A$1:$C$3,3,0) -> 1 | M54: =VLOOKUP(Tabla6[[#This Row],[PG]],Listas2!$G$14:$K$16,5,0) -> 0 | N54: 1 | O54: 401 | P54: =VLOOKUP(Tabla6[[#This Row],[GEO]],Listas!$A$48:$B$77,2,0) -> TULCÁN | Q54: =VLOOKUP(Tabla6[[#This Row],[PG]],Listas2!$G$14:$K$16,3,0) -> 1 | R54: =VLOOKUP(Tabla6[[#This Row],[PG]],Listas2!H59:'Listas2'!$G$14:$K$16,4,0) -> 0 | S54: =VLOOKUP(Tabla6[[#This Row],[PG]],Listas2!$G$14:$K$16,2,0) -> 0 | T54: CORRIENTE | U54: 53 | V54: 530812 | W54: =VLOOKUP(Tabla6[[#This Row],[ÍTEM PRESUPUESTARIO]],Tabla2[#All],2,0) -> MATERIALES DIDÁCTICOS | X54: 0 | Y54: =200-0.5 -> 199.5 | Z54: 0 | AA54: 0 | AB54: 0 | AC54: 0 | AD54: 0 | AE54: 0 | AF54: 0 | AG54: 199.5 | AH54: 0 | AI54: 0 | AJ54: 0 | AK54: 0 | AL54: =+SUBTOTAL(9,Tabla6[[#This Row],[ENE]:[DIC]]) -> 199.5 | AM54: =IF(AL54=Y54,"OK",Y54-AL54) -> OK | AN54: 199.5 | AO54: =+Tabla6[[#This Row],[PRESUPUESTO VIGENTE]]-Tabla6[[#This Row],[CERTIFICACIÓN PAPP]] -> 0 | AP54: 0
A55: OBJETIVO 14: FORTALECER LAS CAPACIDADES DEL ESTADO CON ÉNFASIS EN LA ADMINISTRACIÓN DE JUSTICIA Y EFICIENCIA EN LOS PROCESOS DE REGULACIÓN Y CONTROL CON INDEPENDENCIA Y AUTONOMÍA. | B55: =VLOOKUP(Tabla6[[#This Row],[OBJETIVOS PND]],Listas!$A$1:$B$3,2,0) -> 14.2 POTENCIAR LAS CAPACIDADES DE LOS DISTINTOS NIVELES DE GOBIERNO PARA EL CUMPLIMIENTO DE LOS OBJETIVOS NACIONALES Y LA PRESTACIÓN DE SERVICIOS CON CALIDAD | C55: OE 4 FORTALECER LAS CAPACIDADES INSTITUCIONALES (PARA LA MEJORA CONTINUA DEL SERVICIO) | D55: INCREMENTAR LA EFICIENCIA Y EFICACIA DE LA COORDINACIÓN PARA LA ATENCIÓN DE EMERGENCIAS MEDIANTE EL FORTALECIMIENTO DE LA COOPERACIÓN INTERINSTITUCIONAL, POTENCIACIÓN DE LAS FUNCIONALIDADES DE LA INFRAESTRUCTURA TECNOLÓGICA, CAPACITACIÓN PERMANENTE DEL PERSONAL Y EL MEJORAMIENTO CONTINUO DE LOS ESTÁNDARES DE CALIDAD EN SUS SERVICIOS, PROCESOS, CLIMA LABORAL Y POSICIONAMIENTO INSTITUCIONAL. | E55: COORDINACIÓN_ZONAL | F55: COORDINACIÓN_ZONAL_1 | G55: GESTIÓN LOCAL ADMINISTRATIVA FINANCIERA Y DE ADMINISTRACIÓN DE RECURSOS HUMANOS | H55: =VLOOKUP(Tabla6[[#This Row],[DIRECCIÓN]],DIRECCIÓN[#All],2,0) -> ADMINISTRACIÓN CENTRAL | I55: ADQUISICIÓN DE REPUESTOS PARA MANTENIMIENTO DE VEHÍCULOS LIVIANOS DEL CENTRO OPERATIVO ECU 911 POR EL PERÍODO 2023 | J55: 1 | K55: =VLOOKUP(Tabla6[[#This Row],[DIRECCIÓN GENERAL / COORDINACIÓN / SUBDIRECCIÓN]],Tabla37[[#All],[Columna1]:[EOD]],2,0) -> 266_0001 | L55: =VLOOKUP(Tabla6[[#This Row],[OBJETIVOS PND]],Listas!$A$1:$C$3,3,0) -> 1 | M55: =VLOOKUP(Tabla6[[#This Row],[PG]],Listas2!$G$14:$K$16,5,0) -> 0 | N55: 1 | O55: 401 | P55: =VLOOKUP(Tabla6[[#This Row],[GEO]],Listas!$A$48:$B$77,2,0) -> TULCÁN | Q55: =VLOOKUP(Tabla6[[#This Row],[PG]],Listas2!$G$14:$K$16,3,0) -> 1 | R55: =VLOOKUP(Tabla6[[#This Row],[PG]],Listas2!H60:'Listas2'!$G$14:$K$16,4,0) -> 0 | S55: =VLOOKUP(Tabla6[[#This Row],[PG]],Listas2!$G$14:$K$16,2,0) -> 0 | T55: CORRIENTE | U55: 53 | V55: 530813 | W55: =VLOOKUP(Tabla6[[#This Row],[ÍTEM PRESUPUESTARIO]],Tabla2[#All],2,0) -> REPUESTOS Y ACCESORIOS | X55: 470 | Y55: =470-241.55 -> 228.45 | Z55: 0 | AA55: 0 | AB55: 110.45 | AC55: 0 | AD55: 0 | AE55: 0 | AF55: 0 | AG55: 0 | AH55: 118 | AI55: 0 | AJ55: 0 | AK55: 0 | AL55: =+SUBTOTAL(9,Tabla6[[#This Row],[ENE]:[DIC]]) -> 228.45 | AM55: =IF(AL55=Y55,"OK",Y55-AL55) -> OK | AN55: 228.45 | AO55: =+Tabla6[[#This Row],[PRESUPUESTO VIGENTE]]-Tabla6[[#This Row],[CERTIFICACIÓN PAPP]] -> 0 | AP55: 0
A56: OBJETIVO 14: FORTALECER LAS CAPACIDADES DEL ESTADO CON ÉNFASIS EN LA ADMINISTRACIÓN DE JUSTICIA Y EFICIENCIA EN LOS PROCESOS DE REGULACIÓN Y CONTROL CON INDEPENDENCIA Y AUTONOMÍA. | B56: =VLOOKUP(Tabla6[[#This Row],[OBJETIVOS PND]],Listas!$A$1:$B$3,2,0) -> 14.2 POTENCIAR LAS CAPACIDADES DE LOS DISTINTOS NIVELES DE GOBIERNO PARA EL CUMPLIMIENTO DE LOS OBJETIVOS NACIONALES Y LA PRESTACIÓN DE SERVICIOS CON CALIDAD | C56: OE 4 FORTALECER LAS CAPACIDADES INSTITUCIONALES (PARA LA MEJORA CONTINUA DEL SERVICIO) | D56: INCREMENTAR LA EFICIENCIA Y EFICACIA DE LA COORDINACIÓN PARA LA ATENCIÓN DE EMERGENCIAS MEDIANTE EL FORTALECIMIENTO DE LA COOPERACIÓN INTERINSTITUCIONAL, POTENCIACIÓN DE LAS FUNCIONALIDADES DE LA INFRAESTRUCTURA TECNOLÓGICA, CAPACITACIÓN PERMANENTE DEL PERSONAL Y EL MEJORAMIENTO CONTINUO DE LOS ESTÁNDARES DE CALIDAD EN SUS SERVICIOS, PROCESOS, CLIMA LABORAL Y POSICIONAMIENTO INSTITUCIONAL. | E56: COORDINACIÓN_ZONAL | F56: COORDINACIÓN_ZONAL_1 | G56: GESTIÓN LOCAL ADMINISTRATIVA FINANCIERA Y DE ADMINISTRACIÓN DE RECURSOS HUMANOS | H56: =VLOOKUP(Tabla6[[#This Row],[DIRECCIÓN]],DIRECCIÓN[#All],2,0) -> ADMINISTRACIÓN CENTRAL | I56: ADQUISICIÓN DE REPUESTOS COMO FILTROS DE IMAGEN, MOTOR, CUCHILLAS, RODILLOS, PIÑONES, UÑETAS, COMPONENTES ELECTRÓNICOS INTERNOS DE IMPRESORAS | J56: 1 | K56: =VLOOKUP(Tabla6[[#This Row],[DIRECCIÓN GENERAL / COORDINACIÓN / SUBDIRECCIÓN]],Tabla37[[#All],[Columna1]:[EOD]],2,0) -> 266_0001 | L56: =VLOOKUP(Tabla6[[#This Row],[OBJETIVOS PND]],Listas!$A$1:$C$3,3,0) -> 1 | M56: =VLOOKUP(Tabla6[[#This Row],[PG]],Listas2!$G$14:$K$16,5,0) -> 0 | N56: 1 | O56: 401 | P56: =VLOOKUP(Tabla6[[#This Row],[GEO]],Listas!$A$48:$B$77,2,0) -> TULCÁN | Q56: =VLOOKUP(Tabla6[[#This Row],[PG]],Listas2!$G$14:$K$16,3,0) -> 1 | R56: =VLOOKUP(Tabla6[[#This Row],[PG]],Listas2!H61:'Listas2'!$G$14:$K$16,4,0) -> 0 | S56: =VLOOKUP(Tabla6[[#This Row],[PG]],Listas2!$G$14:$K$16,2,0) -> 0 | T56: CORRIENTE | U56: 53 | V56: 530813 | W56: =VLOOKUP(Tabla6[[#This Row],[ÍTEM PRESUPUESTARIO]],Tabla2[#All],2,0) -> REPUESTOS Y ACCESORIOS | X56: 2000 | Y56: =2000-1285 -> 715 | Z56: 0 | AA56: 0 | AB56: 0 | AC56: 0 | AD56: 0 | AE56: 0 | AF56: 0 | AG56: 0 | AH56: 715 | AI56: 0 | AJ56: 0 | AK56: 0 | AL56: =+SUBTOTAL(9,Tabla6[[#This Row],[ENE]:[DIC]]) -> 715 | AM56: =IF(AL56=Y56,"OK",Y56-AL56) -> OK | AN56: 715 | AO56: =+Tabla6[[#This Row],[PRESUPUESTO VIGENTE]]-Tabla6[[#This Row],[CERTIFICACIÓN PAPP]] -> 0 | AP56: 0
A57: OBJETIVO 14: FORTALECER LAS CAPACIDADES DEL ESTADO CON ÉNFASIS EN LA ADMINISTRACIÓN DE JUSTICIA Y EFICIENCIA EN LOS PROCESOS DE REGULACIÓN Y CONTROL CON INDEPENDENCIA Y AUTONOMÍA. | B57: =VLOOKUP(Tabla6[[#This Row],[OBJETIVOS PND]],Listas!$A$1:$B$3,2,0) -> 14.2 POTENCIAR LAS CAPACIDADES DE LOS DISTINTOS NIVELES DE GOBIERNO PARA EL CUMPLIMIENTO DE LOS OBJETIVOS NACIONALES Y LA PRESTACIÓN DE SERVICIOS CON CALIDAD | C57: OE 4 FORTALECER LAS CAPACIDADES INSTITUCIONALES (PARA LA MEJORA CONTINUA DEL SERVICIO) | D57: INCREMENTAR LA EFICIENCIA Y EFICACIA DE LA COORDINACIÓN PARA LA ATENCIÓN DE EMERGENCIAS MEDIANTE EL FORTALECIMIENTO DE LA COOPERACIÓN INTERINSTITUCIONAL, POTENCIACIÓN DE LAS FUNCIONALIDADES DE LA INFRAESTRUCTURA TECNOLÓGICA, CAPACITACIÓN PERMANENTE DEL PERSONAL Y EL MEJORAMIENTO CONTINUO DE LOS ESTÁNDARES DE CALIDAD EN SUS SERVICIOS, PROCESOS, CLIMA LABORAL Y POSICIONAMIENTO INSTITUCIONAL. | E57: COORDINACIÓN_ZONAL | F57: COORDINACIÓN_ZONAL_1 | G57: GESTIÓN LOCAL ADMINISTRATIVA FINANCIERA Y DE ADMINISTRACIÓN DE RECURSOS HUMANOS | H57: =VLOOKUP(Tabla6[[#This Row],[DIRECCIÓN]],DIRECCIÓN[#All],2,0) -> ADMINISTRACIÓN CENTRAL | I57: ADQUISICIÓN DE REPUESTOS PARA MANTENIMIENTO PREVENTIVO Y CORRECTIVO DE ELECTRODOMÉSTICOS DEL CENTRO OPERATIVO LOCAL ECU 911 TULCÁN | J57: 1 | K57: =VLOOKUP(Tabla6[[#This Row],[DIRECCIÓN GENERAL / COORDINACIÓN / SUBDIRECCIÓN]],Tabla37[[#All],[Columna1]:[EOD]],2,0) -> 266_0001 | L57: =VLOOKUP(Tabla6[[#This Row],[OBJETIVOS PND]],Listas!$A$1:$C$3,3,0) -> 1 | M57: =VLOOKUP(Tabla6[[#This Row],[PG]],Listas2!$G$14:$K$16,5,0) -> 0 | N57: 1 | O57: 401 | P57: =VLOOKUP(Tabla6[[#This Row],[GEO]],Listas!$A$48:$B$77,2,0) -> TULCÁN | Q57: =VLOOKUP(Tabla6[[#This Row],[PG]],Listas2!$G$14:$K$16,3,0) -> 1 | R57: =VLOOKUP(Tabla6[[#This Row],[PG]],Listas2!H62:'Listas2'!$G$14:$K$16,4,0) -> 0 | S57: =VLOOKUP(Tabla6[[#This Row],[PG]],Listas2!$G$14:$K$16,2,0) -> 0 | T57: CORRIENTE | U57: 53 | V57: 530813 | W57: =VLOOKUP(Tabla6[[#This Row],[ÍTEM PRESUPUESTARIO]],Tabla2[#All],2,0) -> REPUESTOS Y ACCESORIOS | X57: 2000 | Y57: =2000-2000 -> 0 | Z57: 0 | AA57: 0 | AB57: 0 | AC57: 0 | AD57: 0 | AE57: 0 | AF57: 0 | AG57: 0 | AH57: 0 | AI57: 0 | AJ57: 0 | AK57: 0 | AL57: =+SUBTOTAL(9,Tabla6[[#This Row],[ENE]:[DIC]]) -> 0 | AM57: =IF(AL57=Y57,"OK",Y57-AL57) -> OK | AN57: 0 | AO57: =+Tabla6[[#This Row],[PRESUPUESTO VIGENTE]]-Tabla6[[#This Row],[CERTIFICACIÓN PAPP]] -> 0 | AP57: 0
A58: OBJETIVO 14: FORTALECER LAS CAPACIDADES DEL ESTADO CON ÉNFASIS EN LA ADMINISTRACIÓN DE JUSTICIA Y EFICIENCIA EN LOS PROCESOS DE REGULACIÓN Y CONTROL CON INDEPENDENCIA Y AUTONOMÍA. | B58: =VLOOKUP(Tabla6[[#This Row],[OBJETIVOS PND]],Listas!$A$1:$B$3,2,0) -> 14.2 POTENCIAR LAS CAPACIDADES DE LOS DISTINTOS NIVELES DE GOBIERNO PARA EL CUMPLIMIENTO DE LOS OBJETIVOS NACIONALES Y LA PRESTACIÓN DE SERVICIOS CON CALIDAD | C58: OE 4 FORTALECER LAS CAPACIDADES INSTITUCIONALES (PARA LA MEJORA CONTINUA DEL SERVICIO) | D58: INCREMENTAR LA EFICIENCIA Y EFICACIA DE LA COORDINACIÓN PARA LA ATENCIÓN DE EMERGENCIAS MEDIANTE EL FORTALECIMIENTO DE LA COOPERACIÓN INTERINSTITUCIONAL, POTENCIACIÓN DE LAS FUNCIONALIDADES DE LA INFRAESTRUCTURA TECNOLÓGICA, CAPACITACIÓN PERMANENTE DEL PERSONAL Y EL MEJORAMIENTO CONTINUO DE LOS ESTÁNDARES DE CALIDAD EN SUS SERVICIOS, PROCESOS, CLIMA LABORAL Y POSICIONAMIENTO INSTITUCIONAL. | E58: COORDINACIÓN_ZONAL | F58: COORDINACIÓN_ZONAL_1 | G58: GESTIÓN LOCAL ADMINISTRATIVA FINANCIERA Y DE ADMINISTRACIÓN DE RECURSOS HUMANOS | H58: =VLOOKUP(Tabla6[[#This Row],[DIRECCIÓN]],DIRECCIÓN[#All],2,0) -> ADMINISTRACIÓN CENTRAL | I58: ADQUISICION DE REPUESTOS PARA MANTENIMIENTO DE LA INFRAESTRUCTURA DEL CENTRO OPERATIVO LOCAL ECU 911 TULCÁN AÑO 2023 | J58: 2 | K58: =VLOOKUP(Tabla6[[#This Row],[DIRECCIÓN GENERAL / COORDINACIÓN / SUBDIRECCIÓN]],Tabla37[[#All],[Columna1]:[EOD]],2,0) -> 266_0001 | L58: =VLOOKUP(Tabla6[[#This Row],[OBJETIVOS PND]],Listas!$A$1:$C$3,3,0) -> 1 | M58: =VLOOKUP(Tabla6[[#This Row],[PG]],Listas2!$G$14:$K$16,5,0) -> 0 | N58: 1 | O58: 401 | P58: =VLOOKUP(Tabla6[[#This Row],[GEO]],Listas!$A$48:$B$77,2,0) -> TULCÁN | Q58: =VLOOKUP(Tabla6[[#This Row],[PG]],Listas2!$G$14:$K$16,3,0) -> 1 | R58: =VLOOKUP(Tabla6[[#This Row],[PG]],Listas2!H63:'Listas2'!$G$14:$K$16,4,0) -> 0 | S58: =VLOOKUP(Tabla6[[#This Row],[PG]],Listas2!$G$14:$K$16,2,0) -> 0 | T58: CORRIENTE | U58: 53 | V58: 530813 | W58: =VLOOKUP(Tabla6[[#This Row],[ÍTEM PRESUPUESTARIO]],Tabla2[#All],2,0) -> REPUESTOS Y ACCESORIOS | X58: 0 | Y58: =2000-500-700-134.6-26.88 -> 638.52 | Z58: 0 | AA58: 0 | AB58: 0 | AC58: 0 | AD58: 0 | AE58: 0 | AF58: 638.52 | AG58: 0 | AH58: 0 | AI58: 0 | AJ58: 0 | AK58: 0 | AL58: =+SUBTOTAL(9,Tabla6[[#This Row],[ENE]:[DIC]]) -> 638.52 | AM58: =IF(AL58=Y58,"OK",Y58-AL58) -> OK | AN58: 638.52 | AO58: =+Tabla6[[#This Row],[PRESUPUESTO VIGENTE]]-Tabla6[[#This Row],[CERTIFICACIÓN PAPP]] -> 0 | AP58: 0
A59: OBJETIVO 14: FORTALECER LAS CAPACIDADES DEL ESTADO CON ÉNFASIS EN LA ADMINISTRACIÓN DE JUSTICIA Y EFICIENCIA EN LOS PROCESOS DE REGULACIÓN Y CONTROL CON INDEPENDENCIA Y AUTONOMÍA. | B59: =VLOOKUP(Tabla6[[#This Row],[OBJETIVOS PND]],Listas!$A$1:$B$3,2,0) -> 14.2 POTENCIAR LAS CAPACIDADES DE LOS DISTINTOS NIVELES DE GOBIERNO PARA EL CUMPLIMIENTO DE LOS OBJETIVOS NACIONALES Y LA PRESTACIÓN DE SERVICIOS CON CALIDAD | C59: OE 3 INCREMENTAR EL POSICIONAMIENTO DEL SERVICIO INTEGRADO DE SEGURIDAD ECU 911 A NIVEL NACIONAL E INTERNACIONAL | D59: INCREMENTAR LA EFICIENCIA Y EFICACIA DE LA COORDINACIÓN PARA LA ATENCIÓN DE EMERGENCIAS MEDIANTE EL FORTALECIMIENTO DE LA COOPERACIÓN INTERINSTITUCIONAL, POTENCIACIÓN DE LAS FUNCIONALIDADES DE LA INFRAESTRUCTURA TECNOLÓGICA, CAPACITACIÓN PERMANENTE DEL PERSONAL Y EL MEJORAMIENTO CONTINUO DE LOS ESTÁNDARES DE CALIDAD EN SUS SERVICIOS, PROCESOS, CLIMA LABORAL Y POSICIONAMIENTO INSTITUCIONAL. | E59: COORDINACIÓN_ZONAL | F59: COORDINACIÓN_ZONAL_1 | G59: GESTIÓN LOCAL DE COMUNICACIÓN SOCIAL | H59: =VLOOKUP(Tabla6[[#This Row],[DIRECCIÓN]],DIRECCIÓN[#All],2,0) -> COMUNICACIÓN SOCIAL | I59: ADQUISICIÓN DE MATERIAL DE POSICIONAMIENTO E IDENTIDAD DEL ECU 911 PARA EL CENTRO OPERATIVO ECU 911 TULCÁN | J59: 2 | K59: =VLOOKUP(Tabla6[[#This Row],[DIRECCIÓN GENERAL / COORDINACIÓN / SUBDIRECCIÓN]],Tabla37[[#All],[Columna1]:[EOD]],2,0) -> 266_0001 | L59: =VLOOKUP(Tabla6[[#This Row],[OBJETIVOS PND]],Listas!$A$1:$C$3,3,0) -> 1 | M59: =VLOOKUP(Tabla6[[#This Row],[PG]],Listas2!$G$14:$K$16,5,0) -> 0 | N59: 1 | O59: 401 | P59: =VLOOKUP(Tabla6[[#This Row],[GEO]],Listas!$A$48:$B$77,2,0) -> TULCÁN | Q59: =VLOOKUP(Tabla6[[#This Row],[PG]],Listas2!$G$14:$K$16,3,0) -> 1 | R59: =VLOOKUP(Tabla6[[#This Row],[PG]],Listas2!H64:'Listas2'!$G$14:$K$16,4,0) -> 0 | S59: =VLOOKUP(Tabla6[[#This Row],[PG]],Listas2!$G$14:$K$16,2,0) -> 0 | T59: CORRIENTE | U59: 53 | V59: 530824 | W59: =VLOOKUP(Tabla6[[#This Row],[ÍTEM PRESUPUESTARIO]],Tabla2[#All],2,0) -> INSUMOS, BIENES Y MATERIALES PARA PRODUCCIÓN DE PROGRAMAS DE RADIO, TELEVISIÓN, EVENTOS CULTURALES, ARTÍSTICOS Y ENTRETENIMIENTO EN GENERAL | X59: 0 | Y59: =275-95 -> 180 | Z59: 0 | AA59: 0 | AB59: 0 | AC59: 0 | AD59: 180 | AE59: 0 | AF59: 0 | AG59: 0 | AH59: 0 | AI59: 0 | AJ59: 0 | AK59: 0 | AL59: =+SUBTOTAL(9,Tabla6[[#This Row],[ENE]:[DIC]]) -> 180 | AM59: =IF(AL59=Y59,"OK",Y59-AL59) -> OK | AN59: 180 | AO59: =+Tabla6[[#This Row],[PRESUPUESTO VIGENTE]]-Tabla6[[#This Row],[CERTIFICACIÓN PAPP]] -> 0 | AP59: 0
A60: OBJETIVO 14: FORTALECER LAS CAPACIDADES DEL ESTADO CON ÉNFASIS EN LA ADMINISTRACIÓN DE JUSTICIA Y EFICIENCIA EN LOS PROCESOS DE REGULACIÓN Y CONTROL CON INDEPENDENCIA Y AUTONOMÍA. | B60: =VLOOKUP(Tabla6[[#This Row],[OBJETIVOS PND]],Listas!$A$1:$B$3,2,0) -> 14.2 POTENCIAR LAS CAPACIDADES DE LOS DISTINTOS NIVELES DE GOBIERNO PARA EL CUMPLIMIENTO DE LOS OBJETIVOS NACIONALES Y LA PRESTACIÓN DE SERVICIOS CON CALIDAD | C60: OE 3 INCREMENTAR EL POSICIONAMIENTO DEL SERVICIO INTEGRADO DE SEGURIDAD ECU 911 A NIVEL NACIONAL E INTERNACIONAL | D60: INCREMENTAR LA EFICIENCIA Y EFICACIA DE LA COORDINACIÓN PARA LA ATENCIÓN DE EMERGENCIAS MEDIANTE EL FORTALECIMIENTO DE LA COOPERACIÓN INTERINSTITUCIONAL, POTENCIACIÓN DE LAS FUNCIONALIDADES DE LA INFRAESTRUCTURA TECNOLÓGICA, CAPACITACIÓN PERMANENTE DEL PERSONAL Y EL MEJORAMIENTO CONTINUO DE LOS ESTÁNDARES DE CALIDAD EN SUS SERVICIOS, PROCESOS, CLIMA LABORAL Y POSICIONAMIENTO INSTITUCIONAL. | E60: COORDINACIÓN_ZONAL | F60: COORDINACIÓN_ZONAL_1 | G60: GESTIÓN LOCAL DE COMUNICACIÓN SOCIAL | H60: =VLOOKUP(Tabla6[[#This Row],[DIRECCIÓN]],DIRECCIÓN[#All],2,0) -> COMUNICACIÓN SOCIAL | I60: ADQUISICIÓN DE MATERIAL DE POSICIONAMIENTO E IDENTIDAD DEL ECU 911 PARA EL CENTRO OPERATIVO ECU 911 TULCÁN | J60: 2 | K60: =VLOOKUP(Tabla6[[#This Row],[DIRECCIÓN GENERAL / COORDINACIÓN / SUBDIRECCIÓN]],Tabla37[[#All],[Columna1]:[EOD]],2,0) -> 266_0001 | L60: =VLOOKUP(Tabla6[[#This Row],[OBJETIVOS PND]],Listas!$A$1:$C$3,3,0) -> 1 | M60: =VLOOKUP(Tabla6[[#This Row],[PG]],Listas2!$G$14:$K$16,5,0) -> 0 | N60: 1 | O60: 401 | P60: =VLOOKUP(Tabla6[[#This Row],[GEO]],Listas!$A$48:$B$77,2,0) -> TULCÁN | Q60: =VLOOKUP(Tabla6[[#This Row],[PG]],Listas2!$G$14:$K$16,3,0) -> 1 | R60: =VLOOKUP(Tabla6[[#This Row],[PG]],Listas2!H65:'Listas2'!$G$14:$K$16,4,0) -> 0 | S60: =VLOOKUP(Tabla6[[#This Row],[PG]],Listas2!$G$14:$K$16,2,0) -> 0 | T60: CORRIENTE | U60: 53 | V60: 531403 | W60: =VLOOKUP(Tabla6[[#This Row],[ÍTEM PRESUPUESTARIO]],Tabla2[#All],2,0) -> MOBILIARIO | X60: 0 | Y60: =150-10 -> 140 | Z60: 0 | AA60: 0 | AB60: 0 | AC60: 0 | AD60: 140 | AE60: 0 | AF60: 0 | AG60: 0 | AH60: 0 | AI60: 0 | AJ60: 0 | AK60: 0 | AL60: =+SUBTOTAL(9,Tabla6[[#This Row],[ENE]:[DIC]]) -> 140 | AM60: =IF(AL60=Y60,"OK",Y60-AL60) -> OK | AN60: 140 | AO60: =+Tabla6[[#This Row],[PRESUPUESTO VIGENTE]]-Tabla6[[#This Row],[CERTIFICACIÓN PAPP]] -> 0 | AP60: 0
A61: OBJETIVO 14: FORTALECER LAS CAPACIDADES DEL ESTADO CON ÉNFASIS EN LA ADMINISTRACIÓN DE JUSTICIA Y EFICIENCIA EN LOS PROCESOS DE REGULACIÓN Y CONTROL CON INDEPENDENCIA Y AUTONOMÍA. | B61: =VLOOKUP(Tabla6[[#This Row],[OBJETIVOS PND]],Listas!$A$1:$B$3,2,0) -> 14.2 POTENCIAR LAS CAPACIDADES DE LOS DISTINTOS NIVELES DE GOBIERNO PARA EL CUMPLIMIENTO DE LOS OBJETIVOS NACIONALES Y LA PRESTACIÓN DE SERVICIOS CON CALIDAD | C61: OE 4 FORTALECER LAS CAPACIDADES INSTITUCIONALES (PARA LA MEJORA CONTINUA DEL SERVICIO) | D61: INCREMENTAR LA EFICIENCIA Y EFICACIA DE LA COORDINACIÓN PARA LA ATENCIÓN DE EMERGENCIAS MEDIANTE EL FORTALECIMIENTO DE LA COOPERACIÓN INTERINSTITUCIONAL, POTENCIACIÓN DE LAS FUNCIONALIDADES DE LA INFRAESTRUCTURA TECNOLÓGICA, CAPACITACIÓN PERMANENTE DEL PERSONAL Y EL MEJORAMIENTO CONTINUO DE LOS ESTÁNDARES DE CALIDAD EN SUS SERVICIOS, PROCESOS, CLIMA LABORAL Y POSICIONAMIENTO INSTITUCIONAL. | E61: COORDINACIÓN_ZONAL | F61: COORDINACIÓN_ZONAL_1 | G61: GESTIÓN LOCAL ADMINISTRATIVA FINANCIERA Y DE ADMINISTRACIÓN DE RECURSOS HUMANOS | H61: =VLOOKUP(Tabla6[[#This Row],[DIRECCIÓN]],DIRECCIÓN[#All],2,0) -> ADMINISTRACIÓN CENTRAL | I61: ADQUISICIÓN DE MAQUINARIA Y EQUIPOS MENORES PARA EL CENTRO OPERATIVO LOCAL ECU 911 TULCAN | J61: 2 | K61: =VLOOKUP(Tabla6[[#This Row],[DIRECCIÓN GENERAL / COORDINACIÓN / SUBDIRECCIÓN]],Tabla37[[#All],[Columna1]:[EOD]],2,0) -> 266_0001 | L61: =VLOOKUP(Tabla6[[#This Row],[OBJETIVOS PND]],Listas!$A$1:$C$3,3,0) -> 1 | M61: =VLOOKUP(Tabla6[[#This Row],[PG]],Listas2!$G$14:$K$16,5,0) -> 0 | N61: 1 | O61: 401 | P61: =VLOOKUP(Tabla6[[#This Row],[GEO]],Listas!$A$48:$B$77,2,0) -> TULCÁN | Q61: =VLOOKUP(Tabla6[[#This Row],[PG]],Listas2!$G$14:$K$16,3,0) -> 1 | R61: =VLOOKUP(Tabla6[[#This Row],[PG]],Listas2!H66:'Listas2'!$G$14:$K$16,4,0) -> 0 | S61: =VLOOKUP(Tabla6[[#This Row],[PG]],Listas2!$G$14:$K$16,2,0) -> 0 | T61: CORRIENTE | U61: 53 | V61: 531404 | W61: =VLOOKUP(Tabla6[[#This Row],[ÍTEM PRESUPUESTARIO]],Tabla2[#All],2,0) -> MAQUINARIAS Y EQUIPOS | X61: 0 | Y61: =1500-750-550-200 -> 0 | Z61: 0 | AA61: 0 | AB61: 0 | AC61: 0 | AD61: 0 | AE61: 0 | AF61: 0 | AG61: 0 | AH61: 0 | AI61: 0 | AJ61: 0 | AK61: 0 | AL61: =+SUBTOTAL(9,Tabla6[[#This Row],[ENE]:[DIC]]) -> 0 | AM61: =IF(AL61=Y61,"OK",Y61-AL61) -> OK | AN61: 0 | AO61: =+Tabla6[[#This Row],[PRESUPUESTO VIGENTE]]-Tabla6[[#This Row],[CERTIFICACIÓN PAPP]] -> 0 | AP61: 0
A62: OBJETIVO 14: FORTALECER LAS CAPACIDADES DEL ESTADO CON ÉNFASIS EN LA ADMINISTRACIÓN DE JUSTICIA Y EFICIENCIA EN LOS PROCESOS DE REGULACIÓN Y CONTROL CON INDEPENDENCIA Y AUTONOMÍA. | B62: =VLOOKUP(Tabla6[[#This Row],[OBJETIVOS PND]],Listas!$A$1:$B$3,2,0) -> 14.2 POTENCIAR LAS CAPACIDADES DE LOS DISTINTOS NIVELES DE GOBIERNO PARA EL CUMPLIMIENTO DE LOS OBJETIVOS NACIONALES Y LA PRESTACIÓN DE SERVICIOS CON CALIDAD | C62: OE 4 FORTALECER LAS CAPACIDADES INSTITUCIONALES (PARA LA MEJORA CONTINUA DEL SERVICIO) | D62: INCREMENTAR LA EFICIENCIA Y EFICACIA DE LA COORDINACIÓN PARA LA ATENCIÓN DE EMERGENCIAS MEDIANTE EL FORTALECIMIENTO DE LA COOPERACIÓN INTERINSTITUCIONAL, POTENCIACIÓN DE LAS FUNCIONALIDADES DE LA INFRAESTRUCTURA TECNOLÓGICA, CAPACITACIÓN PERMANENTE DEL PERSONAL Y EL MEJORAMIENTO CONTINUO DE LOS ESTÁNDARES DE CALIDAD EN SUS SERVICIOS, PROCESOS, CLIMA LABORAL Y POSICIONAMIENTO INSTITUCIONAL. | E62: COORDINACIÓN_ZONAL | F62: COORDINACIÓN_ZONAL_1 | G62: GESTIÓN LOCAL ADMINISTRATIVA FINANCIERA Y DE ADMINISTRACIÓN DE RECURSOS HUMANOS | H62: =VLOOKUP(Tabla6[[#This Row],[DIRECCIÓN]],DIRECCIÓN[#All],2,0) -> ADMINISTRACIÓN CENTRAL | I62: ADQUISICIÓN DE HERRAMIENTAS Y EQUIPOS MENORES | J62: 1 | K62: =VLOOKUP(Tabla6[[#This Row],[DIRECCIÓN GENERAL / COORDINACIÓN / SUBDIRECCIÓN]],Tabla37[[#All],[Columna1]:[EOD]],2,0) -> 266_0001 | L62: =VLOOKUP(Tabla6[[#This Row],[OBJETIVOS PND]],Listas!$A$1:$C$3,3,0) -> 1 | M62: =VLOOKUP(Tabla6[[#This Row],[PG]],Listas2!$G$14:$K$16,5,0) -> 0 | N62: 1 | O62: 401 | P62: =VLOOKUP(Tabla6[[#This Row],[GEO]],Listas!$A$48:$B$77,2,0) -> TULCÁN | Q62: =VLOOKUP(Tabla6[[#This Row],[PG]],Listas2!$G$14:$K$16,3,0) -> 1 | R62: =VLOOKUP(Tabla6[[#This Row],[PG]],Listas2!H67:'Listas2'!$G$14:$K$16,4,0) -> 0 | S62: =VLOOKUP(Tabla6[[#This Row],[PG]],Listas2!$G$14:$K$16,2,0) -> 0 | T62: CORRIENTE | U62: 53 | V62: 531406 | W62: =VLOOKUP(Tabla6[[#This Row],[ÍTEM PRESUPUESTARIO]],Tabla2[#All],2,0) -> HERRAMIENTAS Y EQUIPOS MENORES | X62: 200 | Y62: =200+1900-1050+650-1700 -> 0 | Z62: 0 | AA62: 0 | AB62: 0 | AC62: 0 | AD62: 0 | AE62: 0 | AF62: 0 | AG62: 0 | AH62: 0 | AI62: 0 | AJ62: 0 | AK62: 0 | AL62: =+SUBTOTAL(9,Tabla6[[#This Row],[ENE]:[DIC]]) -> 0 | AM62: =IF(AL62=Y62,"OK",Y62-AL62) -> OK | AN62: 0 | AO62: =+Tabla6[[#This Row],[PRESUPUESTO VIGENTE]]-Tabla6[[#This Row],[CERTIFICACIÓN PAPP]] -> 0 | AP62: R
A63: OBJETIVO 14: FORTALECER LAS CAPACIDADES DEL ESTADO CON ÉNFASIS EN LA ADMINISTRACIÓN DE JUSTICIA Y EFICIENCIA EN LOS PROCESOS DE REGULACIÓN Y CONTROL CON INDEPENDENCIA Y AUTONOMÍA. | B63: =VLOOKUP(Tabla6[[#This Row],[OBJETIVOS PND]],Listas!$A$1:$B$3,2,0) -> 14.2 POTENCIAR LAS CAPACIDADES DE LOS DISTINTOS NIVELES DE GOBIERNO PARA EL CUMPLIMIENTO DE LOS OBJETIVOS NACIONALES Y LA PRESTACIÓN DE SERVICIOS CON CALIDAD | C63: OE 4 FORTALECER LAS CAPACIDADES INSTITUCIONALES (PARA LA MEJORA CONTINUA DEL SERVICIO) | D63: INCREMENTAR LA EFICIENCIA Y EFICACIA DE LA COORDINACIÓN PARA LA ATENCIÓN DE EMERGENCIAS MEDIANTE EL FORTALECIMIENTO DE LA COOPERACIÓN INTERINSTITUCIONAL, POTENCIACIÓN DE LAS FUNCIONALIDADES DE LA INFRAESTRUCTURA TECNOLÓGICA, CAPACITACIÓN PERMANENTE DEL PERSONAL Y EL MEJORAMIENTO CONTINUO DE LOS ESTÁNDARES DE CALIDAD EN SUS SERVICIOS, PROCESOS, CLIMA LABORAL Y POSICIONAMIENTO INSTITUCIONAL. | E63: COORDINACIÓN_ZONAL | F63: COORDINACIÓN_ZONAL_1 | G63: GESTIÓN LOCAL ADMINISTRATIVA FINANCIERA Y DE ADMINISTRACIÓN DE RECURSOS HUMANOS | H63: =VLOOKUP(Tabla6[[#This Row],[DIRECCIÓN]],DIRECCIÓN[#All],2,0) -> ADMINISTRACIÓN CENTRAL | I63: MATRICULACIÓN Y REVISIÓN VEHICULAR DE LOS VEHÍCULOS DEL CENTRO OPERATIVO LOCAL ECU 911 TULCÁN AÑO 2023 | J63: 1 | K63: =VLOOKUP(Tabla6[[#This Row],[DIRECCIÓN GENERAL / COORDINACIÓN / SUBDIRECCIÓN]],Tabla37[[#All],[Columna1]:[EOD]],2,0) -> 266_0001 | L63: =VLOOKUP(Tabla6[[#This Row],[OBJETIVOS PND]],Listas!$A$1:$C$3,3,0) -> 1 | M63: =VLOOKUP(Tabla6[[#This Row],[PG]],Listas2!$G$14:$K$16,5,0) -> 0 | N63: 1 | O63: 401 | P63: =VLOOKUP(Tabla6[[#This Row],[GEO]],Listas!$A$48:$B$77,2,0) -> TULCÁN | Q63: =VLOOKUP(Tabla6[[#This Row],[PG]],Listas2!$G$14:$K$16,3,0) -> 1 | R63: =VLOOKUP(Tabla6[[#This Row],[PG]],Listas2!H68:'Listas2'!$G$14:$K$16,4,0) -> 0 | S63: =VLOOKUP(Tabla6[[#This Row],[PG]],Listas2!$G$14:$K$16,2,0) -> 0 | T63: CORRIENTE | U63: 57 | V63: 570102 | W63: =VLOOKUP(Tabla6[[#This Row],[ÍTEM PRESUPUESTARIO]],Tabla2[#All],2,0) -> TASAS GENERALES, IMPUESTOS, CONTRIBUCIONES, PERMISOS, LICENCIAS Y PATENTES | X63: 300 | Y63: =300-300 -> 0 | Z63: 0 | AA63: 0 | AB63: 0 | AC63: 0 | AD63: 0 | AE63: 0 | AF63: 0 | AG63: 0 | AH63: 0 | AI63: 0 | AJ63: 0 | AK63: 0 | AL63: =+SUBTOTAL(9,Tabla6[[#This Row],[ENE]:[DIC]]) -> 0 | AM63: =IF(AL63=Y63,"OK",Y63-AL63) -> OK | AN63: 0 | AO63: =+Tabla6[[#This Row],[PRESUPUESTO VIGENTE]]-Tabla6[[#This Row],[CERTIFICACIÓN PAPP]] -> 0 | AP63: 0
A64: OBJETIVO 14: FORTALECER LAS CAPACIDADES DEL ESTADO CON ÉNFASIS EN LA ADMINISTRACIÓN DE JUSTICIA Y EFICIENCIA EN LOS PROCESOS DE REGULACIÓN Y CONTROL CON INDEPENDENCIA Y AUTONOMÍA. | B64: =VLOOKUP(Tabla6[[#This Row],[OBJETIVOS PND]],Listas!$A$1:$B$3,2,0) -> 14.2 POTENCIAR LAS CAPACIDADES DE LOS DISTINTOS NIVELES DE GOBIERNO PARA EL CUMPLIMIENTO DE LOS OBJETIVOS NACIONALES Y LA PRESTACIÓN DE SERVICIOS CON CALIDAD | C64: OE 4 FORTALECER LAS CAPACIDADES INSTITUCIONALES (PARA LA MEJORA CONTINUA DEL SERVICIO) | D64: INCREMENTAR LA EFICIENCIA Y EFICACIA DE LA COORDINACIÓN PARA LA ATENCIÓN DE EMERGENCIAS MEDIANTE EL FORTALECIMIENTO DE LA COOPERACIÓN INTERINSTITUCIONAL, POTENCIACIÓN DE LAS FUNCIONALIDADES DE LA INFRAESTRUCTURA TECNOLÓGICA, CAPACITACIÓN PERMANENTE DEL PERSONAL Y EL MEJORAMIENTO CONTINUO DE LOS ESTÁNDARES DE CALIDAD EN SUS SERVICIOS, PROCESOS, CLIMA LABORAL Y POSICIONAMIENTO INSTITUCIONAL. | E64: COORDINACIÓN_ZONAL | F64: COORDINACIÓN_ZONAL_1 | G64: GESTIÓN LOCAL ADMINISTRATIVA FINANCIERA Y DE ADMINISTRACIÓN DE RECURSOS HUMANOS | H64: =VLOOKUP(Tabla6[[#This Row],[DIRECCIÓN]],DIRECCIÓN[#All],2,0) -> ADMINISTRACIÓN CENTRAL | I64: CANCELACIÓN DEL PERMISO DE FUNCIONAMIENTO DEL CUERPO DE BOMBEROS AÑO 2023 | J64: 1 | K64: =VLOOKUP(Tabla6[[#This Row],[DIRECCIÓN GENERAL / COORDINACIÓN / SUBDIRECCIÓN]],Tabla37[[#All],[Columna1]:[EOD]],2,0) -> 266_0001 | L64: =VLOOKUP(Tabla6[[#This Row],[OBJETIVOS PND]],Listas!$A$1:$C$3,3,0) -> 1 | M64: =VLOOKUP(Tabla6[[#This Row],[PG]],Listas2!$G$14:$K$16,5,0) -> 0 | N64: 1 | O64: 401 | P64: =VLOOKUP(Tabla6[[#This Row],[GEO]],Listas!$A$48:$B$77,2,0) -> TULCÁN | Q64: =VLOOKUP(Tabla6[[#This Row],[PG]],Listas2!$G$14:$K$16,3,0) -> 1 | R64: =VLOOKUP(Tabla6[[#This Row],[PG]],Listas2!H69:'Listas2'!$G$14:$K$16,4,0) -> 0 | S64: =VLOOKUP(Tabla6[[#This Row],[PG]],Listas2!$G$14:$K$16,2,0) -> 0 | T64: CORRIENTE | U64: 57 | V64: 570102 | W64: =VLOOKUP(Tabla6[[#This Row],[ÍTEM PRESUPUESTARIO]],Tabla2[#All],2,0) -> TASAS GENERALES, IMPUESTOS, CONTRIBUCIONES, PERMISOS, LICENCIAS Y PATENTES | X64: 150 | Y64: =150+20-1 -> 169 | Z64: 0 | AA64: 0 | AB64: 169 | AC64: 0 | AD64: 0 | AE64: 0 | AF64: 0 | AG64: 0 | AH64: 0 | AI64: 0 | AJ64: 0 | AK64: 0 | AL64: =+SUBTOTAL(9,Tabla6[[#This Row],[ENE]:[DIC]]) -> 169 | AM64: =IF(AL64=Y64,"OK",Y64-AL64) -> OK | AN64: 169 | AO64: =+Tabla6[[#This Row],[PRESUPUESTO VIGENTE]]-Tabla6[[#This Row],[CERTIFICACIÓN PAPP]] -> 0 | AP64: 0
A65: OBJETIVO 14: FORTALECER LAS CAPACIDADES DEL ESTADO CON ÉNFASIS EN LA ADMINISTRACIÓN DE JUSTICIA Y EFICIENCIA EN LOS PROCESOS DE REGULACIÓN Y CONTROL CON INDEPENDENCIA Y AUTONOMÍA. | B65: =VLOOKUP(Tabla6[[#This Row],[OBJETIVOS PND]],Listas!$A$1:$B$3,2,0) -> 14.2 POTENCIAR LAS CAPACIDADES DE LOS DISTINTOS NIVELES DE GOBIERNO PARA EL CUMPLIMIENTO DE LOS OBJETIVOS NACIONALES Y LA PRESTACIÓN DE SERVICIOS CON CALIDAD | C65: OE 4 FORTALECER LAS CAPACIDADES INSTITUCIONALES (PARA LA MEJORA CONTINUA DEL SERVICIO) | D65: INCREMENTAR LA EFICIENCIA Y EFICACIA DE LA COORDINACIÓN PARA LA ATENCIÓN DE EMERGENCIAS MEDIANTE EL FORTALECIMIENTO DE LA COOPERACIÓN INTERINSTITUCIONAL, POTENCIACIÓN DE LAS FUNCIONALIDADES DE LA INFRAESTRUCTURA TECNOLÓGICA, CAPACITACIÓN PERMANENTE DEL PERSONAL Y EL MEJORAMIENTO CONTINUO DE LOS ESTÁNDARES DE CALIDAD EN SUS SERVICIOS, PROCESOS, CLIMA LABORAL Y POSICIONAMIENTO INSTITUCIONAL. | E65: COORDINACIÓN_ZONAL | F65: COORDINACIÓN_ZONAL_1 | G65: GESTIÓN LOCAL ADMINISTRATIVA FINANCIERA Y DE ADMINISTRACIÓN DE RECURSOS HUMANOS | H65: =VLOOKUP(Tabla6[[#This Row],[DIRECCIÓN]],DIRECCIÓN[#All],2,0) -> ADMINISTRACIÓN CENTRAL | I65: CANCELACIÓN POR TASA DE MEJORAS EN EL MUNICIPIO AÑO 2023 | J65: 1 | K65: =VLOOKUP(Tabla6[[#This Row],[DIRECCIÓN GENERAL / COORDINACIÓN / SUBDIRECCIÓN]],Tabla37[[#All],[Columna1]:[EOD]],2,0) -> 266_0001 | L65: =VLOOKUP(Tabla6[[#This Row],[OBJETIVOS PND]],Listas!$A$1:$C$3,3,0) -> 1 | M65: =VLOOKUP(Tabla6[[#This Row],[PG]],Listas2!$G$14:$K$16,5,0) -> 0 | N65: 1 | O65: 401 | P65: =VLOOKUP(Tabla6[[#This Row],[GEO]],Listas!$A$48:$B$77,2,0) -> TULCÁN | Q65: =VLOOKUP(Tabla6[[#This Row],[PG]],Listas2!$G$14:$K$16,3,0) -> 1 | R65: =VLOOKUP(Tabla6[[#This Row],[PG]],Listas2!H70:'Listas2'!$G$14:$K$16,4,0) -> 0 | S65: =VLOOKUP(Tabla6[[#This Row],[PG]],Listas2!$G$14:$K$16,2,0) -> 0 | T65: CORRIENTE | U65: 57 | V65: 570102 | W65: =VLOOKUP(Tabla6[[#This Row],[ÍTEM PRESUPUESTARIO]],Tabla2[#All],2,0) -> TASAS GENERALES, IMPUESTOS, CONTRIBUCIONES, PERMISOS, LICENCIAS Y PATENTES | X65: 1193 | Y65: =1193-234.55 -> 958.45 | Z65: 0 | AA65: 0 | AB65: 958.45 | AC65: 0 | AD65: 0 | AE65: 0 | AF65: 0 | AG65: 0 | AH65: 0 | AI65: 0 | AJ65: 0 | AK65: 0 | AL65: =+SUBTOTAL(9,Tabla6[[#This Row],[ENE]:[DIC]]) -> 958.45 | AM65: =IF(AL65=Y65,"OK",Y65-AL65) -> OK | AN65: 958.45 | AO65: =+Tabla6[[#This Row],[PRESUPUESTO VIGENTE]]-Tabla6[[#This Row],[CERTIFICACIÓN PAPP]] -> 0 | AP65: 0
A66: OBJETIVO 14: FORTALECER LAS CAPACIDADES DEL ESTADO CON ÉNFASIS EN LA ADMINISTRACIÓN DE JUSTICIA Y EFICIENCIA EN LOS PROCESOS DE REGULACIÓN Y CONTROL CON INDEPENDENCIA Y AUTONOMÍA. | B66: =VLOOKUP(Tabla6[[#This Row],[OBJETIVOS PND]],Listas!$A$1:$B$3,2,0) -> 14.2 POTENCIAR LAS CAPACIDADES DE LOS DISTINTOS NIVELES DE GOBIERNO PARA EL CUMPLIMIENTO DE LOS OBJETIVOS NACIONALES Y LA PRESTACIÓN DE SERVICIOS CON CALIDAD | C66: OE 4 FORTALECER LAS CAPACIDADES INSTITUCIONALES (PARA LA MEJORA CONTINUA DEL SERVICIO) | D66: INCREMENTAR LA EFICIENCIA Y EFICACIA DE LA COORDINACIÓN PARA LA ATENCIÓN DE EMERGENCIAS MEDIANTE EL FORTALECIMIENTO DE LA COOPERACIÓN INTERINSTITUCIONAL, POTENCIACIÓN DE LAS FUNCIONALIDADES DE LA INFRAESTRUCTURA TECNOLÓGICA, CAPACITACIÓN PERMANENTE DEL PERSONAL Y EL MEJORAMIENTO CONTINUO DE LOS ESTÁNDARES DE CALIDAD EN SUS SERVICIOS, PROCESOS, CLIMA LABORAL Y POSICIONAMIENTO INSTITUCIONAL. | E66: COORDINACIÓN_ZONAL | F66: COORDINACIÓN_ZONAL_1 | G66: GESTIÓN LOCAL ADMINISTRATIVA FINANCIERA Y DE ADMINISTRACIÓN DE RECURSOS HUMANOS | H66: =VLOOKUP(Tabla6[[#This Row],[DIRECCIÓN]],DIRECCIÓN[#All],2,0) -> ADMINISTRACIÓN CENTRAL | I66: ADQUISICIÓN DE BIENES Y PAGO DE SERVICIOS NO PREVISIBLES, URGENTES Y DE VALOR REDUCIDO (CAJA CHICA) | J66: 1 | K66: =VLOOKUP(Tabla6[[#This Row],[DIRECCIÓN GENERAL / COORDINACIÓN / SUBDIRECCIÓN]],Tabla37[[#All],[Columna1]:[EOD]],2,0) -> 266_0001 | L66: =VLOOKUP(Tabla6[[#This Row],[OBJETIVOS PND]],Listas!$A$1:$C$3,3,0) -> 1 | M66: =VLOOKUP(Tabla6[[#This Row],[PG]],Listas2!$G$14:$K$16,5,0) -> 0 | N66: 1 | O66: 401 | P66: =VLOOKUP(Tabla6[[#This Row],[GEO]],Listas!$A$48:$B$77,2,0) -> TULCÁN | Q66: =VLOOKUP(Tabla6[[#This Row],[PG]],Listas2!$G$14:$K$16,3,0) -> 1 | R66: =VLOOKUP(Tabla6[[#This Row],[PG]],Listas2!H71:'Listas2'!$G$14:$K$16,4,0) -> 0 | S66: =VLOOKUP(Tabla6[[#This Row],[PG]],Listas2!$G$14:$K$16,2,0) -> 0 | T66: CORRIENTE | U66: 57 | V66: 570102 | W66: =VLOOKUP(Tabla6[[#This Row],[ÍTEM PRESUPUESTARIO]],Tabla2[#All],2,0) -> TASAS GENERALES, IMPUESTOS, CONTRIBUCIONES, PERMISOS, LICENCIAS Y PATENTES | X66: 100 | Y66: =100+50-26.26 -> 123.74 | Z66: 0 | AA66: 0 | AB66: 0 | AC66: 0 | AD66: 0 | AE66: 0 | AF66: 0 | AG66: 0 | AH66: 0 | AI66: 0 | AJ66: 0 | AK66: 123.74 | AL66: =+SUBTOTAL(9,Tabla6[[#This Row],[ENE]:[DIC]]) -> 123.74 | AM66: =IF(AL66=Y66,"OK",Y66-AL66) -> OK | AN66: 123.74 | AO66: =+Tabla6[[#This Row],[PRESUPUESTO VIGENTE]]-Tabla6[[#This Row],[CERTIFICACIÓN PAPP]] -> 0 | AP66: R
A67: OBJETIVO 9: GARANTIZAR LA SEGURIDAD CIUDADANA, ORDEN PÚBLICO Y GESTIÓN DE RIESGOS | B67: =VLOOKUP(Tabla6[[#This Row],[OBJETIVOS PND]],Listas!$A$1:$B$3,2,0) -> 9.3 MPULSAR LA REDUCCIÓN DE RIESGOS DE DESASTRES Y ATENCIÓN OPORTUNA A EMERGENCIAS ANTE AMENAZAS NATURALES O ANTRÓPICAS EN TODOS LOS SECTORES Y NIVELES TERRITORIALES | C67: OE 1 INCREMENTAR LA CALIDAD EN LA PRESTACIÓN DEL SERVICIO DE ATENCIÓN DE EMERGENCIAS A NIVEL NACIONAL | D67: INCREMENTAR LA EFICIENCIA Y EFICACIA DE LA COORDINACIÓN PARA LA ATENCIÓN DE EMERGENCIAS MEDIANTE EL FORTALECIMIENTO DE LA COOPERACIÓN INTERINSTITUCIONAL, POTENCIACIÓN DE LAS FUNCIONALIDADES DE LA INFRAESTRUCTURA TECNOLÓGICA, CAPACITACIÓN PERMANENTE DEL PERSONAL Y EL MEJORAMIENTO CONTINUO DE LOS ESTÁNDARES DE CALIDAD EN SUS SERVICIOS, PROCESOS, CLIMA LABORAL Y POSICIONAMIENTO INSTITUCIONAL. | E67: COORDINACIÓN_ZONAL | F67: COORDINACIÓN_ZONAL_1 | G67: GESTIÓN LOCAL DE SOPORTE TECNOLÓGICO | H67: =VLOOKUP(Tabla6[[#This Row],[DIRECCIÓN]],DIRECCIÓN[#All],2,0) -> TECNOLOGÍA | I67: ARRASTRE: PAGOS POR CONSUMO DE SERVICIOS DE TELECOMUNICACIONES CORRESPONDIENTE A DICIEMBRE DEL 2022 | J67: 1 | K67: =VLOOKUP(Tabla6[[#This Row],[DIRECCIÓN GENERAL / COORDINACIÓN / SUBDIRECCIÓN]],Tabla37[[#All],[Columna1]:[EOD]],2,0) -> 266_0001 | L67: =VLOOKUP(Tabla6[[#This Row],[OBJETIVOS PND]],Listas!$A$1:$C$3,3,0) -> 55 | M67: =VLOOKUP(Tabla6[[#This Row],[PG]],Listas2!$G$14:$K$16,5,0) -> 0 | N67: 3 | O67: 401 | P67: =VLOOKUP(Tabla6[[#This Row],[GEO]],Listas!$A$48:$B$77,2,0) -> TULCÁN | Q67: =VLOOKUP(Tabla6[[#This Row],[PG]],Listas2!$G$14:$K$16,3,0) -> 1 | R67: =VLOOKUP(Tabla6[[#This Row],[PG]],Listas2!H72:'Listas2'!$G$14:$K$16,4,0) -> 0 | S67: =VLOOKUP(Tabla6[[#This Row],[PG]],Listas2!$G$14:$K$16,2,0) -> 0 | T67: CORRIENTE | U67: 53 | V67: 530105 | W67: =VLOOKUP(Tabla6[[#This Row],[ÍTEM PRESUPUESTARIO]],Tabla2[#All],2,0) -> TELECOMUNICACIONES | X67: 10300 | Y67: =10300-4300-592.07 -> 5407.93 | Z67: 5407.93 | AA67: 0 | AB67: 0 | AC67: 0 | AD67: 0 | AE67: 0 | AF67: 0 | AG67: 0 | AH67: 0 | AI67: 0 | AJ67: 0 | AK67: 0 | AL67: =+SUBTOTAL(9,Tabla6[[#This Row],[ENE]:[DIC]]) -> 5407.93 | AM67: =IF(AL67=Y67,"OK",Y67-AL67) -> OK | AN67: 5407.93 | AO67: =+Tabla6[[#This Row],[PRESUPUESTO VIGENTE]]-Tabla6[[#This Row],[CERTIFICACIÓN PAPP]] -> 0 | AP67: 0
A68: OBJETIVO 9: GARANTIZAR LA SEGURIDAD CIUDADANA, ORDEN PÚBLICO Y GESTIÓN DE RIESGOS | B68: =VLOOKUP(Tabla6[[#This Row],[OBJETIVOS PND]],Listas!$A$1:$B$3,2,0) -> 9.3 MPULSAR LA REDUCCIÓN DE RIESGOS DE DESASTRES Y ATENCIÓN OPORTUNA A EMERGENCIAS ANTE AMENAZAS NATURALES O ANTRÓPICAS EN TODOS LOS SECTORES Y NIVELES TERRITORIALES | C68: OE 1 INCREMENTAR LA CALIDAD EN LA PRESTACIÓN DEL SERVICIO DE ATENCIÓN DE EMERGENCIAS A NIVEL NACIONAL | D68: INCREMENTAR LA EFICIENCIA Y EFICACIA DE LA COORDINACIÓN PARA LA ATENCIÓN DE EMERGENCIAS MEDIANTE EL FORTALECIMIENTO DE LA COOPERACIÓN INTERINSTITUCIONAL, POTENCIACIÓN DE LAS FUNCIONALIDADES DE LA INFRAESTRUCTURA TECNOLÓGICA, CAPACITACIÓN PERMANENTE DEL PERSONAL Y EL MEJORAMIENTO CONTINUO DE LOS ESTÁNDARES DE CALIDAD EN SUS SERVICIOS, PROCESOS, CLIMA LABORAL Y POSICIONAMIENTO INSTITUCIONAL. | E68: COORDINACIÓN_ZONAL | F68: COORDINACIÓN_ZONAL_1 | G68: GESTIÓN LOCAL DE SOPORTE TECNOLÓGICO | H68: =VLOOKUP(Tabla6[[#This Row],[DIRECCIÓN]],DIRECCIÓN[#All],2,0) -> TECNOLOGÍA | I68: PAGO POR CONSUMO DE SERVICIOS DE TELECOMUNICACIONES CORRESPONDIENTE AL CONTRATO ENERO-DICIEMBRE 2023 | J68: 1 | K68: =VLOOKUP(Tabla6[[#This Row],[DIRECCIÓN GENERAL / COORDINACIÓN / SUBDIRECCIÓN]],Tabla37[[#All],[Columna1]:[EOD]],2,0) -> 266_0001 | L68: =VLOOKUP(Tabla6[[#This Row],[OBJETIVOS PND]],Listas!$A$1:$C$3,3,0) -> 55 | M68: =VLOOKUP(Tabla6[[#This Row],[PG]],Listas2!$G$14:$K$16,5,0) -> 0 | N68: 3 | O68: 401 | P68: =VLOOKUP(Tabla6[[#This Row],[GEO]],Listas!$A$48:$B$77,2,0) -> TULCÁN | Q68: =VLOOKUP(Tabla6[[#This Row],[PG]],Listas2!$G$14:$K$16,3,0) -> 1 | R68: =VLOOKUP(Tabla6[[#This Row],[PG]],Listas2!H73:'Listas2'!$G$14:$K$16,4,0) -> 0 | S68: =VLOOKUP(Tabla6[[#This Row],[PG]],Listas2!$G$14:$K$16,2,0) -> 0 | T68: CORRIENTE | U68: 53 | V68: 530105 | W68: =VLOOKUP(Tabla6[[#This Row],[ÍTEM PRESUPUESTARIO]],Tabla2[#All],2,0) -> TELECOMUNICACIONES | X68: 85500 | Y68: =85500-25874-21337.45 -> 38288.55 | Z68: 0 | AA68: 5420.55 | AB68: 5420.55 | AC68: 5420.55 | AD68: 5420.55 | AE68: 5420.55 | AF68: 5420.55 | AG68: 5420.55 | AH68: 344.7 | AI68: 0 | AJ68: 0 | AK68: 0 | AL68: =+SUBTOTAL(9,Tabla6[[#This Row],[ENE]:[DIC]]) -> 38288.55 | AM68: =IF(AL68=Y68,"OK",Y68-AL68) -> OK | AN68: 27258.62 | AO68: =+Tabla6[[#This Row],[PRESUPUESTO VIGENTE]]-Tabla6[[#This Row],[CERTIFICACIÓN PAPP]] -> 11029.93 | AP68: 0
A69: OBJETIVO 9: GARANTIZAR LA SEGURIDAD CIUDADANA, ORDEN PÚBLICO Y GESTIÓN DE RIESGOS | B69: =VLOOKUP(Tabla6[[#This Row],[OBJETIVOS PND]],Listas!$A$1:$B$3,2,0) -> 9.3 MPULSAR LA REDUCCIÓN DE RIESGOS DE DESASTRES Y ATENCIÓN OPORTUNA A EMERGENCIAS ANTE AMENAZAS NATURALES O ANTRÓPICAS EN TODOS LOS SECTORES Y NIVELES TERRITORIALES | C69: OE 1 INCREMENTAR LA CALIDAD EN LA PRESTACIÓN DEL SERVICIO DE ATENCIÓN DE EMERGENCIAS A NIVEL NACIONAL | D69: INCREMENTAR LA EFICIENCIA Y EFICACIA DE LA COORDINACIÓN PARA LA ATENCIÓN DE EMERGENCIAS MEDIANTE EL FORTALECIMIENTO DE LA COOPERACIÓN INTERINSTITUCIONAL, POTENCIACIÓN DE LAS FUNCIONALIDADES DE LA INFRAESTRUCTURA TECNOLÓGICA, CAPACITACIÓN PERMANENTE DEL PERSONAL Y EL MEJORAMIENTO CONTINUO DE LOS ESTÁNDARES DE CALIDAD EN SUS SERVICIOS, PROCESOS, CLIMA LABORAL Y POSICIONAMIENTO INSTITUCIONAL. | E69: COORDINACIÓN_ZONAL | F69: COORDINACIÓN_ZONAL_1 | G69: GESTIÓN LOCAL DE SOPORTE TECNOLÓGICO | H69: =VLOOKUP(Tabla6[[#This Row],[DIRECCIÓN]],DIRECCIÓN[#All],2,0) -> TECNOLOGÍA | I69: PAGO POR LICENCIAMIENTO DE LA SOLUCIÓN ANTIVIRUS PARA CONSOLAS OPERATIVAS Y ADMINISTRATIVAS DEL CENTRO | J69: 2 | K69: =VLOOKUP(Tabla6[[#This Row],[DIRECCIÓN GENERAL / COORDINACIÓN / SUBDIRECCIÓN]],Tabla37[[#All],[Columna1]:[EOD]],2,0) -> 266_0001 | L69: =VLOOKUP(Tabla6[[#This Row],[OBJETIVOS PND]],Listas!$A$1:$C$3,3,0) -> 55 | M69: =VLOOKUP(Tabla6[[#This Row],[PG]],Listas2!$G$14:$K$16,5,0) -> 0 | N69: 3 | O69: 401 | P69: =VLOOKUP(Tabla6[[#This Row],[GEO]],Listas!$A$48:$B$77,2,0) -> TULCÁN | Q69: =VLOOKUP(Tabla6[[#This Row],[PG]],Listas2!$G$14:$K$16,3,0) -> 1 | R69: =VLOOKUP(Tabla6[[#This Row],[PG]],Listas2!H74:'Listas2'!$G$14:$K$16,4,0) -> 0 | S69: =VLOOKUP(Tabla6[[#This Row],[PG]],Listas2!$G$14:$K$16,2,0) -> 0 | T69: CORRIENTE | U69: 53 | V69: 530702 | W69: =VLOOKUP(Tabla6[[#This Row],[ÍTEM PRESUPUESTARIO]],Tabla2[#All],2,0) -> ARRENDAMIENTO Y LICENCIAS DE USO DE PAQUETES INFORMÁTICOS | X69: 2929 | Y69: =2929-46.46 -> 2882.54 | Z69: 0 | AA69: 0 | AB69: 2882.54 | AC69: 0 | AD69: 0 | AE69: 0 | AF69: 0 | AG69: 0 | AH69: 0 | AI69: 0 | AJ69: 0 | AK69: 0 | AL69: =+SUBTOTAL(9,Tabla6[[#This Row],[ENE]:[DIC]]) -> 2882.54 | AM69: =IF(AL69=Y69,"OK",Y69-AL69) -> OK | AN69: 2573.7 | AO69: =+Tabla6[[#This Row],[PRESUPUESTO VIGENTE]]-Tabla6[[#This Row],[CERTIFICACIÓN PAPP]] -> 308.84 | AP69: 0
A70: OBJETIVO 9: GARANTIZAR LA SEGURIDAD CIUDADANA, ORDEN PÚBLICO Y GESTIÓN DE RIESGOS | B70: =VLOOKUP(Tabla6[[#This Row],[OBJETIVOS PND]],Listas!$A$1:$B$3,2,0) -> 9.3 MPULSAR LA REDUCCIÓN DE RIESGOS DE DESASTRES Y ATENCIÓN OPORTUNA A EMERGENCIAS ANTE AMENAZAS NATURALES O ANTRÓPICAS EN TODOS LOS SECTORES Y NIVELES TERRITORIALES | C70: OE 1 INCREMENTAR LA CALIDAD EN LA PRESTACIÓN DEL SERVICIO DE ATENCIÓN DE EMERGENCIAS A NIVEL NACIONAL | D70: INCREMENTAR LA EFICIENCIA Y EFICACIA DE LA COORDINACIÓN PARA LA ATENCIÓN DE EMERGENCIAS MEDIANTE EL FORTALECIMIENTO DE LA COOPERACIÓN INTERINSTITUCIONAL, POTENCIACIÓN DE LAS FUNCIONALIDADES DE LA INFRAESTRUCTURA TECNOLÓGICA, CAPACITACIÓN PERMANENTE DEL PERSONAL Y EL MEJORAMIENTO CONTINUO DE LOS ESTÁNDARES DE CALIDAD EN SUS SERVICIOS, PROCESOS, CLIMA LABORAL Y POSICIONAMIENTO INSTITUCIONAL. | E70: COORDINACIÓN_ZONAL | F70: COORDINACIÓN_ZONAL_1 | G70: GESTIÓN LOCAL DE SOPORTE TECNOLÓGICO | H70: =VLOOKUP(Tabla6[[#This Row],[DIRECCIÓN]],DIRECCIÓN[#All],2,0) -> TECNOLOGÍA | I70: ADQUISICIÓN, INSTALACIÓN, CONFIGURACIÓN Y PUESTA A PUNTOS DE CUATRO DISCOS DUROS PARA STORAGE HP EVA P6500 DEL CENTRO OPERATIVO LOCAL ECU 911 TULCÁN | J70: 2 | K70: =VLOOKUP(Tabla6[[#This Row],[DIRECCIÓN GENERAL / COORDINACIÓN / SUBDIRECCIÓN]],Tabla37[[#All],[Columna1]:[EOD]],2,0) -> 266_0001 | L70: =VLOOKUP(Tabla6[[#This Row],[OBJETIVOS PND]],Listas!$A$1:$C$3,3,0) -> 55 | M70: =VLOOKUP(Tabla6[[#This Row],[PG]],Listas2!$G$14:$K$16,5,0) -> 0 | N70: 3 | O70: 401 | P70: =VLOOKUP(Tabla6[[#This Row],[GEO]],Listas!$A$48:$B$77,2,0) -> TULCÁN | Q70: =VLOOKUP(Tabla6[[#This Row],[PG]],Listas2!$G$14:$K$16,3,0) -> 1 | R70: =VLOOKUP(Tabla6[[#This Row],[PG]],Listas2!H75:'Listas2'!$G$14:$K$16,4,0) -> 0 | S70: =VLOOKUP(Tabla6[[#This Row],[PG]],Listas2!$G$14:$K$16,2,0) -> 0 | T70: CORRIENTE | U70: 53 | V70: 530704 | W70: =VLOOKUP(Tabla6[[#This Row],[ÍTEM PRESUPUESTARIO]],Tabla2[#All],2,0) -> MANTENIMIENTO Y REPARACIÓN DE EQUIPOS Y SISTEMAS INFORMÁTICOS | X70: 0 | Y70: =600-575+75 -> 100 | Z70: 0 | AA70: 0 | AB70: 0 | AC70: 0 | AD70: 0 | AE70: 100 | AF70: 0 | AG70: 0 | AH70: 0 | AI70: 0 | AJ70: 0 | AK70: 0 | AL70: =+SUBTOTAL(9,Tabla6[[#This Row],[ENE]:[DIC]]) -> 100 | AM70: =IF(AL70=Y70,"OK",Y70-AL70) -> OK | AN70: 100 | AO70: =+Tabla6[[#This Row],[PRESUPUESTO VIGENTE]]-Tabla6[[#This Row],[CERTIFICACIÓN PAPP]] -> 0 | AP70: 0
A71: OBJETIVO 9: GARANTIZAR LA SEGURIDAD CIUDADANA, ORDEN PÚBLICO Y GESTIÓN DE RIESGOS | B71: =VLOOKUP(Tabla6[[#This Row],[OBJETIVOS PND]],Listas!$A$1:$B$3,2,0) -> 9.3 MPULSAR LA REDUCCIÓN DE RIESGOS DE DESASTRES Y ATENCIÓN OPORTUNA A EMERGENCIAS ANTE AMENAZAS NATURALES O ANTRÓPICAS EN TODOS LOS SECTORES Y NIVELES TERRITORIALES | C71: OE 1 INCREMENTAR LA CALIDAD EN LA PRESTACIÓN DEL SERVICIO DE ATENCIÓN DE EMERGENCIAS A NIVEL NACIONAL | D71: INCREMENTAR LA EFICIENCIA Y EFICACIA DE LA COORDINACIÓN PARA LA ATENCIÓN DE EMERGENCIAS MEDIANTE EL FORTALECIMIENTO DE LA COOPERACIÓN INTERINSTITUCIONAL, POTENCIACIÓN DE LAS FUNCIONALIDADES DE LA INFRAESTRUCTURA TECNOLÓGICA, CAPACITACIÓN PERMANENTE DEL PERSONAL Y EL MEJORAMIENTO CONTINUO DE LOS ESTÁNDARES DE CALIDAD EN SUS SERVICIOS, PROCESOS, CLIMA LABORAL Y POSICIONAMIENTO INSTITUCIONAL. | E71: COORDINACIÓN_ZONAL | F71: COORDINACIÓN_ZONAL_1 | G71: GESTIÓN LOCAL DE SOPORTE TECNOLÓGICO | H71: =VLOOKUP(Tabla6[[#This Row],[DIRECCIÓN]],DIRECCIÓN[#All],2,0) -> TECNOLOGÍA | I71: PAGO POR ADQUISICIÓN DE MATERIALES E INSUMOS PARA MANTENIMIENTOS E INSTALACIONES TECNOLÓGICAS DEL CENTRO | J71: 2 | K71: =VLOOKUP(Tabla6[[#This Row],[DIRECCIÓN GENERAL / COORDINACIÓN / SUBDIRECCIÓN]],Tabla37[[#All],[Columna1]:[EOD]],2,0) -> 266_0001 | L71: =VLOOKUP(Tabla6[[#This Row],[OBJETIVOS PND]],Listas!$A$1:$C$3,3,0) -> 55 | M71: =VLOOKUP(Tabla6[[#This Row],[PG]],Listas2!$G$14:$K$16,5,0) -> 0 | N71: 3 | O71: 401 | P71: =VLOOKUP(Tabla6[[#This Row],[GEO]],Listas!$A$48:$B$77,2,0) -> TULCÁN | Q71: =VLOOKUP(Tabla6[[#This Row],[PG]],Listas2!$G$14:$K$16,3,0) -> 1 | R71: =VLOOKUP(Tabla6[[#This Row],[PG]],Listas2!H76:'Listas2'!$G$14:$K$16,4,0) -> 0 | S71: =VLOOKUP(Tabla6[[#This Row],[PG]],Listas2!$G$14:$K$16,2,0) -> 0 | T71: CORRIENTE | U71: 53 | V71: 530811 | W71: =VLOOKUP(Tabla6[[#This Row],[ÍTEM PRESUPUESTARIO]],Tabla2[#All],2,0) -> INSUMOS, MATERIALES Y SUMINISTROS PARA CONSTRUCCIÓN, ELECTRICIDAD, PLOMERÍA, CARPINTERÍA, SEÑALIZACIÓN VIAL, NAVEGACIÓN, CONTRA INCENDIOS Y PLACAS | X71: 1200 | Y71: =1200-3.75 -> 1196.25 | Z71: 0 | AA71: 0 | AB71: 0 | AC71: 0 | AD71: 1196.25 | AE71: 0 | AF71: 0 | AG71: 0 | AH71: 0 | AI71: 0 | AJ71: 0 | AK71: 0 | AL71: =+SUBTOTAL(9,Tabla6[[#This Row],[ENE]:[DIC]]) -> 1196.25 | AM71: =IF(AL71=Y71,"OK",Y71-AL71) -> OK | AN71: 1196.25 | AO71: =+Tabla6[[#This Row],[PRESUPUESTO VIGENTE]]-Tabla6[[#This Row],[CERTIFICACIÓN PAPP]] -> 0 | AP71: 0
A72: OBJETIVO 9: GARANTIZAR LA SEGURIDAD CIUDADANA, ORDEN PÚBLICO Y GESTIÓN DE RIESGOS | B72: =VLOOKUP(Tabla6[[#This Row],[OBJETIVOS PND]],Listas!$A$1:$B$3,2,0) -> 9.3 MPULSAR LA REDUCCIÓN DE RIESGOS DE DESASTRES Y ATENCIÓN OPORTUNA A EMERGENCIAS ANTE AMENAZAS NATURALES O ANTRÓPICAS EN TODOS LOS SECTORES Y NIVELES TERRITORIALES | C72: OE 1 INCREMENTAR LA CALIDAD EN LA PRESTACIÓN DEL SERVICIO DE ATENCIÓN DE EMERGENCIAS A NIVEL NACIONAL | D72: INCREMENTAR LA EFICIENCIA Y EFICACIA DE LA COORDINACIÓN PARA LA ATENCIÓN DE EMERGENCIAS MEDIANTE EL FORTALECIMIENTO DE LA COOPERACIÓN INTERINSTITUCIONAL, POTENCIACIÓN DE LAS FUNCIONALIDADES DE LA INFRAESTRUCTURA TECNOLÓGICA, CAPACITACIÓN PERMANENTE DEL PERSONAL Y EL MEJORAMIENTO CONTINUO DE LOS ESTÁNDARES DE CALIDAD EN SUS SERVICIOS, PROCESOS, CLIMA LABORAL Y POSICIONAMIENTO INSTITUCIONAL. | E72: COORDINACIÓN_ZONAL | F72: COORDINACIÓN_ZONAL_1 | G72: GESTIÓN LOCAL DE SOPORTE TECNOLÓGICO | H72: =VLOOKUP(Tabla6[[#This Row],[DIRECCIÓN]],DIRECCIÓN[#All],2,0) -> TECNOLOGÍA | I72: ADQUISICIÓN DE BIENES Y PAGO DE SERVICIOS NO PREVISIBLES, URGENTES Y DE VALOR REDUCIDO (CAJA CHICA) | J72: 2 | K72: =VLOOKUP(Tabla6[[#This Row],[DIRECCIÓN GENERAL / COORDINACIÓN / SUBDIRECCIÓN]],Tabla37[[#All],[Columna1]:[EOD]],2,0) -> 266_0001 | L72: =VLOOKUP(Tabla6[[#This Row],[OBJETIVOS PND]],Listas!$A$1:$C$3,3,0) -> 55 | M72: =VLOOKUP(Tabla6[[#This Row],[PG]],Listas2!$G$14:$K$16,5,0) -> 0 | N72: 3 | O72: 401 | P72: =VLOOKUP(Tabla6[[#This Row],[GEO]],Listas!$A$48:$B$77,2,0) -> TULCÁN | Q72: =VLOOKUP(Tabla6[[#This Row],[PG]],Listas2!$G$14:$K$16,3,0) -> 1 | R72: =VLOOKUP(Tabla6[[#This Row],[PG]],Listas2!H77:'Listas2'!$G$14:$K$16,4,0) -> 0 | S72: =VLOOKUP(Tabla6[[#This Row],[PG]],Listas2!$G$14:$K$16,2,0) -> 0 | T72: CORRIENTE | U72: 53 | V72: 530811 | W72: =VLOOKUP(Tabla6[[#This Row],[ÍTEM PRESUPUESTARIO]],Tabla2[#All],2,0) -> INSUMOS, MATERIALES Y SUMINISTROS PARA CONSTRUCCIÓN, ELECTRICIDAD, PLOMERÍA, CARPINTERÍA, SEÑALIZACIÓN VIAL, NAVEGACIÓN, CONTRA INCENDIOS Y PLACAS | X72: 150 | Y72: =150+100-125+125-250 -> 0 | Z72: 0 | AA72: 0 | AB72: 0 | AC72: 0 | AD72: 0 | AE72: 0 | AF72: 0 | AG72: 0 | AH72: 0 | AI72: 0 | AJ72: 0 | AK72: 0 | AL72: =+SUBTOTAL(9,Tabla6[[#This Row],[ENE]:[DIC]]) -> 0 | AM72: =IF(AL72=Y72,"OK",Y72-AL72) -> OK | AN72: 0 | AO72: =+Tabla6[[#This Row],[PRESUPUESTO VIGENTE]]-Tabla6[[#This Row],[CERTIFICACIÓN PAPP]] -> 0 | AP72: R
A73: OBJETIVO 9: GARANTIZAR LA SEGURIDAD CIUDADANA, ORDEN PÚBLICO Y GESTIÓN DE RIESGOS | B73: =VLOOKUP(Tabla6[[#This Row],[OBJETIVOS PND]],Listas!$A$1:$B$3,2,0) -> 9.3 MPULSAR LA REDUCCIÓN DE RIESGOS DE DESASTRES Y ATENCIÓN OPORTUNA A EMERGENCIAS ANTE AMENAZAS NATURALES O ANTRÓPICAS EN TODOS LOS SECTORES Y NIVELES TERRITORIALES | C73: OE 1 INCREMENTAR LA CALIDAD EN LA PRESTACIÓN DEL SERVICIO DE ATENCIÓN DE EMERGENCIAS A NIVEL NACIONAL | D73: INCREMENTAR LA EFICIENCIA Y EFICACIA DE LA COORDINACIÓN PARA LA ATENCIÓN DE EMERGENCIAS MEDIANTE EL FORTALECIMIENTO DE LA COOPERACIÓN INTERINSTITUCIONAL, POTENCIACIÓN DE LAS FUNCIONALIDADES DE LA INFRAESTRUCTURA TECNOLÓGICA, CAPACITACIÓN PERMANENTE DEL PERSONAL Y EL MEJORAMIENTO CONTINUO DE LOS ESTÁNDARES DE CALIDAD EN SUS SERVICIOS, PROCESOS, CLIMA LABORAL Y POSICIONAMIENTO INSTITUCIONAL. | E73: COORDINACIÓN_ZONAL | F73: COORDINACIÓN_ZONAL_1 | G73: GESTIÓN LOCAL DE SOPORTE TECNOLÓGICO | H73: =VLOOKUP(Tabla6[[#This Row],[DIRECCIÓN]],DIRECCIÓN[#All],2,0) -> TECNOLOGÍA | I73: ADQUISICIÓN DE BIENES Y PAGO DE SERVICIOS NO PREVISIBLES, URGENTES Y DE VALOR REDUCIDO (CAJA CHICA) | J73: 2 | K73: =VLOOKUP(Tabla6[[#This Row],[DIRECCIÓN GENERAL / COORDINACIÓN / SUBDIRECCIÓN]],Tabla37[[#All],[Columna1]:[EOD]],2,0) -> 266_0001 | L73: =VLOOKUP(Tabla6[[#This Row],[OBJETIVOS PND]],Listas!$A$1:$C$3,3,0) -> 55 | M73: =VLOOKUP(Tabla6[[#This Row],[PG]],Listas2!$G$14:$K$16,5,0) -> 0 | N73: 3 | O73: 401 | P73: =VLOOKUP(Tabla6[[#This Row],[GEO]],Listas!$A$48:$B$77,2,0) -> TULCÁN | Q73: =VLOOKUP(Tabla6[[#This Row],[PG]],Listas2!$G$14:$K$16,3,0) -> 1 | R73: =VLOOKUP(Tabla6[[#This Row],[PG]],Listas2!H78:'Listas2'!$G$14:$K$16,4,0) -> 0 | S73: =VLOOKUP(Tabla6[[#This Row],[PG]],Listas2!$G$14:$K$16,2,0) -> 0 | T73: CORRIENTE | U73: 53 | V73: 530813 | W73: =VLOOKUP(Tabla6[[#This Row],[ÍTEM PRESUPUESTARIO]],Tabla2[#All],2,0) -> REPUESTOS Y ACCESORIOS | X73: 152 | Y73: =152+48-126.08+126.08 -> 200 | Z73: 0 | AA73: 0 | AB73: 0 | AC73: 0 | AD73: 0 | AE73: 0 | AF73: 0 | AG73: 0 | AH73: 0 | AI73: 0 | AJ73: 0 | AK73: 200 | AL73: =+SUBTOTAL(9,Tabla6[[#This Row],[ENE]:[DIC]]) -> 200 | AM73: =IF(AL73=Y73,"OK",Y73-AL73) -> OK | AN73: 200 | AO73: =+Tabla6[[#This Row],[PRESUPUESTO VIGENTE]]-Tabla6[[#This Row],[CERTIFICACIÓN PAPP]] -> 0 | AP73: R
A74: OBJETIVO 9: GARANTIZAR LA SEGURIDAD CIUDADANA, ORDEN PÚBLICO Y GESTIÓN DE RIESGOS | B74: =VLOOKUP(Tabla6[[#This Row],[OBJETIVOS PND]],Listas!$A$1:$B$3,2,0) -> 9.3 MPULSAR LA REDUCCIÓN DE RIESGOS DE DESASTRES Y ATENCIÓN OPORTUNA A EMERGENCIAS ANTE AMENAZAS NATURALES O ANTRÓPICAS EN TODOS LOS SECTORES Y NIVELES TERRITORIALES | C74: OE 1 INCREMENTAR LA CALIDAD EN LA PRESTACIÓN DEL SERVICIO DE ATENCIÓN DE EMERGENCIAS A NIVEL NACIONAL | D74: INCREMENTAR LA EFICIENCIA Y EFICACIA DE LA COORDINACIÓN PARA LA ATENCIÓN DE EMERGENCIAS MEDIANTE EL FORTALECIMIENTO DE LA COOPERACIÓN INTERINSTITUCIONAL, POTENCIACIÓN DE LAS FUNCIONALIDADES DE LA INFRAESTRUCTURA TECNOLÓGICA, CAPACITACIÓN PERMANENTE DEL PERSONAL Y EL MEJORAMIENTO CONTINUO DE LOS ESTÁNDARES DE CALIDAD EN SUS SERVICIOS, PROCESOS, CLIMA LABORAL Y POSICIONAMIENTO INSTITUCIONAL. | E74: COORDINACIÓN_ZONAL | F74: COORDINACIÓN_ZONAL_1 | G74: GESTIÓN LOCAL DE SOPORTE TECNOLÓGICO | H74: =VLOOKUP(Tabla6[[#This Row],[DIRECCIÓN]],DIRECCIÓN[#All],2,0) -> TECNOLOGÍA | I74: ADQUISICIÓN DE REPUESTOS Y ACCESORIOS TECNOLÓGICOS PARA MAQUINARIAS, PLANTAS ELÉCTRICAS, EQUIPOS Y OTROS | J74: 2 | K74: =VLOOKUP(Tabla6[[#This Row],[DIRECCIÓN GENERAL / COORDINACIÓN / SUBDIRECCIÓN]],Tabla37[[#All],[Columna1]:[EOD]],2,0) -> 266_0001 | L74: =VLOOKUP(Tabla6[[#This Row],[OBJETIVOS PND]],Listas!$A$1:$C$3,3,0) -> 55 | M74: =VLOOKUP(Tabla6[[#This Row],[PG]],Listas2!$G$14:$K$16,5,0) -> 0 | N74: 3 | O74: 401 | P74: =VLOOKUP(Tabla6[[#This Row],[GEO]],Listas!$A$48:$B$77,2,0) -> TULCÁN | Q74: =VLOOKUP(Tabla6[[#This Row],[PG]],Listas2!$G$14:$K$16,3,0) -> 1 | R74: =VLOOKUP(Tabla6[[#This Row],[PG]],Listas2!H79:'Listas2'!$G$14:$K$16,4,0) -> 0 | S74: =VLOOKUP(Tabla6[[#This Row],[PG]],Listas2!$G$14:$K$16,2,0) -> 0 | T74: CORRIENTE | U74: 53 | V74: 530813 | W74: =VLOOKUP(Tabla6[[#This Row],[ÍTEM PRESUPUESTARIO]],Tabla2[#All],2,0) -> REPUESTOS Y ACCESORIOS | X74: 5200 | Y74: =5200-5200 -> 0 | Z74: 0 | AA74: 0 | AB74: 0 | AC74: 0 | AD74: 0 | AE74: 0 | AF74: 0 | AG74: 0 | AH74: 0 | AI74: 0 | AJ74: 0 | AK74: 0 | AL74: =+SUBTOTAL(9,Tabla6[[#This Row],[ENE]:[DIC]]) -> 0 | AM74: =IF(AL74=Y74,"OK",Y74-AL74) -> OK | AN74: 0 | AO74: =+Tabla6[[#This Row],[PRESUPUESTO VIGENTE]]-Tabla6[[#This Row],[CERTIFICACIÓN PAPP]] -> 0 | AP74: 0
A75: OBJETIVO 9: GARANTIZAR LA SEGURIDAD CIUDADANA, ORDEN PÚBLICO Y GESTIÓN DE RIESGOS | B75: =VLOOKUP(Tabla6[[#This Row],[OBJETIVOS PND]],Listas!$A$1:$B$3,2,0) -> 9.3 MPULSAR LA REDUCCIÓN DE RIESGOS DE DESASTRES Y ATENCIÓN OPORTUNA A EMERGENCIAS ANTE AMENAZAS NATURALES O ANTRÓPICAS EN TODOS LOS SECTORES Y NIVELES TERRITORIALES | C75: OE 1 INCREMENTAR LA CALIDAD EN LA PRESTACIÓN DEL SERVICIO DE ATENCIÓN DE EMERGENCIAS A NIVEL NACIONAL | D75: INCREMENTAR LA EFICIENCIA Y EFICACIA DE LA COORDINACIÓN PARA LA ATENCIÓN DE EMERGENCIAS MEDIANTE EL FORTALECIMIENTO DE LA COOPERACIÓN INTERINSTITUCIONAL, POTENCIACIÓN DE LAS FUNCIONALIDADES DE LA INFRAESTRUCTURA TECNOLÓGICA, CAPACITACIÓN PERMANENTE DEL PERSONAL Y EL MEJORAMIENTO CONTINUO DE LOS ESTÁNDARES DE CALIDAD EN SUS SERVICIOS, PROCESOS, CLIMA LABORAL Y POSICIONAMIENTO INSTITUCIONAL. | E75: COORDINACIÓN_ZONAL | F75: COORDINACIÓN_ZONAL_1 | G75: GESTIÓN LOCAL DE SOPORTE TECNOLÓGICO | H75: =VLOOKUP(Tabla6[[#This Row],[DIRECCIÓN]],DIRECCIÓN[#All],2,0) -> TECNOLOGÍA | I75: PAGO POR ADQUISICIÓN DE REPUESTOS Y ACCESORIOS PARA RADIOS APX 2000 DEL CENTRO OPERATIVO | J75: 2 | K75: =VLOOKUP(Tabla6[[#This Row],[DIRECCIÓN GENERAL / COORDINACIÓN / SUBDIRECCIÓN]],Tabla37[[#All],[Columna1]:[EOD]],2,0) -> 266_0001 | L75: =VLOOKUP(Tabla6[[#This Row],[OBJETIVOS PND]],Listas!$A$1:$C$3,3,0) -> 55 | M75: =VLOOKUP(Tabla6[[#This Row],[PG]],Listas2!$G$14:$K$16,5,0) -> 0 | N75: 3 | O75: 401 | P75: =VLOOKUP(Tabla6[[#This Row],[GEO]],Listas!$A$48:$B$77,2,0) -> TULCÁN | Q75: =VLOOKUP(Tabla6[[#This Row],[PG]],Listas2!$G$14:$K$16,3,0) -> 1 | R75: =VLOOKUP(Tabla6[[#This Row],[PG]],Listas2!H80:'Listas2'!$G$14:$K$16,4,0) -> 0 | S75: =VLOOKUP(Tabla6[[#This Row],[PG]],Listas2!$G$14:$K$16,2,0) -> 0 | T75: CORRIENTE | U75: 53 | V75: 530813 | W75: =VLOOKUP(Tabla6[[#This Row],[ÍTEM PRESUPUESTARIO]],Tabla2[#All],2,0) -> REPUESTOS Y ACCESORIOS | X75: 560 | Y75: =560-560 -> 0 | Z75: 0 | AA75: 0 | AB75: 0 | AC75: 0 | AD75: 0 | AE75: 0 | AF75: 0 | AG75: 0 | AH75: 0 | AI75: 0 | AJ75: 0 | AK75: 0 | AL75: =+SUBTOTAL(9,Tabla6[[#This Row],[ENE]:[DIC]]) -> 0 | AM75: =IF(AL75=Y75,"OK",Y75-AL75) -> OK | AN75: 0 | AO75: =+Tabla6[[#This Row],[PRESUPUESTO VIGENTE]]-Tabla6[[#This Row],[CERTIFICACIÓN PAPP]] -> 0 | AP75: R
A76: OBJETIVO 9: GARANTIZAR LA SEGURIDAD CIUDADANA, ORDEN PÚBLICO Y GESTIÓN DE RIESGOS | B76: =VLOOKUP(Tabla6[[#This Row],[OBJETIVOS PND]],Listas!$A$1:$B$3,2,0) -> 9.3 MPULSAR LA REDUCCIÓN DE RIESGOS DE DESASTRES Y ATENCIÓN OPORTUNA A EMERGENCIAS ANTE AMENAZAS NATURALES O ANTRÓPICAS EN TODOS LOS SECTORES Y NIVELES TERRITORIALES | C76: OE 1 INCREMENTAR LA CALIDAD EN LA PRESTACIÓN DEL SERVICIO DE ATENCIÓN DE EMERGENCIAS A NIVEL NACIONAL | D76: INCREMENTAR LA EFICIENCIA Y EFICACIA DE LA COORDINACIÓN PARA LA ATENCIÓN DE EMERGENCIAS MEDIANTE EL FORTALECIMIENTO DE LA COOPERACIÓN INTERINSTITUCIONAL, POTENCIACIÓN DE LAS FUNCIONALIDADES DE LA INFRAESTRUCTURA TECNOLÓGICA, CAPACITACIÓN PERMANENTE DEL PERSONAL Y EL MEJORAMIENTO CONTINUO DE LOS ESTÁNDARES DE CALIDAD EN SUS SERVICIOS, PROCESOS, CLIMA LABORAL Y POSICIONAMIENTO INSTITUCIONAL. | E76: COORDINACIÓN_ZONAL | F76: COORDINACIÓN_ZONAL_1 | G76: GESTIÓN LOCAL DE SOPORTE TECNOLÓGICO | H76: =VLOOKUP(Tabla6[[#This Row],[DIRECCIÓN]],DIRECCIÓN[#All],2,0) -> TECNOLOGÍA | I76: ADQUISICIÓN DE BIENES, REPUESTOS Y ACCESORIOS PARA MANTENIMIENTO DE EQUIPOS INFORMÁTICOS Y DE RED DE LOS CENTROS OPERATIVOS ECU911 | J76: 2 | K76: =VLOOKUP(Tabla6[[#This Row],[DIRECCIÓN GENERAL / COORDINACIÓN / SUBDIRECCIÓN]],Tabla37[[#All],[Columna1]:[EOD]],2,0) -> 266_0001 | L76: =VLOOKUP(Tabla6[[#This Row],[OBJETIVOS PND]],Listas!$A$1:$C$3,3,0) -> 55 | M76: =VLOOKUP(Tabla6[[#This Row],[PG]],Listas2!$G$14:$K$16,5,0) -> 0 | N76: 3 | O76: 401 | P76: =VLOOKUP(Tabla6[[#This Row],[GEO]],Listas!$A$48:$B$77,2,0) -> TULCÁN | Q76: =VLOOKUP(Tabla6[[#This Row],[PG]],Listas2!$G$14:$K$16,3,0) -> 1 | R76: =VLOOKUP(Tabla6[[#This Row],[PG]],Listas2!H81:'Listas2'!$G$14:$K$16,4,0) -> 0 | S76: =VLOOKUP(Tabla6[[#This Row],[PG]],Listas2!$G$14:$K$16,2,0) -> 0 | T76: CORRIENTE | U76: 53 | V76: 530813 | W76: =VLOOKUP(Tabla6[[#This Row],[ÍTEM PRESUPUESTARIO]],Tabla2[#All],2,0) -> REPUESTOS Y ACCESORIOS | X76: 0 | Y76: =4042.56-1428.97 -> 2613.59 | Z76: 0 | AA76: 0 | AB76: 0 | AC76: 0 | AD76: 0 | AE76: 0 | AF76: 0 | AG76: 0 | AH76: 0 | AI76: 0 | AJ76: 0 | AK76: 2613.59 | AL76: =+SUBTOTAL(9,Tabla6[[#This Row],[ENE]:[DIC]]) -> 2613.59 | AM76: =IF(AL76=Y76,"OK",Y76-AL76) -> OK | AN76: 2613.59 | AO76: =+Tabla6[[#This Row],[PRESUPUESTO VIGENTE]]-Tabla6[[#This Row],[CERTIFICACIÓN PAPP]] -> 0 | AP76: 0
A77: OBJETIVO 9: GARANTIZAR LA SEGURIDAD CIUDADANA, ORDEN PÚBLICO Y GESTIÓN DE RIESGOS | B77: =VLOOKUP(Tabla6[[#This Row],[OBJETIVOS PND]],Listas!$A$1:$B$3,2,0) -> 9.3 MPULSAR LA REDUCCIÓN DE RIESGOS DE DESASTRES Y ATENCIÓN OPORTUNA A EMERGENCIAS ANTE AMENAZAS NATURALES O ANTRÓPICAS EN TODOS LOS SECTORES Y NIVELES TERRITORIALES | C77: OE 1 INCREMENTAR LA CALIDAD EN LA PRESTACIÓN DEL SERVICIO DE ATENCIÓN DE EMERGENCIAS A NIVEL NACIONAL | D77: INCREMENTAR LA EFICIENCIA Y EFICACIA DE LA COORDINACIÓN PARA LA ATENCIÓN DE EMERGENCIAS MEDIANTE EL FORTALECIMIENTO DE LA COOPERACIÓN INTERINSTITUCIONAL, POTENCIACIÓN DE LAS FUNCIONALIDADES DE LA INFRAESTRUCTURA TECNOLÓGICA, CAPACITACIÓN PERMANENTE DEL PERSONAL Y EL MEJORAMIENTO CONTINUO DE LOS ESTÁNDARES DE CALIDAD EN SUS SERVICIOS, PROCESOS, CLIMA LABORAL Y POSICIONAMIENTO INSTITUCIONAL. | E77: COORDINACIÓN_ZONAL | F77: COORDINACIÓN_ZONAL_1 | G77: GESTIÓN LOCAL DE SOPORTE TECNOLÓGICO | H77: =VLOOKUP(Tabla6[[#This Row],[DIRECCIÓN]],DIRECCIÓN[#All],2,0) -> TECNOLOGÍA | I77: ADQUISICIÓN, INSTALACIÓN, CONFIGURACIÓN Y PUESTA A PUNTOS DE CUATRO DISCOS DUROS PARA STORAGE HP EVA P6500 DEL CENTRO OPERATIVO LOCAL ECU 911 TULCÁN | J77: 2 | K77: =VLOOKUP(Tabla6[[#This Row],[DIRECCIÓN GENERAL / COORDINACIÓN / SUBDIRECCIÓN]],Tabla37[[#All],[Columna1]:[EOD]],2,0) -> 266_0001 | L77: =VLOOKUP(Tabla6[[#This Row],[OBJETIVOS PND]],Listas!$A$1:$C$3,3,0) -> 55 | M77: =VLOOKUP(Tabla6[[#This Row],[PG]],Listas2!$G$14:$K$16,5,0) -> 0 | N77: 3 | O77: 401 | P77: =VLOOKUP(Tabla6[[#This Row],[GEO]],Listas!$A$48:$B$77,2,0) -> TULCÁN | Q77: =VLOOKUP(Tabla6[[#This Row],[PG]],Listas2!$G$14:$K$16,3,0) -> 1 | R77: =VLOOKUP(Tabla6[[#This Row],[PG]],Listas2!H82:'Listas2'!$G$14:$K$16,4,0) -> 0 | S77: =VLOOKUP(Tabla6[[#This Row],[PG]],Listas2!$G$14:$K$16,2,0) -> 0 | T77: CORRIENTE | U77: 53 | V77: 530813 | W77: =VLOOKUP(Tabla6[[#This Row],[ÍTEM PRESUPUESTARIO]],Tabla2[#All],2,0) -> REPUESTOS Y ACCESORIOS | X77: 0 | Y77: =600-220 -> 380 | Z77: 0 | AA77: 0 | AB77: 0 | AC77: 0 | AD77: 0 | AE77: 380 | AF77: 0 | AG77: 0 | AH77: 0 | AI77: 0 | AJ77: 0 | AK77: 0 | AL77: =+SUBTOTAL(9,Tabla6[[#This Row],[ENE]:[DIC]]) -> 380 | AM77: =IF(AL77=Y77,"OK",Y77-AL77) -> OK | AN77: 380 | AO77: =+Tabla6[[#This Row],[PRESUPUESTO VIGENTE]]-Tabla6[[#This Row],[CERTIFICACIÓN PAPP]] -> 0 | AP77: 0
A78: OBJETIVO 9: GARANTIZAR LA SEGURIDAD CIUDADANA, ORDEN PÚBLICO Y GESTIÓN DE RIESGOS | B78: =VLOOKUP(Tabla6[[#This Row],[OBJETIVOS PND]],Listas!$A$1:$B$3,2,0) -> 9.3 MPULSAR LA REDUCCIÓN DE RIESGOS DE DESASTRES Y ATENCIÓN OPORTUNA A EMERGENCIAS ANTE AMENAZAS NATURALES O ANTRÓPICAS EN TODOS LOS SECTORES Y NIVELES TERRITORIALES | C78: OE 1 INCREMENTAR LA CALIDAD EN LA PRESTACIÓN DEL SERVICIO DE ATENCIÓN DE EMERGENCIAS A NIVEL NACIONAL | D78: INCREMENTAR LA EFICIENCIA Y EFICACIA DE LA COORDINACIÓN PARA LA ATENCIÓN DE EMERGENCIAS MEDIANTE EL FORTALECIMIENTO DE LA COOPERACIÓN INTERINSTITUCIONAL, POTENCIACIÓN DE LAS FUNCIONALIDADES DE LA INFRAESTRUCTURA TECNOLÓGICA, CAPACITACIÓN PERMANENTE DEL PERSONAL Y EL MEJORAMIENTO CONTINUO DE LOS ESTÁNDARES DE CALIDAD EN SUS SERVICIOS, PROCESOS, CLIMA LABORAL Y POSICIONAMIENTO INSTITUCIONAL. | E78: COORDINACIÓN_ZONAL | F78: COORDINACIÓN_ZONAL_1 | G78: GESTIÓN LOCAL DE SOPORTE TECNOLÓGICO | H78: =VLOOKUP(Tabla6[[#This Row],[DIRECCIÓN]],DIRECCIÓN[#All],2,0) -> TECNOLOGÍA | I78: ADQUISICIÓN DE BIENES, REPUESTOS Y ACCESORIOS PARA MANTENIMIENTO DE EQUIPOS INFORMÁTICOS Y DE RED DE LOS CENTROS OPERATIVOS ECU911 | J78: 2 | K78: =VLOOKUP(Tabla6[[#This Row],[DIRECCIÓN GENERAL / COORDINACIÓN / SUBDIRECCIÓN]],Tabla37[[#All],[Columna1]:[EOD]],2,0) -> 266_0001 | L78: =VLOOKUP(Tabla6[[#This Row],[OBJETIVOS PND]],Listas!$A$1:$C$3,3,0) -> 55 | M78: =VLOOKUP(Tabla6[[#This Row],[PG]],Listas2!$G$14:$K$16,5,0) -> 0 | N78: 3 | O78: 401 | P78: =VLOOKUP(Tabla6[[#This Row],[GEO]],Listas!$A$48:$B$77,2,0) -> TULCÁN | Q78: =VLOOKUP(Tabla6[[#This Row],[PG]],Listas2!$G$14:$K$16,3,0) -> 1 | R78: =VLOOKUP(Tabla6[[#This Row],[PG]],Listas2!H83:'Listas2'!$G$14:$K$16,4,0) -> 0 | S78: =VLOOKUP(Tabla6[[#This Row],[PG]],Listas2!$G$14:$K$16,2,0) -> 0 | T78: CORRIENTE | U78: 53 | V78: 531404 | W78: =VLOOKUP(Tabla6[[#This Row],[ÍTEM PRESUPUESTARIO]],Tabla2[#All],2,0) -> MAQUINARIAS Y EQUIPOS | X78: 0 | Y78: =77.92-37.92 -> 40 | Z78: 0 | AA78: 0 | AB78: 0 | AC78: 0 | AD78: 0 | AE78: 40 | AF78: 0 | AG78: 0 | AH78: 0 | AI78: 0 | AJ78: 0 | AK78: 0 | AL78: =+SUBTOTAL(9,Tabla6[[#This Row],[ENE]:[DIC]]) -> 40 | AM78: =IF(AL78=Y78,"OK",Y78-AL78) -> OK | AN78: 40 | AO78: =+Tabla6[[#This Row],[PRESUPUESTO VIGENTE]]-Tabla6[[#This Row],[CERTIFICACIÓN PAPP]] -> 0 | AP78: 0
A79: OBJETIVO 9: GARANTIZAR LA SEGURIDAD CIUDADANA, ORDEN PÚBLICO Y GESTIÓN DE RIESGOS | B79: =VLOOKUP(Tabla6[[#This Row],[OBJETIVOS PND]],Listas!$A$1:$B$3,2,0) -> 9.3 MPULSAR LA REDUCCIÓN DE RIESGOS DE DESASTRES Y ATENCIÓN OPORTUNA A EMERGENCIAS ANTE AMENAZAS NATURALES O ANTRÓPICAS EN TODOS LOS SECTORES Y NIVELES TERRITORIALES | C79: OE 1 INCREMENTAR LA CALIDAD EN LA PRESTACIÓN DEL SERVICIO DE ATENCIÓN DE EMERGENCIAS A NIVEL NACIONAL | D79: INCREMENTAR LA EFICIENCIA Y EFICACIA DE LA COORDINACIÓN PARA LA ATENCIÓN DE EMERGENCIAS MEDIANTE EL FORTALECIMIENTO DE LA COOPERACIÓN INTERINSTITUCIONAL, POTENCIACIÓN DE LAS FUNCIONALIDADES DE LA INFRAESTRUCTURA TECNOLÓGICA, CAPACITACIÓN PERMANENTE DEL PERSONAL Y EL MEJORAMIENTO CONTINUO DE LOS ESTÁNDARES DE CALIDAD EN SUS SERVICIOS, PROCESOS, CLIMA LABORAL Y POSICIONAMIENTO INSTITUCIONAL. | E79: COORDINACIÓN_ZONAL | F79: COORDINACIÓN_ZONAL_1 | G79: GESTIÓN LOCAL DE SOPORTE TECNOLÓGICO | H79: =VLOOKUP(Tabla6[[#This Row],[DIRECCIÓN]],DIRECCIÓN[#All],2,0) -> TECNOLOGÍA | I79: ADQUISICIÓN DE BIENES, REPUESTOS Y ACCESORIOS PARA MANTENIMIENTO DE EQUIPOS INFORMÁTICOS Y DE RED DE LOS CENTROS OPERATIVOS ECU911 | J79: 2 | K79: =VLOOKUP(Tabla6[[#This Row],[DIRECCIÓN GENERAL / COORDINACIÓN / SUBDIRECCIÓN]],Tabla37[[#All],[Columna1]:[EOD]],2,0) -> 266_0001 | L79: =VLOOKUP(Tabla6[[#This Row],[OBJETIVOS PND]],Listas!$A$1:$C$3,3,0) -> 55 | M79: =VLOOKUP(Tabla6[[#This Row],[PG]],Listas2!$G$14:$K$16,5,0) -> 0 | N79: 3 | O79: 401 | P79: =VLOOKUP(Tabla6[[#This Row],[GEO]],Listas!$A$48:$B$77,2,0) -> TULCÁN | Q79: =VLOOKUP(Tabla6[[#This Row],[PG]],Listas2!$G$14:$K$16,3,0) -> 1 | R79: =VLOOKUP(Tabla6[[#This Row],[PG]],Listas2!H84:'Listas2'!$G$14:$K$16,4,0) -> 0 | S79: =VLOOKUP(Tabla6[[#This Row],[PG]],Listas2!$G$14:$K$16,2,0) -> 0 | T79: CORRIENTE | U79: 53 | V79: 531406 | W79: =VLOOKUP(Tabla6[[#This Row],[ÍTEM PRESUPUESTARIO]],Tabla2[#All],2,0) -> HERRAMIENTAS Y EQUIPOS MENORES | X79: 0 | Y79: =140.59-65.59 -> 75 | Z79: 0 | AA79: 0 | AB79: 0 | AC79: 0 | AD79: 0 | AE79: 75 | AF79: 0 | AG79: 0 | AH79: 0 | AI79: 0 | AJ79: 0 | AK79: 0 | AL79: =+SUBTOTAL(9,Tabla6[[#This Row],[ENE]:[DIC]]) -> 75 | AM79: =IF(AL79=Y79,"OK",Y79-AL79) -> OK | AN79: 75 | AO79: =+Tabla6[[#This Row],[PRESUPUESTO VIGENTE]]-Tabla6[[#This Row],[CERTIFICACIÓN PAPP]] -> 0 | AP79: 0
A80: OBJETIVO 9: GARANTIZAR LA SEGURIDAD CIUDADANA, ORDEN PÚBLICO Y GESTIÓN DE RIESGOS | B80: =VLOOKUP(Tabla6[[#This Row],[OBJETIVOS PND]],Listas!$A$1:$B$3,2,0) -> 9.3 MPULSAR LA REDUCCIÓN DE RIESGOS DE DESASTRES Y ATENCIÓN OPORTUNA A EMERGENCIAS ANTE AMENAZAS NATURALES O ANTRÓPICAS EN TODOS LOS SECTORES Y NIVELES TERRITORIALES | C80: OE 1 INCREMENTAR LA CALIDAD EN LA PRESTACIÓN DEL SERVICIO DE ATENCIÓN DE EMERGENCIAS A NIVEL NACIONAL | D80: INCREMENTAR LA EFICIENCIA Y EFICACIA DE LA COORDINACIÓN PARA LA ATENCIÓN DE EMERGENCIAS MEDIANTE EL FORTALECIMIENTO DE LA COOPERACIÓN INTERINSTITUCIONAL, POTENCIACIÓN DE LAS FUNCIONALIDADES DE LA INFRAESTRUCTURA TECNOLÓGICA, CAPACITACIÓN PERMANENTE DEL PERSONAL Y EL MEJORAMIENTO CONTINUO DE LOS ESTÁNDARES DE CALIDAD EN SUS SERVICIOS, PROCESOS, CLIMA LABORAL Y POSICIONAMIENTO INSTITUCIONAL. | E80: COORDINACIÓN_ZONAL | F80: COORDINACIÓN_ZONAL_1 | G80: GESTIÓN LOCAL DE SOPORTE TECNOLÓGICO | H80: =VLOOKUP(Tabla6[[#This Row],[DIRECCIÓN]],DIRECCIÓN[#All],2,0) -> TECNOLOGÍA | I80: ADQUISICIÓN DE BIENES, REPUESTOS Y ACCESORIOS PARA MANTENIMIENTO DE EQUIPOS INFORMÁTICOS Y DE RED DE LOS CENTROS OPERATIVOS ECU911 | J80: 2 | K80: =VLOOKUP(Tabla6[[#This Row],[DIRECCIÓN GENERAL / COORDINACIÓN / SUBDIRECCIÓN]],Tabla37[[#All],[Columna1]:[EOD]],2,0) -> 266_0001 | L80: =VLOOKUP(Tabla6[[#This Row],[OBJETIVOS PND]],Listas!$A$1:$C$3,3,0) -> 55 | M80: =VLOOKUP(Tabla6[[#This Row],[PG]],Listas2!$G$14:$K$16,5,0) -> 0 | N80: 3 | O80: 401 | P80: =VLOOKUP(Tabla6[[#This Row],[GEO]],Listas!$A$48:$B$77,2,0) -> TULCÁN | Q80: =VLOOKUP(Tabla6[[#This Row],[PG]],Listas2!$G$14:$K$16,3,0) -> 1 | R80: =VLOOKUP(Tabla6[[#This Row],[PG]],Listas2!H85:'Listas2'!$G$14:$K$16,4,0) -> 0 | S80: =VLOOKUP(Tabla6[[#This Row],[PG]],Listas2!$G$14:$K$16,2,0) -> 0 | T80: CORRIENTE | U80: 53 | V80: 531407 | W80: =VLOOKUP(Tabla6[[#This Row],[ÍTEM PRESUPUESTARIO]],Tabla2[#All],2,0) -> EQUIPOS, SISTEMAS Y PAQUETES INFORMÁTICOS | X80: 0 | Y80: =29.88-4.88 -> 25 | Z80: 0 | AA80: 0 | AB80: 0 | AC80: 0 | AD80: 0 | AE80: 25 | AF80: 0 | AG80: 0 | AH80: 0 | AI80: 0 | AJ80: 0 | AK80: 0 | AL80: =+SUBTOTAL(9,Tabla6[[#This Row],[ENE]:[DIC]]) -> 25 | AM80: =IF(AL80=Y80,"OK",Y80-AL80) -> OK | AN80: 25 | AO80: =+Tabla6[[#This Row],[PRESUPUESTO VIGENTE]]-Tabla6[[#This Row],[CERTIFICACIÓN PAPP]] -> 0 | AP80: 0
A81: OBJETIVO 14: FORTALECER LAS CAPACIDADES DEL ESTADO CON ÉNFASIS EN LA ADMINISTRACIÓN DE JUSTICIA Y EFICIENCIA EN LOS PROCESOS DE REGULACIÓN Y CONTROL CON INDEPENDENCIA Y AUTONOMÍA. | B81: =VLOOKUP(Tabla6[[#This Row],[OBJETIVOS PND]],Listas!$A$1:$B$3,2,0) -> 14.2 POTENCIAR LAS CAPACIDADES DE LOS DISTINTOS NIVELES DE GOBIERNO PARA EL CUMPLIMIENTO DE LOS OBJETIVOS NACIONALES Y LA PRESTACIÓN DE SERVICIOS CON CALIDAD | C81: OE 4 FORTALECER LAS CAPACIDADES INSTITUCIONALES (PARA LA MEJORA CONTINUA DEL SERVICIO) | D81: INCREMENTAR LA EFICIENCIA Y EFICACIA DE LA COORDINACIÓN PARA LA ATENCIÓN DE EMERGENCIAS MEDIANTE EL FORTALECIMIENTO DE LA COOPERACIÓN INTERINSTITUCIONAL, POTENCIACIÓN DE LAS FUNCIONALIDADES DE LA INFRAESTRUCTURA TECNOLÓGICA, CAPACITACIÓN PERMANENTE DEL PERSONAL Y EL MEJORAMIENTO CONTINUO DE LOS ESTÁNDARES DE CALIDAD EN SUS SERVICIOS, PROCESOS, CLIMA LABORAL Y POSICIONAMIENTO INSTITUCIONAL. | E81: COORDINACIÓN_ZONAL | F81: COORDINACIÓN_ZONAL_1 | G81: GESTIÓN LOCAL ADMINISTRATIVA FINANCIERA Y DE ADMINISTRACIÓN DE RECURSOS HUMANOS | H81: =VLOOKUP(Tabla6[[#This Row],[DIRECCIÓN]],DIRECCIÓN[#All],2,0) -> ADMINISTRACIÓN CENTRAL | I81: ARRASTRE: CANCELACIÓN POR CONSUMO DE SERVICIO DE AGUA POTABLE CORRESPONDIENTE A DICIEMBRE DEL 2022 | J81: 1 | K81: =VLOOKUP(Tabla6[[#This Row],[DIRECCIÓN GENERAL / COORDINACIÓN / SUBDIRECCIÓN]],Tabla37[[#All],[Columna1]:[EOD]],2,0) -> 266_0001 | L81: =VLOOKUP(Tabla6[[#This Row],[OBJETIVOS PND]],Listas!$A$1:$C$3,3,0) -> 1 | M81: =VLOOKUP(Tabla6[[#This Row],[PG]],Listas2!$G$14:$K$16,5,0) -> 0 | N81: 1 | O81: 801 | P81: =VLOOKUP(Tabla6[[#This Row],[GEO]],Listas!$A$48:$B$77,2,0) -> ESMERALDAS | Q81: =VLOOKUP(Tabla6[[#This Row],[PG]],Listas2!$G$14:$K$16,3,0) -> 1 | R81: =VLOOKUP(Tabla6[[#This Row],[PG]],Listas2!H86:'Listas2'!$G$14:$K$16,4,0) -> 0 | S81: =VLOOKUP(Tabla6[[#This Row],[PG]],Listas2!$G$14:$K$16,2,0) -> 0 | T81: CORRIENTE | U81: 53 | V81: 530101 | W81: =VLOOKUP(Tabla6[[#This Row],[ÍTEM PRESUPUESTARIO]],Tabla2[#All],2,0) -> AGUA POTABLE | X81: 100 | Y81: =100-22.37 -> 77.63 | Z81: 77.63 | AA81: 0 | AB81: 0 | AC81: 0 | AD81: 0 | AE81: 0 | AF81: 0 | AG81: 0 | AH81: 0 | AI81: 0 | AJ81: 0 | AK81: 0 | AL81: =+SUBTOTAL(9,Tabla6[[#This Row],[ENE]:[DIC]]) -> 77.63 | AM81: =IF(AL81=Y81,"OK",Y81-AL81) -> OK | AN81: 77.63 | AO81: =+Tabla6[[#This Row],[PRESUPUESTO VIGENTE]]-Tabla6[[#This Row],[CERTIFICACIÓN PAPP]] -> 0 | AP81: 0
A82: OBJETIVO 14: FORTALECER LAS CAPACIDADES DEL ESTADO CON ÉNFASIS EN LA ADMINISTRACIÓN DE JUSTICIA Y EFICIENCIA EN LOS PROCESOS DE REGULACIÓN Y CONTROL CON INDEPENDENCIA Y AUTONOMÍA. | B82: =VLOOKUP(Tabla6[[#This Row],[OBJETIVOS PND]],Listas!$A$1:$B$3,2,0) -> 14.2 POTENCIAR LAS CAPACIDADES DE LOS DISTINTOS NIVELES DE GOBIERNO PARA EL CUMPLIMIENTO DE LOS OBJETIVOS NACIONALES Y LA PRESTACIÓN DE SERVICIOS CON CALIDAD | C82: OE 4 FORTALECER LAS CAPACIDADES INSTITUCIONALES (PARA LA MEJORA CONTINUA DEL SERVICIO) | D82: INCREMENTAR LA EFICIENCIA Y EFICACIA DE LA COORDINACIÓN PARA LA ATENCIÓN DE EMERGENCIAS MEDIANTE EL FORTALECIMIENTO DE LA COOPERACIÓN INTERINSTITUCIONAL, POTENCIACIÓN DE LAS FUNCIONALIDADES DE LA INFRAESTRUCTURA TECNOLÓGICA, CAPACITACIÓN PERMANENTE DEL PERSONAL Y EL MEJORAMIENTO CONTINUO DE LOS ESTÁNDARES DE CALIDAD EN SUS SERVICIOS, PROCESOS, CLIMA LABORAL Y POSICIONAMIENTO INSTITUCIONAL. | E82: COORDINACIÓN_ZONAL | F82: COORDINACIÓN_ZONAL_1 | G82: GESTIÓN LOCAL ADMINISTRATIVA FINANCIERA Y DE ADMINISTRACIÓN DE RECURSOS HUMANOS | H82: =VLOOKUP(Tabla6[[#This Row],[DIRECCIÓN]],DIRECCIÓN[#All],2,0) -> ADMINISTRACIÓN CENTRAL | I82: PROVISIÓN POR CONSUMO DE SERVICIO DE AGUA POTABLE PERÍODO ENERO A NOVIEMBRE 2023 | J82: 1 | K82: =VLOOKUP(Tabla6[[#This Row],[DIRECCIÓN GENERAL / COORDINACIÓN / SUBDIRECCIÓN]],Tabla37[[#All],[Columna1]:[EOD]],2,0) -> 266_0001 | L82: =VLOOKUP(Tabla6[[#This Row],[OBJETIVOS PND]],Listas!$A$1:$C$3,3,0) -> 1 | M82: =VLOOKUP(Tabla6[[#This Row],[PG]],Listas2!$G$14:$K$16,5,0) -> 0 | N82: 1 | O82: 801 | P82: =VLOOKUP(Tabla6[[#This Row],[GEO]],Listas!$A$48:$B$77,2,0) -> ESMERALDAS | Q82: =VLOOKUP(Tabla6[[#This Row],[PG]],Listas2!$G$14:$K$16,3,0) -> 1 | R82: =VLOOKUP(Tabla6[[#This Row],[PG]],Listas2!H87:'Listas2'!$G$14:$K$16,4,0) -> 0 | S82: =VLOOKUP(Tabla6[[#This Row],[PG]],Listas2!$G$14:$K$16,2,0) -> 0 | T82: CORRIENTE | U82: 53 | V82: 530101 | W82: =VLOOKUP(Tabla6[[#This Row],[ÍTEM PRESUPUESTARIO]],Tabla2[#All],2,0) -> AGUA POTABLE | X82: 660 | Y82: =660+265+324 -> 1249 | Z82: 0 | AA82: 60 | AB82: 60 | AC82: 60 | AD82: 60 | AE82: 60 | AF82: 60 | AG82: 60 | AH82: 60 | AI82: 60 | AJ82: 60 | AK82: 649 | AL82: =+SUBTOTAL(9,Tabla6[[#This Row],[ENE]:[DIC]]) -> 1249 | AM82: =IF(AL82=Y82,"OK",Y82-AL82) -> OK | AN82: =660-55.07+320.07-320.07+644.07 -> 1249 | AO82: =+Tabla6[[#This Row],[PRESUPUESTO VIGENTE]]-Tabla6[[#This Row],[CERTIFICACIÓN PAPP]] -> 0 | AP82: 0
A83: OBJETIVO 14: FORTALECER LAS CAPACIDADES DEL ESTADO CON ÉNFASIS EN LA ADMINISTRACIÓN DE JUSTICIA Y EFICIENCIA EN LOS PROCESOS DE REGULACIÓN Y CONTROL CON INDEPENDENCIA Y AUTONOMÍA. | B83: =VLOOKUP(Tabla6[[#This Row],[OBJETIVOS PND]],Listas!$A$1:$B$3,2,0) -> 14.2 POTENCIAR LAS CAPACIDADES DE LOS DISTINTOS NIVELES DE GOBIERNO PARA EL CUMPLIMIENTO DE LOS OBJETIVOS NACIONALES Y LA PRESTACIÓN DE SERVICIOS CON CALIDAD | C83: OE 4 FORTALECER LAS CAPACIDADES INSTITUCIONALES (PARA LA MEJORA CONTINUA DEL SERVICIO) | D83: INCREMENTAR LA EFICIENCIA Y EFICACIA DE LA COORDINACIÓN PARA LA ATENCIÓN DE EMERGENCIAS MEDIANTE EL FORTALECIMIENTO DE LA COOPERACIÓN INTERINSTITUCIONAL, POTENCIACIÓN DE LAS FUNCIONALIDADES DE LA INFRAESTRUCTURA TECNOLÓGICA, CAPACITACIÓN PERMANENTE DEL PERSONAL Y EL MEJORAMIENTO CONTINUO DE LOS ESTÁNDARES DE CALIDAD EN SUS SERVICIOS, PROCESOS, CLIMA LABORAL Y POSICIONAMIENTO INSTITUCIONAL. | E83: COORDINACIÓN_ZONAL | F83: COORDINACIÓN_ZONAL_1 | G83: GESTIÓN LOCAL ADMINISTRATIVA FINANCIERA Y DE ADMINISTRACIÓN DE RECURSOS HUMANOS | H83: =VLOOKUP(Tabla6[[#This Row],[DIRECCIÓN]],DIRECCIÓN[#All],2,0) -> ADMINISTRACIÓN CENTRAL | I83: ARRASTRE: CANCELACIÓN POR CONSUMO DE SERVICIO DE ENERGÍA ELÉCTRICA CORRESPONDIENTE A DICIEMBRE DEL 2022 | J83: 1 | K83: =VLOOKUP(Tabla6[[#This Row],[DIRECCIÓN GENERAL / COORDINACIÓN / SUBDIRECCIÓN]],Tabla37[[#All],[Columna1]:[EOD]],2,0) -> 266_0001 | L83: =VLOOKUP(Tabla6[[#This Row],[OBJETIVOS PND]],Listas!$A$1:$C$3,3,0) -> 1 | M83: =VLOOKUP(Tabla6[[#This Row],[PG]],Listas2!$G$14:$K$16,5,0) -> 0 | N83: 1 | O83: 801 | P83: =VLOOKUP(Tabla6[[#This Row],[GEO]],Listas!$A$48:$B$77,2,0) -> ESMERALDAS | Q83: =VLOOKUP(Tabla6[[#This Row],[PG]],Listas2!$G$14:$K$16,3,0) -> 1 | R83: =VLOOKUP(Tabla6[[#This Row],[PG]],Listas2!H88:'Listas2'!$G$14:$K$16,4,0) -> 0 | S83: =VLOOKUP(Tabla6[[#This Row],[PG]],Listas2!$G$14:$K$16,2,0) -> 0 | T83: CORRIENTE | U83: 53 | V83: 530104 | W83: =VLOOKUP(Tabla6[[#This Row],[ÍTEM PRESUPUESTARIO]],Tabla2[#All],2,0) -> ENERGÍA ELÉCTRICA | X83: 6500 | Y83: =6500-1031.89 -> 5468.11 | Z83: 5468.11 | AA83: 0 | AB83: 0 | AC83: 0 | AD83: 0 | AE83: 0 | AF83: 0 | AG83: 0 | AH83: 0 | AI83: 0 | AJ83: 0 | AK83: 0 | AL83: =+SUBTOTAL(9,Tabla6[[#This Row],[ENE]:[DIC]]) -> 5468.11 | AM83: =IF(AL83=Y83,"OK",Y83-AL83) -> OK | AN83: 5468.11 | AO83: =+Tabla6[[#This Row],[PRESUPUESTO VIGENTE]]-Tabla6[[#This Row],[CERTIFICACIÓN PAPP]] -> 0 | AP83: 0
A84: OBJETIVO 14: FORTALECER LAS CAPACIDADES DEL ESTADO CON ÉNFASIS EN LA ADMINISTRACIÓN DE JUSTICIA Y EFICIENCIA EN LOS PROCESOS DE REGULACIÓN Y CONTROL CON INDEPENDENCIA Y AUTONOMÍA. | B84: =VLOOKUP(Tabla6[[#This Row],[OBJETIVOS PND]],Listas!$A$1:$B$3,2,0) -> 14.2 POTENCIAR LAS CAPACIDADES DE LOS DISTINTOS NIVELES DE GOBIERNO PARA EL CUMPLIMIENTO DE LOS OBJETIVOS NACIONALES Y LA PRESTACIÓN DE SERVICIOS CON CALIDAD | C84: OE 4 FORTALECER LAS CAPACIDADES INSTITUCIONALES (PARA LA MEJORA CONTINUA DEL SERVICIO) | D84: INCREMENTAR LA EFICIENCIA Y EFICACIA DE LA COORDINACIÓN PARA LA ATENCIÓN DE EMERGENCIAS MEDIANTE EL FORTALECIMIENTO DE LA COOPERACIÓN INTERINSTITUCIONAL, POTENCIACIÓN DE LAS FUNCIONALIDADES DE LA INFRAESTRUCTURA TECNOLÓGICA, CAPACITACIÓN PERMANENTE DEL PERSONAL Y EL MEJORAMIENTO CONTINUO DE LOS ESTÁNDARES DE CALIDAD EN SUS SERVICIOS, PROCESOS, CLIMA LABORAL Y POSICIONAMIENTO INSTITUCIONAL. | E84: COORDINACIÓN_ZONAL | F84: COORDINACIÓN_ZONAL_1 | G84: GESTIÓN LOCAL ADMINISTRATIVA FINANCIERA Y DE ADMINISTRACIÓN DE RECURSOS HUMANOS | H84: =VLOOKUP(Tabla6[[#This Row],[DIRECCIÓN]],DIRECCIÓN[#All],2,0) -> ADMINISTRACIÓN CENTRAL | I84: PROVISIÓN POR CONSUMO DE SERVICIO DE ENERGÍA ELÉCTRICA PERÍODO ENERO A DICIEMBRE 2023 | J84: 1 | K84: =VLOOKUP(Tabla6[[#This Row],[DIRECCIÓN GENERAL / COORDINACIÓN / SUBDIRECCIÓN]],Tabla37[[#All],[Columna1]:[EOD]],2,0) -> 266_0001 | L84: =VLOOKUP(Tabla6[[#This Row],[OBJETIVOS PND]],Listas!$A$1:$C$3,3,0) -> 1 | M84: =VLOOKUP(Tabla6[[#This Row],[PG]],Listas2!$G$14:$K$16,5,0) -> 0 | N84: 1 | O84: 801 | P84: =VLOOKUP(Tabla6[[#This Row],[GEO]],Listas!$A$48:$B$77,2,0) -> ESMERALDAS | Q84: =VLOOKUP(Tabla6[[#This Row],[PG]],Listas2!$G$14:$K$16,3,0) -> 1 | R84: =VLOOKUP(Tabla6[[#This Row],[PG]],Listas2!H89:'Listas2'!$G$14:$K$16,4,0) -> 0 | S84: =VLOOKUP(Tabla6[[#This Row],[PG]],Listas2!$G$14:$K$16,2,0) -> 0 | T84: CORRIENTE | U84: 53 | V84: 530104 | W84: =VLOOKUP(Tabla6[[#This Row],[ÍTEM PRESUPUESTARIO]],Tabla2[#All],2,0) -> ENERGÍA ELÉCTRICA | X84: 36000 | Y84: =36000+24500+13400-7193.54 -> 66706.46 | Z84: 0 | AA84: 5500 | AB84: 5500 | AC84: 5500 | AD84: 5500 | AE84: 5500 | AF84: 5500 | AG84: 5500 | AH84: 5500 | AI84: 5500 | AJ84: 5500 | AK84: 11706.46 | AL84: =+SUBTOTAL(9,Tabla6[[#This Row],[ENE]:[DIC]]) -> 66706.46 | AM84: =IF(AL84=Y84,"OK",Y84-AL84) -> OK | AN84: 66706.46 | AO84: =+Tabla6[[#This Row],[PRESUPUESTO VIGENTE]]-Tabla6[[#This Row],[CERTIFICACIÓN PAPP]] -> 0 | AP84: 0
A85: OBJETIVO 14: FORTALECER LAS CAPACIDADES DEL ESTADO CON ÉNFASIS EN LA ADMINISTRACIÓN DE JUSTICIA Y EFICIENCIA EN LOS PROCESOS DE REGULACIÓN Y CONTROL CON INDEPENDENCIA Y AUTONOMÍA. | B85: =VLOOKUP(Tabla6[[#This Row],[OBJETIVOS PND]],Listas!$A$1:$B$3,2,0) -> 14.2 POTENCIAR LAS CAPACIDADES DE LOS DISTINTOS NIVELES DE GOBIERNO PARA EL CUMPLIMIENTO DE LOS OBJETIVOS NACIONALES Y LA PRESTACIÓN DE SERVICIOS CON CALIDAD | C85: OE 4 FORTALECER LAS CAPACIDADES INSTITUCIONALES (PARA LA MEJORA CONTINUA DEL SERVICIO) | D85: INCREMENTAR LA EFICIENCIA Y EFICACIA DE LA COORDINACIÓN PARA LA ATENCIÓN DE EMERGENCIAS MEDIANTE EL FORTALECIMIENTO DE LA COOPERACIÓN INTERINSTITUCIONAL, POTENCIACIÓN DE LAS FUNCIONALIDADES DE LA INFRAESTRUCTURA TECNOLÓGICA, CAPACITACIÓN PERMANENTE DEL PERSONAL Y EL MEJORAMIENTO CONTINUO DE LOS ESTÁNDARES DE CALIDAD EN SUS SERVICIOS, PROCESOS, CLIMA LABORAL Y POSICIONAMIENTO INSTITUCIONAL. | E85: COORDINACIÓN_ZONAL | F85: COORDINACIÓN_ZONAL_1 | G85: GESTIÓN LOCAL ADMINISTRATIVA FINANCIERA Y DE ADMINISTRACIÓN DE RECURSOS HUMANOS | H85: =VLOOKUP(Tabla6[[#This Row],[DIRECCIÓN]],DIRECCIÓN[#All],2,0) -> ADMINISTRACIÓN CENTRAL | I85: ARRASTRE: CANCELACIÓN POR CONSUMO DE SERVICIO DE CORREO NACIONAL A DICIEMBRE DEL 2022 | J85: 1 | K85: =VLOOKUP(Tabla6[[#This Row],[DIRECCIÓN GENERAL / COORDINACIÓN / SUBDIRECCIÓN]],Tabla37[[#All],[Columna1]:[EOD]],2,0) -> 266_0001 | L85: =VLOOKUP(Tabla6[[#This Row],[OBJETIVOS PND]],Listas!$A$1:$C$3,3,0) -> 1 | M85: =VLOOKUP(Tabla6[[#This Row],[PG]],Listas2!$G$14:$K$16,5,0) -> 0 | N85: 1 | O85: 801 | P85: =VLOOKUP(Tabla6[[#This Row],[GEO]],Listas!$A$48:$B$77,2,0) -> ESMERALDAS | Q85: =VLOOKUP(Tabla6[[#This Row],[PG]],Listas2!$G$14:$K$16,3,0) -> 1 | R85: =VLOOKUP(Tabla6[[#This Row],[PG]],Listas2!H90:'Listas2'!$G$14:$K$16,4,0) -> 0 | S85: =VLOOKUP(Tabla6[[#This Row],[PG]],Listas2!$G$14:$K$16,2,0) -> 0 | T85: CORRIENTE | U85: 53 | V85: 530106 | W85: =VLOOKUP(Tabla6[[#This Row],[ÍTEM PRESUPUESTARIO]],Tabla2[#All],2,0) -> SERVICIO DE CORREO | X85: 100 | Y85: =100-94 -> 6 | Z85: 6 | AA85: 0 | AB85: 0 | AC85: 0 | AD85: 0 | AE85: 0 | AF85: 0 | AG85: 0 | AH85: 0 | AI85: 0 | AJ85: 0 | AK85: 0 | AL85: =+SUBTOTAL(9,Tabla6[[#This Row],[ENE]:[DIC]]) -> 6 | AM85: =IF(AL85=Y85,"OK",Y85-AL85) -> OK | AN85: 6 | AO85: =+Tabla6[[#This Row],[PRESUPUESTO VIGENTE]]-Tabla6[[#This Row],[CERTIFICACIÓN PAPP]] -> 0 | AP85: 0
A86: OBJETIVO 14: FORTALECER LAS CAPACIDADES DEL ESTADO CON ÉNFASIS EN LA ADMINISTRACIÓN DE JUSTICIA Y EFICIENCIA EN LOS PROCESOS DE REGULACIÓN Y CONTROL CON INDEPENDENCIA Y AUTONOMÍA. | B86: =VLOOKUP(Tabla6[[#This Row],[OBJETIVOS PND]],Listas!$A$1:$B$3,2,0) -> 14.2 POTENCIAR LAS CAPACIDADES DE LOS DISTINTOS NIVELES DE GOBIERNO PARA EL CUMPLIMIENTO DE LOS OBJETIVOS NACIONALES Y LA PRESTACIÓN DE SERVICIOS CON CALIDAD | C86: OE 4 FORTALECER LAS CAPACIDADES INSTITUCIONALES (PARA LA MEJORA CONTINUA DEL SERVICIO) | D86: INCREMENTAR LA EFICIENCIA Y EFICACIA DE LA COORDINACIÓN PARA LA ATENCIÓN DE EMERGENCIAS MEDIANTE EL FORTALECIMIENTO DE LA COOPERACIÓN INTERINSTITUCIONAL, POTENCIACIÓN DE LAS FUNCIONALIDADES DE LA INFRAESTRUCTURA TECNOLÓGICA, CAPACITACIÓN PERMANENTE DEL PERSONAL Y EL MEJORAMIENTO CONTINUO DE LOS ESTÁNDARES DE CALIDAD EN SUS SERVICIOS, PROCESOS, CLIMA LABORAL Y POSICIONAMIENTO INSTITUCIONAL. | E86: COORDINACIÓN_ZONAL | F86: COORDINACIÓN_ZONAL_1 | G86: GESTIÓN LOCAL ADMINISTRATIVA FINANCIERA Y DE ADMINISTRACIÓN DE RECURSOS HUMANOS | H86: =VLOOKUP(Tabla6[[#This Row],[DIRECCIÓN]],DIRECCIÓN[#All],2,0) -> ADMINISTRACIÓN CENTRAL | I86: CONTRATACIÓN DEL SERVICIO DE CORREO NACIONAL PERÍODO ENERO A DICIEMBRE 2023 | J86: 1 | K86: =VLOOKUP(Tabla6[[#This Row],[DIRECCIÓN GENERAL / COORDINACIÓN / SUBDIRECCIÓN]],Tabla37[[#All],[Columna1]:[EOD]],2,0) -> 266_0001 | L86: =VLOOKUP(Tabla6[[#This Row],[OBJETIVOS PND]],Listas!$A$1:$C$3,3,0) -> 1 | M86: =VLOOKUP(Tabla6[[#This Row],[PG]],Listas2!$G$14:$K$16,5,0) -> 0 | N86: 1 | O86: 801 | P86: =VLOOKUP(Tabla6[[#This Row],[GEO]],Listas!$A$48:$B$77,2,0) -> ESMERALDAS | Q86: =VLOOKUP(Tabla6[[#This Row],[PG]],Listas2!$G$14:$K$16,3,0) -> 1 | R86: =VLOOKUP(Tabla6[[#This Row],[PG]],Listas2!H91:'Listas2'!$G$14:$K$16,4,0) -> 0 | S86: =VLOOKUP(Tabla6[[#This Row],[PG]],Listas2!$G$14:$K$16,2,0) -> 0 | T86: CORRIENTE | U86: 53 | V86: 530106 | W86: =VLOOKUP(Tabla6[[#This Row],[ÍTEM PRESUPUESTARIO]],Tabla2[#All],2,0) -> SERVICIO DE CORREO | X86: 495 | Y86: =495-145-96.3 -> 253.7 | Z86: 0 | AA86: 0 | AB86: 35 | AC86: 35 | AD86: 35 | AE86: 35 | AF86: 35 | AG86: 35 | AH86: 35 | AI86: 0 | AJ86: 8.7 | AK86: 0 | AL86: =+SUBTOTAL(9,Tabla6[[#This Row],[ENE]:[DIC]]) -> 253.7 | AM86: =IF(AL86=Y86,"OK",Y86-AL86) -> OK | AN86: 253.7 | AO86: =+Tabla6[[#This Row],[PRESUPUESTO VIGENTE]]-Tabla6[[#This Row],[CERTIFICACIÓN PAPP]] -> 0 | AP86: 0
A87: OBJETIVO 14: FORTALECER LAS CAPACIDADES DEL ESTADO CON ÉNFASIS EN LA ADMINISTRACIÓN DE JUSTICIA Y EFICIENCIA EN LOS PROCESOS DE REGULACIÓN Y CONTROL CON INDEPENDENCIA Y AUTONOMÍA. | B87: =VLOOKUP(Tabla6[[#This Row],[OBJETIVOS PND]],Listas!$A$1:$B$3,2,0) -> 14.2 POTENCIAR LAS CAPACIDADES DE LOS DISTINTOS NIVELES DE GOBIERNO PARA EL CUMPLIMIENTO DE LOS OBJETIVOS NACIONALES Y LA PRESTACIÓN DE SERVICIOS CON CALIDAD | C87: OE 4 FORTALECER LAS CAPACIDADES INSTITUCIONALES (PARA LA MEJORA CONTINUA DEL SERVICIO) | D87: INCREMENTAR LA EFICIENCIA Y EFICACIA DE LA COORDINACIÓN PARA LA ATENCIÓN DE EMERGENCIAS MEDIANTE EL FORTALECIMIENTO DE LA COOPERACIÓN INTERINSTITUCIONAL, POTENCIACIÓN DE LAS FUNCIONALIDADES DE LA INFRAESTRUCTURA TECNOLÓGICA, CAPACITACIÓN PERMANENTE DEL PERSONAL Y EL MEJORAMIENTO CONTINUO DE LOS ESTÁNDARES DE CALIDAD EN SUS SERVICIOS, PROCESOS, CLIMA LABORAL Y POSICIONAMIENTO INSTITUCIONAL. | E87: COORDINACIÓN_ZONAL | F87: COORDINACIÓN_ZONAL_1 | G87: GESTIÓN LOCAL ADMINISTRATIVA FINANCIERA Y DE ADMINISTRACIÓN DE RECURSOS HUMANOS | H87: =VLOOKUP(Tabla6[[#This Row],[DIRECCIÓN]],DIRECCIÓN[#All],2,0) -> ADMINISTRACIÓN CENTRAL | I87: ARRASTRE: CANCELACIÓN POR EL SERVICIO DE TRANSPORTE PERSONAL OPERATIVO DICIEMBRE DEL 2022 | J87: 1 | K87: =VLOOKUP(Tabla6[[#This Row],[DIRECCIÓN GENERAL / COORDINACIÓN / SUBDIRECCIÓN]],Tabla37[[#All],[Columna1]:[EOD]],2,0) -> 266_0001 | L87: =VLOOKUP(Tabla6[[#This Row],[OBJETIVOS PND]],Listas!$A$1:$C$3,3,0) -> 1 | M87: =VLOOKUP(Tabla6[[#This Row],[PG]],Listas2!$G$14:$K$16,5,0) -> 0 | N87: 1 | O87: 801 | P87: =VLOOKUP(Tabla6[[#This Row],[GEO]],Listas!$A$48:$B$77,2,0) -> ESMERALDAS | Q87: =VLOOKUP(Tabla6[[#This Row],[PG]],Listas2!$G$14:$K$16,3,0) -> 1 | R87: =VLOOKUP(Tabla6[[#This Row],[PG]],Listas2!H92:'Listas2'!$G$14:$K$16,4,0) -> 0 | S87: =VLOOKUP(Tabla6[[#This Row],[PG]],Listas2!$G$14:$K$16,2,0) -> 0 | T87: CORRIENTE | U87: 53 | V87: 530201 | W87: =VLOOKUP(Tabla6[[#This Row],[ÍTEM PRESUPUESTARIO]],Tabla2[#All],2,0) -> TRANSPORTE DE PERSONAL | X87: 4267 | Y87: =4267-0.5 -> 4266.5 | Z87: 4266.5 | AA87: 0 | AB87: 0 | AC87: 0 | AD87: 0 | AE87: 0 | AF87: 0 | AG87: 0 | AH87: 0 | AI87: 0 | AJ87: 0 | AK87: 0 | AL87: =+SUBTOTAL(9,Tabla6[[#This Row],[ENE]:[DIC]]) -> 4266.5 | AM87: =IF(AL87=Y87,"OK",Y87-AL87) -> OK | AN87: 4266.5 | AO87: =+Tabla6[[#This Row],[PRESUPUESTO VIGENTE]]-Tabla6[[#This Row],[CERTIFICACIÓN PAPP]] -> 0 | AP87: 0
A88: OBJETIVO 14: FORTALECER LAS CAPACIDADES DEL ESTADO CON ÉNFASIS EN LA ADMINISTRACIÓN DE JUSTICIA Y EFICIENCIA EN LOS PROCESOS DE REGULACIÓN Y CONTROL CON INDEPENDENCIA Y AUTONOMÍA. | B88: =VLOOKUP(Tabla6[[#This Row],[OBJETIVOS PND]],Listas!$A$1:$B$3,2,0) -> 14.2 POTENCIAR LAS CAPACIDADES DE LOS DISTINTOS NIVELES DE GOBIERNO PARA EL CUMPLIMIENTO DE LOS OBJETIVOS NACIONALES Y LA PRESTACIÓN DE SERVICIOS CON CALIDAD | C88: OE 4 FORTALECER LAS CAPACIDADES INSTITUCIONALES (PARA LA MEJORA CONTINUA DEL SERVICIO) | D88: INCREMENTAR LA EFICIENCIA Y EFICACIA DE LA COORDINACIÓN PARA LA ATENCIÓN DE EMERGENCIAS MEDIANTE EL FORTALECIMIENTO DE LA COOPERACIÓN INTERINSTITUCIONAL, POTENCIACIÓN DE LAS FUNCIONALIDADES DE LA INFRAESTRUCTURA TECNOLÓGICA, CAPACITACIÓN PERMANENTE DEL PERSONAL Y EL MEJORAMIENTO CONTINUO DE LOS ESTÁNDARES DE CALIDAD EN SUS SERVICIOS, PROCESOS, CLIMA LABORAL Y POSICIONAMIENTO INSTITUCIONAL. | E88: COORDINACIÓN_ZONAL | F88: COORDINACIÓN_ZONAL_1 | G88: GESTIÓN LOCAL ADMINISTRATIVA FINANCIERA Y DE ADMINISTRACIÓN DE RECURSOS HUMANOS | H88: =VLOOKUP(Tabla6[[#This Row],[DIRECCIÓN]],DIRECCIÓN[#All],2,0) -> ADMINISTRACIÓN CENTRAL | I88: CONTRATACIÓN DEL SERVICIO DE TRANSPORTE PARA SERVIDORES DEL ÁREA OPERATIVA DEL CENTRO OPERATIVO LOCAL ECU 911 ESMERALDAS PARA ENERO-DICIEMBRE 2023, SE PAGA A MES VENCIDO | J88: 1 | K88: =VLOOKUP(Tabla6[[#This Row],[DIRECCIÓN GENERAL / COORDINACIÓN / SUBDIRECCIÓN]],Tabla37[[#All],[Columna1]:[EOD]],2,0) -> 266_0001 | L88: =VLOOKUP(Tabla6[[#This Row],[OBJETIVOS PND]],Listas!$A$1:$C$3,3,0) -> 1 | M88: =VLOOKUP(Tabla6[[#This Row],[PG]],Listas2!$G$14:$K$16,5,0) -> 0 | N88: 1 | O88: 801 | P88: =VLOOKUP(Tabla6[[#This Row],[GEO]],Listas!$A$48:$B$77,2,0) -> ESMERALDAS | Q88: =VLOOKUP(Tabla6[[#This Row],[PG]],Listas2!$G$14:$K$16,3,0) -> 1 | R88: =VLOOKUP(Tabla6[[#This Row],[PG]],Listas2!H93:'Listas2'!$G$14:$K$16,4,0) -> 0 | S88: =VLOOKUP(Tabla6[[#This Row],[PG]],Listas2!$G$14:$K$16,2,0) -> 0 | T88: CORRIENTE | U88: 53 | V88: 530201 | W88: =VLOOKUP(Tabla6[[#This Row],[ÍTEM PRESUPUESTARIO]],Tabla2[#All],2,0) -> TRANSPORTE DE PERSONAL | X88: 56400 | Y88: =56400-11400-3749.99 -> 41250.01 | Z88: 0 | AA88: 3750 | AB88: 3750 | AC88: 3750 | AD88: 3750 | AE88: 3750 | AF88: 3750 | AG88: 3750 | AH88: 3750 | AI88: 3750 | AJ88: 3750 | AK88: 3750.01 | AL88: =+SUBTOTAL(9,Tabla6[[#This Row],[ENE]:[DIC]]) -> 41250.01 | AM88: =IF(AL88=Y88,"OK",Y88-AL88) -> OK | AN88: 41250.01 | AO88: =+Tabla6[[#This Row],[PRESUPUESTO VIGENTE]]-Tabla6[[#This Row],[CERTIFICACIÓN PAPP]] -> 0 | AP88: 0
